Workbook
Name _ftn1: App_EGfields!$A$25
Name _ftnref1: App_EGfields!#REF!

Sheet Intro
A1: EUROGRADUATE 2022 codebook version 6 (15.05.2025)
A3: Content | B3: Sheet
A4: Survey variables
A5: Education history | B5: A_Education
A6: Transition, work and work history | B6: B_Work
A7: Competencies | B7: C_Competencies
A8: Mobility | B8: D_Mobility
A9: Personal and social background | B9: E_Personal
A10: EU Module | B10: F_EUModule
A11: Final questions | B11: G_Finalquestions
A12: Calculated variables Variables calculated for analysis, reporting, and indicator building during central data harmonization | B12: H_CalculatedVariables
A13: Appendix lists for standardized response lists
A14: EG custom study fields | B14: App_EGfields
A15: ISCED-F-2013 study fields on 3- and 4-digit level | B15: App_ISCED-F-2013
A16: NUTS3 codes | B16: App_NUTS3
A17: Languages | B17: App_languages
A18: Countries | B18: App_countries
A19: Currencies | B19: App_currencies
A20: ISCO-08 occupations on 1-,2- and 3-digit level | B20: App_occupations
A21: NACE business sectors on 1- and 2-digit level | B21: App_businesssectors
A22: Missing codings | B22: Missing_codings

Sheet A_Education
A1: Module | B1: Filter conditions | C1: Target group (verbal) | D1: Variable name | E1: Item Block | F1: Variable Label | G1: Question text | H1: Values format | I1: Data set value | J1: Value labels (answer categories) | K1: Question type | L1: Variable scale | M1: Remarks | N1: Anonymization note
D2: A1 | F2: Course of study | M2: Questionnaire heading
D3: A1_1 | F3: Course of study (instruction) | G3: To start with, please tell us more about the study programme you graduated from in yyyy/yyyy. If you graduated that year from more than one programme, please provide the information for the study programme that you yourself consider the most relevant. | M3: Instruction for a1.1
A4: A | D4: a1_1a1yr | F4: Year of reference programme start | G4: When did you start your study programme? [YEAR] | H4: Numeric | I4: 1 | J4: before 2000 | K4: Drop down menu | L4: categorical | N4: =IF(D4="",N3,IF(AND(D4<>"",ISERROR(MATCH(D4,Var_view!$A$1:$A$646,0))),"Aggregated or removed for anonymization","")) -> Aggregated or removed for anonymization
I5: 2000 | J5: 2000 | N5: =IF(D5="",N4,IF(AND(D5<>"",ISERROR(MATCH(D5,Var_view!$A$1:$A$646,0))),"Aggregated or removed for anonymization","")) -> Aggregated or removed for anonymization
I6: 2001 | J6: 2001 | N6: =IF(D6="",N5,IF(AND(D6<>"",ISERROR(MATCH(D6,Var_view!$A$1:$A$646,0))),"Aggregated or removed for anonymization","")) -> Aggregated or removed for anonymization
I7: 2002 | J7: 2002 | N7: =IF(D7="",N6,IF(AND(D7<>"",ISERROR(MATCH(D7,Var_view!$A$1:$A$646,0))),"Aggregated or removed for anonymization","")) -> Aggregated or removed for anonymization
I8: 2003 | J8: 2003 | N8: =IF(D8="",N7,IF(AND(D8<>"",ISERROR(MATCH(D8,Var_view!$A$1:$A$646,0))),"Aggregated or removed for anonymization","")) -> Aggregated or removed for anonymization
I9: 2004 | J9: 2004 | N9: =IF(D9="",N8,IF(AND(D9<>"",ISERROR(MATCH(D9,Var_view!$A$1:$A$646,0))),"Aggregated or removed for anonymization","")) -> Aggregated or removed for anonymization
I10: 2005 | J10: 2005 | N10: =IF(D10="",N9,IF(AND(D10<>"",ISERROR(MATCH(D10,Var_view!$A$1:$A$646,0))),"Aggregated or removed for anonymization","")) -> Aggregated or removed for anonymization
I11: 2006 | J11: 2006 | N11: =IF(D11="",N10,IF(AND(D11<>"",ISERROR(MATCH(D11,Var_view!$A$1:$A$646,0))),"Aggregated or removed for anonymization","")) -> Aggregated or removed for anonymization
I12: 2007 | J12: 2007 | N12: =IF(D12="",N11,IF(AND(D12<>"",ISERROR(MATCH(D12,Var_view!$A$1:$A$646,0))),"Aggregated or removed for anonymization","")) -> Aggregated or removed for anonymization
I13: 2008 | J13: 2008 | N13: =IF(D13="",N12,IF(AND(D13<>"",ISERROR(MATCH(D13,Var_view!$A$1:$A$646,0))),"Aggregated or removed for anonymization","")) -> Aggregated or removed for anonymization
I14: 2009 | J14: 2009 | N14: =IF(D14="",N13,IF(AND(D14<>"",ISERROR(MATCH(D14,Var_view!$A$1:$A$646,0))),"Aggregated or removed for anonymization","")) -> Aggregated or removed for anonymization
I15: 2010 | J15: 2010 | N15: =IF(D15="",N14,IF(AND(D15<>"",ISERROR(MATCH(D15,Var_view!$A$1:$A$646,0))),"Aggregated or removed for anonymization","")) -> Aggregated or removed for anonymization
I16: 2011 | J16: 2011 | N16: =IF(D16="",N15,IF(AND(D16<>"",ISERROR(MATCH(D16,Var_view!$A$1:$A$646,0))),"Aggregated or removed for anonymization","")) -> Aggregated or removed for anonymization
... I26: 2021 | J26: 2021 | N26: =IF(D26="",N25,IF(AND(D26<>"",ISERROR(MATCH(D26,Var_view!$A$1:$A$646,0))),"Aggregated or removed for anonymization","")) -> Aggregated or removed for anonymization
A27: A | D27: a1_1a1mo | F27: Month of reference programme start | G27: When did you start your study programme? [MONTH] | H27: Numeric | I27: 1 | J27: January | K27: Drop down menu | L27: categorical | N27: =IF(D27="",N26,IF(AND(D27<>"",ISERROR(MATCH(D27,Var_view!$A$1:$A$646,0))),"Aggregated or removed for anonymization","")) -> Aggregated or removed for anonymization
I28: 2 | J28: Febuary | N28: =IF(D28="",N27,IF(AND(D28<>"",ISERROR(MATCH(D28,Var_view!$A$1:$A$646,0))),"Aggregated or removed for anonymization","")) -> Aggregated or removed for anonymization
I29: 3 | J29: March | N29: =IF(D29="",N28,IF(AND(D29<>"",ISERROR(MATCH(D29,Var_view!$A$1:$A$646,0))),"Aggregated or removed for anonymization","")) -> Aggregated or removed for anonymization
I30: 4 | J30: April | N30: =IF(D30="",N29,IF(AND(D30<>"",ISERROR(MATCH(D30,Var_view!$A$1:$A$646,0))),"Aggregated or removed for anonymization","")) -> Aggregated or removed for anonymization
I31: 5 | J31: May | N31: =IF(D31="",N30,IF(AND(D31<>"",ISERROR(MATCH(D31,Var_view!$A$1:$A$646,0))),"Aggregated or removed for anonymization","")) -> Aggregated or removed for anonymization
I32: 6 | J32: June | N32: =IF(D32="",N31,IF(AND(D32<>"",ISERROR(MATCH(D32,Var_view!$A$1:$A$646,0))),"Aggregated or removed for anonymization","")) -> Aggregated or removed for anonymization
I33: 7 | J33: July | N33: =IF(D33="",N32,IF(AND(D33<>"",ISERROR(MATCH(D33,Var_view!$A$1:$A$646,0))),"Aggregated or removed for anonymization","")) -> Aggregated or removed for anonymization
I34: 8 | J34: August | N34: =IF(D34="",N33,IF(AND(D34<>"",ISERROR(MATCH(D34,Var_view!$A$1:$A$646,0))),"Aggregated or removed for anonymization","")) -> Aggregated or removed for anonymization
I35: 9 | J35: September | N35: =IF(D35="",N34,IF(AND(D35<>"",ISERROR(MATCH(D35,Var_view!$A$1:$A$646,0))),"Aggregated or removed for anonymization","")) -> Aggregated or removed for anonymization
I36: 10 | J36: October | N36: =IF(D36="",N35,IF(AND(D36<>"",ISERROR(MATCH(D36,Var_view!$A$1:$A$646,0))),"Aggregated or removed for anonymization","")) -> Aggregated or removed for anonymization
I37: 11 | J37: November | N37: =IF(D37="",N36,IF(AND(D37<>"",ISERROR(MATCH(D37,Var_view!$A$1:$A$646,0))),"Aggregated or removed for anonymization","")) -> Aggregated or removed for anonymization
I38: 12 | J38: December | N38: =IF(D38="",N37,IF(AND(D38<>"",ISERROR(MATCH(D38,Var_view!$A$1:$A$646,0))),"Aggregated or removed for anonymization","")) -> Aggregated or removed for anonymization
A39: A | D39: a1_1a2yr | F39: Year of graduation (reference programme) | G39: When did you graduate from your study programme? [YEAR] Please refer to the date of your last successful examination. | H39: Numeric | I39: 1 | J39: before 2000 | K39: Drop down menu | L39: categorical | N39: =IF(D39="",N38,IF(AND(D39<>"",ISERROR(MATCH(D39,Var_view!$A$1:$A$646,0))),"Aggregated or removed for anonymization",""))
I40: 2000 | J40: 2000 | N40: =IF(D40="",N39,IF(AND(D40<>"",ISERROR(MATCH(D40,Var_view!$A$1:$A$646,0))),"Aggregated or removed for anonymization",""))
I41: 2001 | J41: 2001 | N41: =IF(D41="",N40,IF(AND(D41<>"",ISERROR(MATCH(D41,Var_view!$A$1:$A$646,0))),"Aggregated or removed for anonymization",""))
I42: 2002 | J42: 2002 | N42: =IF(D42="",N41,IF(AND(D42<>"",ISERROR(MATCH(D42,Var_view!$A$1:$A$646,0))),"Aggregated or removed for anonymization",""))
I43: 2003 | J43: 2003 | N43: =IF(D43="",N42,IF(AND(D43<>"",ISERROR(MATCH(D43,Var_view!$A$1:$A$646,0))),"Aggregated or removed for anonymization",""))
I44: 2004 | J44: 2004 | N44: =IF(D44="",N43,IF(AND(D44<>"",ISERROR(MATCH(D44,Var_view!$A$1:$A$646,0))),"Aggregated or removed for anonymization",""))
I45: 2005 | J45: 2005 | N45: =IF(D45="",N44,IF(AND(D45<>"",ISERROR(MATCH(D45,Var_view!$A$1:$A$646,0))),"Aggregated or removed for anonymization",""))
I46: 2006 | J46: 2006 | N46: =IF(D46="",N45,IF(AND(D46<>"",ISERROR(MATCH(D46,Var_view!$A$1:$A$646,0))),"Aggregated or removed for anonymization",""))
I47: 2007 | J47: 2007 | N47: =IF(D47="",N46,IF(AND(D47<>"",ISERROR(MATCH(D47,Var_view!$A$1:$A$646,0))),"Aggregated or removed for anonymization",""))
I48: 2008 | J48: 2008 | N48: =IF(D48="",N47,IF(AND(D48<>"",ISERROR(MATCH(D48,Var_view!$A$1:$A$646,0))),"Aggregated or removed for anonymization",""))
I49: 2009 | J49: 2009 | N49: =IF(D49="",N48,IF(AND(D49<>"",ISERROR(MATCH(D49,Var_view!$A$1:$A$646,0))),"Aggregated or removed for anonymization",""))
I50: 2010 | J50: 2010 | N50: =IF(D50="",N49,IF(AND(D50<>"",ISERROR(MATCH(D50,Var_view!$A$1:$A$646,0))),"Aggregated or removed for anonymization",""))
I51: 2011 | J51: 2011 | N51: =IF(D51="",N50,IF(AND(D51<>"",ISERROR(MATCH(D51,Var_view!$A$1:$A$646,0))),"Aggregated or removed for anonymization",""))
... I61: 2021 | J61: 2021 | N61: =IF(D61="",N60,IF(AND(D61<>"",ISERROR(MATCH(D61,Var_view!$A$1:$A$646,0))),"Aggregated or removed for anonymization",""))
A62: A | D62: a1_1a2mo | F62: Month of graduation (reference programme) | G62: When did you graduate from your study programme? [MONTH] Please refer to the date of your last successful examination. | H62: Numeric | I62: 1 | J62: January | K62: Drop down menu | L62: categorical | N62: =IF(D62="",N61,IF(AND(D62<>"",ISERROR(MATCH(D62,Var_view!$A$1:$A$646,0))),"Aggregated or removed for anonymization",""))
I63: 2 | J63: Febuary | N63: =IF(D63="",N62,IF(AND(D63<>"",ISERROR(MATCH(D63,Var_view!$A$1:$A$646,0))),"Aggregated or removed for anonymization",""))
I64: 3 | J64: March | N64: =IF(D64="",N63,IF(AND(D64<>"",ISERROR(MATCH(D64,Var_view!$A$1:$A$646,0))),"Aggregated or removed for anonymization",""))
I65: 4 | J65: April | N65: =IF(D65="",N64,IF(AND(D65<>"",ISERROR(MATCH(D65,Var_view!$A$1:$A$646,0))),"Aggregated or removed for anonymization",""))
I66: 5 | J66: May | N66: =IF(D66="",N65,IF(AND(D66<>"",ISERROR(MATCH(D66,Var_view!$A$1:$A$646,0))),"Aggregated or removed for anonymization",""))
I67: 6 | J67: June | N67: =IF(D67="",N66,IF(AND(D67<>"",ISERROR(MATCH(D67,Var_view!$A$1:$A$646,0))),"Aggregated or removed for anonymization",""))
I68: 7 | J68: July | N68: =IF(D68="",N67,IF(AND(D68<>"",ISERROR(MATCH(D68,Var_view!$A$1:$A$646,0))),"Aggregated or removed for anonymization",""))
I69: 8 | J69: August | N69: =IF(D69="",N68,IF(AND(D69<>"",ISERROR(MATCH(D69,Var_view!$A$1:$A$646,0))),"Aggregated or removed for anonymization",""))
I70: 9 | J70: September | N70: =IF(D70="",N69,IF(AND(D70<>"",ISERROR(MATCH(D70,Var_view!$A$1:$A$646,0))),"Aggregated or removed for anonymization",""))
I71: 10 | J71: October | N71: =IF(D71="",N70,IF(AND(D71<>"",ISERROR(MATCH(D71,Var_view!$A$1:$A$646,0))),"Aggregated or removed for anonymization",""))
I72: 11 | J72: November | N72: =IF(D72="",N71,IF(AND(D72<>"",ISERROR(MATCH(D72,Var_view!$A$1:$A$646,0))),"Aggregated or removed for anonymization",""))
I73: 12 | J73: December | N73: =IF(D73="",N72,IF(AND(D73<>"",ISERROR(MATCH(D73,Var_view!$A$1:$A$646,0))),"Aggregated or removed for anonymization",""))
A74: A | D74: a1_1a3 | F74: Degree level (reference degree) | G74: What type of qualification did you receive? | H74: Numeric | I74: 5 | J74: ISCED 5 (short-cycle higher education) | K74: Single-choice question | L74: categorical | N74: =IF(D74="",N73,IF(AND(D74<>"",ISERROR(MATCH(D74,Var_view!$A$1:$A$646,0))),"Aggregated or removed for anonymization",""))
I75: 6 | J75: ISCED 6 (Bachelor's or equivalent) | N75: =IF(D75="",N74,IF(AND(D75<>"",ISERROR(MATCH(D75,Var_view!$A$1:$A$646,0))),"Aggregated or removed for anonymization",""))
I76: 7 | J76: ISCED 7 (Master's or equivalent) | N76: =IF(D76="",N75,IF(AND(D76<>"",ISERROR(MATCH(D76,Var_view!$A$1:$A$646,0))),"Aggregated or removed for anonymization",""))
A77: A | D77: a1_1a4 | F77: Study field (reference degree) | G77: What was your main field of study? | H77: Numeric | I77: [App_EGfields] | J77: [App_EGfields] | K77: Drop down menu or open field with autocomplete function | L77: categorical | M77: Use the Eurograduate 2022 sutdy field categorisation for this variable. See the list of EG study fields in the separate sheet "App_EGfields". | N77: =IF(D77="",N76,IF(AND(D77<>"",ISERROR(MATCH(D77,Var_view!$A$1:$A$646,0))),"Aggregated or removed for anonymization","")) -> Aggregated or removed for anonymization
A78: A | D78: a1_1a4_3dgt | F78: Study field ISCED 3-digit (reference degree) | G78: What was your main field of study? | H78: String, 3-character | I78: [App_ISCED-F2013] | J78: [App_ISCED-F2013] | K78: Derived from name of reference programme (or other detailed reference programme information) | L78: categorical | M78: In case you have collected the name of the study programme (or other more detailed information on the study programme), please create this additional variable and derive ISCED-F-2013 narrow fields of study (3-digits). See the list of ISCED-F-2013 study fields in the separate sheet "App_ISCED-F-2013" for ISCED-F-2013 study fields on 2-digit, 3-digit, and 4-digit level. | N78: =IF(D78="",N77,IF(AND(D78<>"",ISERROR(MATCH(D78,Var_view!$A$1:$A$646,0))),"Aggregated or removed for anonymization","")) -> Aggregated or removed for anonymization
A79: A | D79: a1_1a4_4dgt | F79: Study field ISCED 4-digit (reference degree) | G79: What was your main field of study? | H79: String, 4-character | I79: [App_ISCED-F2013] | J79: [App_ISCED-F2013] | K79: Derived from name of reference programme (or other detailed reference programme information) | L79: categorical | M79: In case you have collected the name of the study programme (or other more detailed information on the study programme), please create this additional variable and derive ISCED-F-2013 detailed fields of study (4-digits). See the list of ISCED-F-2013 study fields in the separate sheet "App_ISCED-F-2013" for ISCED-F-2013 study fields on 2-digit, 3-digit, and 4-digit level. | N79: =IF(D79="",N78,IF(AND(D79<>"",ISERROR(MATCH(D79,Var_view!$A$1:$A$646,0))),"Aggregated or removed for anonymization","")) -> Aggregated or removed for anonymization
A80: A | D80: a1_1a5 | F80: HEI name (reference degree) | G80: What was the name of the higher education institution? | H80: String | I80: [HEI_IDs] | J80: [HEI names] | K80: Drop down menu or open field with autocomplete function | L80: categorical | M80: Country-specific values; Each HEI should be given a unique ID. HEIs will be strictly anonymised in the international dataset. | N80: =IF(D80="",N79,IF(AND(D80<>"",ISERROR(MATCH(N79D80,Var_view!$A$1:$A$646,0))),"Aggregated or removed for anonymization","")) -> Aggregated or removed for anonymization
A81: A | B81: NOT(a1.1a5 = ' ') | C81: Respondents reporting a HEI name in a1.1a5 | D81: a1_1a5type | F81: HEI type | G81: What was the name of the higher education institution? | H81: Numeric | I81: 1 | J81: Public university | K81: Derived from HEI name | L81: categorical | M81: Create a list of all higher education institutions in your country and code them into one of the four categories (pulbic univ., public non-univ., private univ. private non-univ.). | N81: =IF(D81="",N80,IF(AND(D81<>"",ISERROR(MATCH(D81,Var_view!$A$1:$A$646,0))),"Aggregated or removed for anonymization",""))
I82: 2 | J82: Public non-university | N82: =IF(D82="",N81,IF(AND(D82<>"",ISERROR(MATCH(D82,Var_view!$A$1:$A$646,0))),"Aggregated or removed for anonymization",""))
I83: 3 | J83: Private university | N83: =IF(D83="",N82,IF(AND(D83<>"",ISERROR(MATCH(D83,Var_view!$A$1:$A$646,0))),"Aggregated or removed for anonymization",""))
I84: 4 | J84: Private non-university | N84: =IF(D84="",N83,IF(AND(D84<>"",ISERROR(MATCH(D84,Var_view!$A$1:$A$646,0))),"Aggregated or removed for anonymization",""))
A85: A | D85: a1_1a6 | F85: HEI location | G85: Where was this higher education institution located? in […] (please enter the postal code here). | H85: String; Country code + NUTS level 3 | I85: [App_NUTS3] | J85: [App_NUTS3] | K85: Open field (or derived from HEI) | L85: categorical | M85: Country-specific values; Please provide your data on NUTS level 3 (including country code). | N85: =IF(D85="",N84,IF(AND(D85<>"",ISERROR(MATCH(D85,Var_view!$A$1:$A$646,0))),"Aggregated or removed for anonymization","")) -> Aggregated or removed for anonymization
A86: A | D86: a1_1a7 | F86: Formal enrolment status (fulltime/parttime) | G86: What was your formal enrolment status at the time of graduation? | H86: Numeric | I86: 0 | J86: fulltime student | K86: Single-choice question | L86: categorical (dichotomous) | N86: =IF(D86="",N85,IF(AND(D86<>"",ISERROR(MATCH(D86,Var_view!$A$1:$A$646,0))),"Aggregated or removed for anonymization",""))
I87: 1 | J87: parttime student | N87: =IF(D87="",N86,IF(AND(D87<>"",ISERROR(MATCH(D87,Var_view!$A$1:$A$646,0))),"Aggregated or removed for anonymization",""))
A88: A | D88: a1_2 | F88: Final grade (average) | G88: What was your average final grade? | H88: Numeric | K88: Single-choice or open field | L88: metric | M88: Country-specific values; Round to max. 1 decimal | N88: =IF(D88="",N87,IF(AND(D88<>"",ISERROR(MATCH(D88,Var_view!$A$1:$A$646,0))),"Aggregated or removed for anonymization",""))
A89: A | D89: a1_2_1a | F89: Main language of instruction (reference programme) | G89: What was the main language of instruction in your study programme? | H89: String, 3-character | I89: [App_languages] | J89: [App_languages] | K89: Drop down menu or open field with autocomplete function | L89: categorical | M89: See the list of languages in the separate sheet "App_languages". | N89: =IF(D89="",N88,IF(AND(D89<>"",ISERROR(MATCH(D89,Var_view!$A$1:$A$646,0))),"Aggregated or removed for anonymization","")) -> Aggregated or removed for anonymization
A90: A | D90: a1_2_1b | F90: Other instruction languages (reference programme) | G90: Did you also follow courses in a different language than the main language of instruction as part of your study programme? | H90: Numeric | I90: 1 | J90: yes, namely in the following languages (multiple answers possible) | K90: Single-choice question | L90: categorical (dichotomous) | N90: =IF(D90="",N89,IF(AND(D90<>"",ISERROR(MATCH(D90,Var_view!$A$1:$A$646,0))),"Aggregated or removed for anonymization",""))
I91: 0 | J91: no | N91: =IF(D91="",N90,IF(AND(D91<>"",ISERROR(MATCH(D91,Var_view!$A$1:$A$646,0))),"Aggregated or removed for anonymization",""))
A92: A | B92: a1.2.1b = 1 | C92: Respondents who have reported to have followed courses in a different language than the main language of instruction as part of their study programme | D92: a1_2_1b1 | F92: 1st additional language of instruction | G92: namely in the following languages (multiple answers possible) | H92: String, 3-character | I92: [App_languages] | J92: [App_languages] | K92: Drop down menu or open field with autocomplete function | L92: categorical | M92: Drop down menu specifying a1.2.1b if a1.2.1b = 1. See the list of languages in the separate sheet "App_languages". | N92: =IF(D92="",N91,IF(AND(D92<>"",ISERROR(MATCH(D92,Var_view!$A$1:$A$646,0))),"Aggregated or removed for anonymization","")) -> Aggregated or removed for anonymization
A93: A | B93: a1.2.1b = 1 | C93: Respondents who have reported to have followed courses in a different language than the main language of instruction as part of their study programme | D93: a1_2_1b2 | F93: 2nd additional language of instruction | G93: namely in the following languages (multiple answers possible) | H93: String, 3-character | I93: [App_languages] | J93: [App_languages] | K93: Drop down menu or open field with autocomplete function | L93: categorical | M93: Drop down menu specifying a1.2.1b if a1.2.1b = 1. See the list of languages in the separate sheet "App_languages". | N93: =IF(D93="",N92,IF(AND(D93<>"",ISERROR(MATCH(D93,Var_view!$A$1:$A$646,0))),"Aggregated or removed for anonymization","")) -> Aggregated or removed for anonymization
A94: A | B94: a1.2.1b = 1 | C94: Respondents who have reported to have followed courses in a different language than the main language of instruction as part of their study programme | D94: a1_2_1b3 | F94: 3rd additional language of instruction | G94: namely in the following languages (multiple answers possible) | H94: String, 3-character | I94: [App_languages] | J94: [App_languages] | K94: Drop down menu or open field with autocomplete function | L94: categorical | M94: Drop down menu specifying a1.2.1b if a1.2.1b = 1. See the list of languages in the separate sheet "App_languages". | N94: =IF(D94="",N93,IF(AND(D94<>"",ISERROR(MATCH(D94,Var_view!$A$1:$A$646,0))),"Aggregated or removed for anonymization","")) -> Aggregated or removed for anonymization
A95: A | B95: a1.2.1b = 1 | C95: Respondents who have reported to have followed courses in a different language than the main language of instruction as part of their study programme | D95: a1_2_1b4 | F95: 4th additional language of instruction | G95: namely in the following languages (multiple answers possible) | H95: String, 3-character | I95: [App_languages] | J95: [App_languages] | K95: Drop down menu or open field with autocomplete function | L95: categorical | M95: Drop down menu specifying a1.2.1b if a1.2.1b = 1. See the list of languages in the separate sheet "App_languages". | N95: =IF(D95="",N94,IF(AND(D95<>"",ISERROR(MATCH(D95,Var_view!$A$1:$A$646,0))),"Aggregated or removed for anonymization","")) -> Aggregated or removed for anonymization
A96: B | D96: A1_3 | F96: Teaching and learning modes (instruction) | G96: To what extent were the following modes of teaching and learning part of your study programme? Please refer to your overall study programme, even though modes of teaching and learning may have changed during the course of the programme. For your answer, it does not matter whether activities were conducted online, on-site, or both. | M96: Instruction for a1.3 | N96: =IF(D96="",N95,IF(AND(D96<>"",ISERROR(MATCH(D96,Var_view!$A$1:$A$646,0))),"Aggregated or removed for anonymization","")) -> Aggregated or removed for anonymization
A97: B | D97: a1_3a | E97: a1_3 | F97: ="Teachning and learning modes: "&G97&" (part of reference study programme)" -> Teachning and learning modes: Lectures (part of reference study programme) | G97: Lectures | H97: Numeric | I97: 1 | J97: to a very high extent | K97: 5-point-Likert-Scale | L97: ordinal | N97: =IF(D97="",N96,IF(AND(D97<>"",ISERROR(MATCH(D97,Var_view!$A$1:$A$646,0))),"Aggregated or removed for anonymization",""))
I98: 2 | N98: =IF(D98="",N97,IF(AND(D98<>"",ISERROR(MATCH(D98,Var_view!$A$1:$A$646,0))),"Aggregated or removed for anonymization",""))
I99: 3 | N99: =IF(D99="",N98,IF(AND(D99<>"",ISERROR(MATCH(D99,Var_view!$A$1:$A$646,0))),"Aggregated or removed for anonymization",""))
I100: 4 | N100: =IF(D100="",N99,IF(AND(D100<>"",ISERROR(MATCH(D100,Var_view!$A$1:$A$646,0))),"Aggregated or removed for anonymization",""))
I101: 5 | J101: not at all | N101: =IF(D101="",N100,IF(AND(D101<>"",ISERROR(MATCH(D101,Var_view!$A$1:$A$646,0))),"Aggregated or removed for anonymization",""))
A102: B | D102: a1_3b | E102: a1_3 | F102: ="Teachning and learning modes: "&G102&" (part of reference study programme)" -> Teachning and learning modes: Group assignments (part of reference study programme) | G102: Group assignments | H102: Numeric | I102: 1 | J102: to a very high extent | K102: 5-point-Likert-Scale | L102: ordinal | N102: =IF(D102="",N101,IF(AND(D102<>"",ISERROR(MATCH(D102,Var_view!$A$1:$A$646,0))),"Aggregated or removed for anonymization",""))
I103: 2 | N103: =IF(D103="",N102,IF(AND(D103<>"",ISERROR(MATCH(D103,Var_view!$A$1:$A$646,0))),"Aggregated or removed for anonymization",""))
I104: 3 | N104: =IF(D104="",N103,IF(AND(D104<>"",ISERROR(MATCH(D104,Var_view!$A$1:$A$646,0))),"Aggregated or removed for anonymization",""))
I105: 4 | N105: =IF(D105="",N104,IF(AND(D105<>"",ISERROR(MATCH(D105,Var_view!$A$1:$A$646,0))),"Aggregated or removed for anonymization",""))
I106: 5 | J106: not at all | N106: =IF(D106="",N105,IF(AND(D106<>"",ISERROR(MATCH(D106,Var_view!$A$1:$A$646,0))),"Aggregated or removed for anonymization",""))
A107: B | D107: a1_3c | E107: a1_3 | F107: ="Teachning and learning modes: "&G107&" (part of reference study programme)" -> Teachning and learning modes: Participation in research projects (part of reference study programme) | G107: Participation in research projects | H107: Numeric | I107: 1 | J107: to a very high extent | K107: 5-point-Likert-Scale | L107: ordinal | N107: =IF(D107="",N106,IF(AND(D107<>"",ISERROR(MATCH(D107,Var_view!$A$1:$A$646,0))),"Aggregated or removed for anonymization",""))
I108: 2 | N108: =IF(D108="",N107,IF(AND(D108<>"",ISERROR(MATCH(D108,Var_view!$A$1:$A$646,0))),"Aggregated or removed for anonymization",""))
I109: 3 | N109: =IF(D109="",N108,IF(AND(D109<>"",ISERROR(MATCH(D109,Var_view!$A$1:$A$646,0))),"Aggregated or removed for anonymization",""))
I110: 4 | N110: =IF(D110="",N109,IF(AND(D110<>"",ISERROR(MATCH(D110,Var_view!$A$1:$A$646,0))),"Aggregated or removed for anonymization",""))
I111: 5 | J111: not at all | N111: =IF(D111="",N110,IF(AND(D111<>"",ISERROR(MATCH(D111,Var_view!$A$1:$A$646,0))),"Aggregated or removed for anonymization",""))
A112: B | D112: a1_3d | E112: a1_3 | F112: ="Teachning and learning modes: "&G112&" (part of reference study programme)" -> Teachning and learning modes: Internships, work placements (as formal part of your study programme) (part of reference study programme) | G112: Internships, work placements (as formal part of your study programme) | H112: Numeric | I112: 1 | J112: to a very high extent | K112: 5-point-Likert-Scale | L112: ordinal | N112: =IF(D112="",N111,IF(AND(D112<>"",ISERROR(MATCH(D112,Var_view!$A$1:$A$646,0))),"Aggregated or removed for anonymization",""))
I113: 2 | N113: =IF(D113="",N112,IF(AND(D113<>"",ISERROR(MATCH(D113,Var_view!$A$1:$A$646,0))),"Aggregated or removed for anonymization",""))
I114: 3 | N114: =IF(D114="",N113,IF(AND(D114<>"",ISERROR(MATCH(D114,Var_view!$A$1:$A$646,0))),"Aggregated or removed for anonymization",""))
I115: 4 | N115: =IF(D115="",N114,IF(AND(D115<>"",ISERROR(MATCH(D115,Var_view!$A$1:$A$646,0))),"Aggregated or removed for anonymization",""))
I116: 5 | J116: not at all | N116: =IF(D116="",N115,IF(AND(D116<>"",ISERROR(MATCH(D116,Var_view!$A$1:$A$646,0))),"Aggregated or removed for anonymization",""))
A117: B | D117: a1_3e | E117: a1_3 | F117: ="Teachning and learning modes: "&G117&" (part of reference study programme)" -> Teachning and learning modes: Project and/or problem-based learning (part of reference study programme) | G117: Project and/or problem-based learning | H117: Numeric | I117: 1 | J117: to a very high extent | K117: 5-point-Likert-Scale | L117: ordinal | N117: =IF(D117="",N116,IF(AND(D117<>"",ISERROR(MATCH(D117,Var_view!$A$1:$A$646,0))),"Aggregated or removed for anonymization",""))
I118: 2 | N118: =IF(D118="",N117,IF(AND(D118<>"",ISERROR(MATCH(D118,Var_view!$A$1:$A$646,0))),"Aggregated or removed for anonymization",""))
...

Sheet B_Work
A1: Module | B1: Filter conditions | C1: Target group (verbal) | D1: Variable name | E1: Item Block | F1: Variable Label | G1: Question text | H1: Values format | I1: Data set value | J1: Value labels (answer categories) | K1: Question type | L1: Variable scale | M1: Remarks | N1: Anonymization note
D2: B1 | F2: Current situation | M2: Questionnaire heading
A3: A | B3: (a3.7.1 ≠ 1 AND a3.7.2 ≠ 1) AND (a3.7.1 = -99 OR a3.7.9 = 1) | C3: Respondents who do not report being employed/self-employed and whose answer on a3.7 leaves their employment status unclear | D3: b1_0 | F3: Routing question if unclear whether currently working | G3: Are you currently in paid employment? Include self-employment | H3: Numeric | I3: 2 | J3: yes | K3: Single-choice question | L3: categorical (dichotomous) | N3: =IF(D3="",N2,IF(AND(D3<>"",ISERROR(MATCH(D3,Var_view!$A$1:$A$646,0))),"Aggregated or removed for anonymization",""))
I4: 1 | J4: no, but I do unpaid work in family busines | N4: =IF(D4="",N3,IF(AND(D4<>"",ISERROR(MATCH(D4,Var_view!$A$1:$A$646,0))),"Aggregated or removed for anonymization",""))
I5: 0 | J5: no | N5: =IF(D5="",N4,IF(AND(D5<>"",ISERROR(MATCH(D5,Var_view!$A$1:$A$646,0))),"Aggregated or removed for anonymization",""))
A6: A | B6: a3.7.5 = 1 AND (a3.7.1 = 1 OR a3.7.2 = 1) | C6: Respondents who reported to currently be on parental leave and employed/self-employed | D6: b1_0_1 (not included in EG dataset) | F6: Clarification question if on parental leave and employed/self-employed at the same time | G6: You reported to be on parental leave and to be employed or self-employed at the same time. Which of the following applies to your current situation? Please select all that apply. | H6: Numeric | I6: 1 | J6: I am on parental leave with an ongoing employment contract. | K6: Multiple-choice question | L6: categorical | M6: Since multiple response option can be selected in b1.0.1, separate binary variables have to be created for each response option. Hence, the base variable b1.0.1 will not be included in the dataset. | N6: =IF(D6="",N5,IF(AND(D6<>"",ISERROR(MATCH(D6,Var_view!$A$1:$A$646,0))),"Aggregated or removed for anonymization","")) -> Aggregated or removed for anonymization
I7: 2 | J7: I am on parental leave and work in parallel. | N7: =IF(D7="",N6,IF(AND(D7<>"",ISERROR(MATCH(D7,Var_view!$A$1:$A$646,0))),"Aggregated or removed for anonymization","")) -> Aggregated or removed for anonymization
I8: 3 | J8: none of the above, but […] | N8: =IF(D8="",N7,IF(AND(D8<>"",ISERROR(MATCH(D8,Var_view!$A$1:$A$646,0))),"Aggregated or removed for anonymization","")) -> Aggregated or removed for anonymization
A9: A | B9: a3.7.5 = 1 AND (a3.7.1 = 1 OR a3.7.2 = 1) | C9: Respondents who reported to currently be on parental leave and employed/self-employed | D9: b1_0_1_1 | F9: Parental leave and employed/self-employed: Partenal leave with ongoing employment contract | G9: You reported to be on parental leave and to be employed or self-employed at the same time. Which of the following applies to your current situation? I am on parental leave with an ongoing employment contract. | H9: Numeric | I9: 1 | J9: yes | K9: Multiple-choice question | L9: categorical (dichotomous) | M9: Since multiple response option can be selected in a3.7, separate binary variables have to be created for each response option. | N9: =IF(D9="",N8,IF(AND(D9<>"",ISERROR(MATCH(D9,Var_view!$A$1:$A$646,0))),"Aggregated or removed for anonymization",""))
I10: 0 | J10: no | N10: =IF(D10="",N9,IF(AND(D10<>"",ISERROR(MATCH(D10,Var_view!$A$1:$A$646,0))),"Aggregated or removed for anonymization",""))
A11: A | B11: a3.7.5 = 1 AND (a3.7.1 = 1 OR a3.7.2 = 1) | C11: Respondents who reported to currently be on parental leave and employed/self-employed | D11: b1_0_1_2 | F11: Parental leave and employed/self-employed: Partenal leave and work in parellel | G11: You reported to be on parental leave and to be employed or self-employed at the same time. Which of the following applies to your current situation? I am on parental leave and work in parallel. | H11: Numeric | I11: 1 | J11: yes | K11: Multiple-choice question | L11: categorical (dichotomous) | M11: Since multiple response option can be selected in a3.7, separate binary variables have to be created for each response option. | N11: =IF(D11="",N10,IF(AND(D11<>"",ISERROR(MATCH(D11,Var_view!$A$1:$A$646,0))),"Aggregated or removed for anonymization",""))
I12: 0 | J12: no | N12: =IF(D12="",N11,IF(AND(D12<>"",ISERROR(MATCH(D12,Var_view!$A$1:$A$646,0))),"Aggregated or removed for anonymization",""))
A13: A | B13: a3.7.5 = 1 AND (a3.7.1 = 1 OR a3.7.2 = 1) | C13: Respondents who reported to currently be on parental leave and employed/self-employed | D13: b1_0_1_3 | F13: Parental leave and employed/self-employed: Other | G13: You reported to be on parental leave and to be employed or self-employed at the same time. Which of the following applies to your current situation? none of the above, but […] | H13: Numeric | I13: 1 | J13: yes | K13: Multiple-choice question | L13: categorical (dichotomous) | M13: Since multiple response option can be selected in a3.7, separate binary variables have to be created for each response option. | N13: =IF(D13="",N12,IF(AND(D13<>"",ISERROR(MATCH(D13,Var_view!$A$1:$A$646,0))),"Aggregated or removed for anonymization",""))
I14: 0 | J14: no | N14: =IF(D14="",N13,IF(AND(D14<>"",ISERROR(MATCH(D14,Var_view!$A$1:$A$646,0))),"Aggregated or removed for anonymization",""))
A15: A | B15: b1.0.1.3 = 1 | C15: Respondents who reported to currently be on parental leave and employed/self-employed | D15: b1_0_1_3open (not included in EG dataset) | F15: Parental leave clarification (open field description) | G15: none of the above, but […] | H15: Open text | K15: Open text field | L15: categorical | M15: Open text field specifying b1.0.1 if b1.0.1 = 3. This variable requires manual recoding into the target variable(s) and will not be included in the EG dataset. | N15: =IF(D15="",N14,IF(AND(D15<>"",ISERROR(MATCH(D15,Var_view!$A$1:$A$646,0))),"Aggregated or removed for anonymization","")) -> Aggregated or removed for anonymization
A16: A | B16: a3.7.1 = 1 OR a3.7.2 = 1 OR b1.0 = 2 | C16: Respondents who reported to be employed/self-employed | D16: b1_1 | F16: More than one job | G16: Do you have more than one job? Include self-employment | H16: Numeric | I16: 1 | J16: yes, I have more than one job | K16: Single-choice question | L16: categorical (dichotomous) | N16: =IF(D16="",N15,IF(AND(D16<>"",ISERROR(MATCH(D16,Var_view!$A$1:$A$646,0))),"Aggregated or removed for anonymization",""))
I17: 0 | J17: no | N17: =IF(D17="",N16,IF(AND(D17<>"",ISERROR(MATCH(D17,Var_view!$A$1:$A$646,0))),"Aggregated or removed for anonymization",""))
A18: B | B18: a3.7.1 = 1 OR a3.7.2 = 1 OR b1.0 = 2 | C18: Respondents who reported to be employed/self-employed | D18: b1_2 | F18: Instruction before B1.2 | G18: - Please answer the following questions referring to your current employment or self-employment. - If you have more than one job or company, please refer to the job or company which you consider most important. | M18: Instruction for b1.2 | N18: =IF(D18="",N17,IF(AND(D18<>"",ISERROR(MATCH(D18,Var_view!$A$1:$A$646,0))),"Aggregated or removed for anonymization","")) -> Aggregated or removed for anonymization
A19: B | B19: a3.7.1 = 1 OR a3.7.2 = 1 OR b1.0 = 2 | C19: Respondents who reported to be employed/self-employed | D19: b1_2a_yr | F19: Start date of employment (year) | G19: When did you start working with your current employer / in self-employment? [YEAR] | H19: Numeric | I19: 1 | J19: before 1970 | K19: Drop down menu | L19: categorical | N19: =IF(D19="",N18,IF(AND(D19<>"",ISERROR(MATCH(D19,Var_view!$A$1:$A$646,0))),"Aggregated or removed for anonymization","")) -> Aggregated or removed for anonymization
I20: 1970 | J20: 1970 | N20: =IF(D20="",N19,IF(AND(D20<>"",ISERROR(MATCH(D20,Var_view!$A$1:$A$646,0))),"Aggregated or removed for anonymization","")) -> Aggregated or removed for anonymization
I21: 1971 | J21: 1971 | N21: =IF(D21="",N20,IF(AND(D21<>"",ISERROR(MATCH(D21,Var_view!$A$1:$A$646,0))),"Aggregated or removed for anonymization","")) -> Aggregated or removed for anonymization
I22: 1972 | J22: 1972 | N22: =IF(D22="",N21,IF(AND(D22<>"",ISERROR(MATCH(D22,Var_view!$A$1:$A$646,0))),"Aggregated or removed for anonymization","")) -> Aggregated or removed for anonymization
I23: 1973 | J23: 1973 | N23: =IF(D23="",N22,IF(AND(D23<>"",ISERROR(MATCH(D23,Var_view!$A$1:$A$646,0))),"Aggregated or removed for anonymization","")) -> Aggregated or removed for anonymization
I24: 1974 | J24: 1974 | N24: =IF(D24="",N23,IF(AND(D24<>"",ISERROR(MATCH(D24,Var_view!$A$1:$A$646,0))),"Aggregated or removed for anonymization","")) -> Aggregated or removed for anonymization
I25: 1975 | J25: 1975 | N25: =IF(D25="",N24,IF(AND(D25<>"",ISERROR(MATCH(D25,Var_view!$A$1:$A$646,0))),"Aggregated or removed for anonymization","")) -> Aggregated or removed for anonymization
I26: 1976 | J26: 1976 | N26: =IF(D26="",N25,IF(AND(D26<>"",ISERROR(MATCH(D26,Var_view!$A$1:$A$646,0))),"Aggregated or removed for anonymization","")) -> Aggregated or removed for anonymization
I27: 1977 | J27: 1977 | N27: =IF(D27="",N26,IF(AND(D27<>"",ISERROR(MATCH(D27,Var_view!$A$1:$A$646,0))),"Aggregated or removed for anonymization","")) -> Aggregated or removed for anonymization
I28: 1978 | J28: 1978 | N28: =IF(D28="",N27,IF(AND(D28<>"",ISERROR(MATCH(D28,Var_view!$A$1:$A$646,0))),"Aggregated or removed for anonymization","")) -> Aggregated or removed for anonymization
I29: 1979 | J29: 1979 | N29: =IF(D29="",N28,IF(AND(D29<>"",ISERROR(MATCH(D29,Var_view!$A$1:$A$646,0))),"Aggregated or removed for anonymization","")) -> Aggregated or removed for anonymization
I30: 1980 | J30: 1980 | N30: =IF(D30="",N29,IF(AND(D30<>"",ISERROR(MATCH(D30,Var_view!$A$1:$A$646,0))),"Aggregated or removed for anonymization","")) -> Aggregated or removed for anonymization
I31: 1981 | J31: 1981 | N31: =IF(D31="",N30,IF(AND(D31<>"",ISERROR(MATCH(D31,Var_view!$A$1:$A$646,0))),"Aggregated or removed for anonymization","")) -> Aggregated or removed for anonymization
... I72: 2022 | J72: 2022 | N72: =IF(D72="",N71,IF(AND(D72<>"",ISERROR(MATCH(D72,Var_view!$A$1:$A$646,0))),"Aggregated or removed for anonymization","")) -> Aggregated or removed for anonymization
A73: B | B73: a3.7.1 = 1 OR a3.7.2 = 1 OR b1.0 = 2 | C73: Respondents who reported to be employed/self-employed | D73: b1_2a_mo | F73: Start date of employment (month) | G73: When did you start working with your current employer / in self-employment? [MONTH] | H73: Numeric | I73: 1 | J73: January | K73: Drop down menu | L73: categorical | N73: =IF(D73="",N72,IF(AND(D73<>"",ISERROR(MATCH(D73,Var_view!$A$1:$A$646,0))),"Aggregated or removed for anonymization","")) -> Aggregated or removed for anonymization
I74: 2 | J74: Febuary | N74: =IF(D74="",N73,IF(AND(D74<>"",ISERROR(MATCH(D74,Var_view!$A$1:$A$646,0))),"Aggregated or removed for anonymization","")) -> Aggregated or removed for anonymization
I75: 3 | J75: March | N75: =IF(D75="",N74,IF(AND(D75<>"",ISERROR(MATCH(D75,Var_view!$A$1:$A$646,0))),"Aggregated or removed for anonymization","")) -> Aggregated or removed for anonymization
I76: 4 | J76: April | N76: =IF(D76="",N75,IF(AND(D76<>"",ISERROR(MATCH(D76,Var_view!$A$1:$A$646,0))),"Aggregated or removed for anonymization","")) -> Aggregated or removed for anonymization
I77: 5 | J77: May | N77: =IF(D77="",N76,IF(AND(D77<>"",ISERROR(MATCH(D77,Var_view!$A$1:$A$646,0))),"Aggregated or removed for anonymization","")) -> Aggregated or removed for anonymization
I78: 6 | J78: June | N78: =IF(D78="",N77,IF(AND(D78<>"",ISERROR(MATCH(D78,Var_view!$A$1:$A$646,0))),"Aggregated or removed for anonymization","")) -> Aggregated or removed for anonymization
I79: 7 | J79: July | N79: =IF(D79="",N78,IF(AND(D79<>"",ISERROR(MATCH(D79,Var_view!$A$1:$A$646,0))),"Aggregated or removed for anonymization","")) -> Aggregated or removed for anonymization
I80: 8 | J80: August | N80: =IF(D80="",N79,IF(AND(D80<>"",ISERROR(MATCH(D80,Var_view!$A$1:$A$646,0))),"Aggregated or removed for anonymization","")) -> Aggregated or removed for anonymization
I81: 9 | J81: September | N81: =IF(D81="",N80,IF(AND(D81<>"",ISERROR(MATCH(D81,Var_view!$A$1:$A$646,0))),"Aggregated or removed for anonymization","")) -> Aggregated or removed for anonymization
I82: 10 | J82: October | N82: =IF(D82="",N81,IF(AND(D82<>"",ISERROR(MATCH(D82,Var_view!$A$1:$A$646,0))),"Aggregated or removed for anonymization","")) -> Aggregated or removed for anonymization
I83: 11 | J83: November | N83: =IF(D83="",N82,IF(AND(D83<>"",ISERROR(MATCH(D83,Var_view!$A$1:$A$646,0))),"Aggregated or removed for anonymization","")) -> Aggregated or removed for anonymization
I84: 12 | J84: December | N84: =IF(D84="",N83,IF(AND(D84<>"",ISERROR(MATCH(D84,Var_view!$A$1:$A$646,0))),"Aggregated or removed for anonymization","")) -> Aggregated or removed for anonymization
A85: A | B85: a3.7.1 = 1 OR a3.7.2 = 1 OR b1.0 = 2 | C85: Respondents who reported to be employed/self-employed | D85: b1_2b | F85: Place of employment | G85: Where do you work? | H85: Numeric | I85: 1 | J85: in COUNTRY, more specifically in […] (please enter postal code here). | K85: Single-choice question | L85: categorical | N85: =IF(D85="",N84,IF(AND(D85<>"",ISERROR(MATCH(D85,Var_view!$A$1:$A$646,0))),"Aggregated or removed for anonymization",""))
I86: 2 | J86: abroad, namely in […] | N86: =IF(D86="",N85,IF(AND(D86<>"",ISERROR(MATCH(D86,Var_view!$A$1:$A$646,0))),"Aggregated or removed for anonymization",""))
A87: A | B87: b1.2b = 1 | C87: Respondents who reported to work in COUNTRY | D87: b1_2b_post | F87: Postal code of employment (if graduate works in COUNTRY) | G87: in COUNTRY, more specifically in […] (please enter postal code here). | H87: String; Country code + NUTS level 3 | I87: [App_NUTS3] | J87: [App_NUTS3] | K87: Open text field | L87: categorical | M87: Open text field specifying b1.2b if b1.2b = 1. Please provide your data on NUTS level 3 (including country code). | N87: =IF(D87="",N86,IF(AND(D87<>"",ISERROR(MATCH(D87,Var_view!$A$1:$A$646,0))),"Aggregated or removed for anonymization","")) -> Aggregated or removed for anonymization
A88: A | B88: b1.2b = 2 | C88: Respondents who reported to work abroad | D88: b1_2b_cntr | F88: Country of employment (if graduate works abroad) | G88: abroad, namely in […] | H88: String, 3-character | I88: [App_countries] | J88: [App_countries] | K88: Drop down menu or open field with autocomplete function | L88: categorical | M88: Drop down menu/autocomplete field specifying b1.2b if b1.2b = 2. See the list of countries in the separate sheet "App_countries". | N88: =IF(D88="",N87,IF(AND(D88<>"",ISERROR(MATCH(D88,Var_view!$A$1:$A$646,0))),"Aggregated or removed for anonymization","")) -> Aggregated or removed for anonymization
D89: B2 | F89: Current occupation | M89: Questionnaire heading | N89: =IF(D89="",N88,IF(AND(D89<>"",ISERROR(MATCH(D89,Var_view!$A$1:$A$646,0))),"Aggregated or removed for anonymization","")) -> Aggregated or removed for anonymization
A90: A | B90: a3.7.1 = 1 OR a3.7.2 = 1 OR b1.0 = 2 | C90: Respondents who reported to be employed/self-employed | D90: b2_1a | F90: Occupation (ISCO-08 2-digit) | G90: What is your occupation? If your occupation is not in the list, please select the one that comes closest. | H90: String | I90: [App_occupations] | J90: [App_occupations] | K90: Drop down menu or open field with autocomplete function | L90: categorical | M90: Fill this variable with 2-digit values of the ISCO-08 classification. See the list of occupations in the separate sheet "App_occupations" for ISCO-08 occupations on 1-digit, 2-digit, and 3-digit level. In case you have used another classification of occupations (e.g. Wageindicator), please translate your data to ISCO-08 2-digit values. | N90: =IF(D90="",N89,IF(AND(D90<>"",ISERROR(MATCH(D90,Var_view!$A$1:$A$646,0))),"Aggregated or removed for anonymization","")) -> Aggregated or removed for anonymization
A91: A | B91: a3.7.1 = 1 OR a3.7.2 = 1 OR b1.0 = 2 | C91: Respondents who reported to be employed/self-employed | D91: b2_1a_3dgt | F91: Occupation (ISCO-08 3-digit) | G91: What is your occupation? If your occupation is not in the list, please select the one that comes closest. | H91: String | I91: [App_occupations] | J91: [App_occupations] | K91: Drop down menu or open field with autocomplete function | L91: categorical | M91: In case you have collected occupation data on the ISCO-08 3-digit level, please create this additional variable for the 3-digit values. See the list of occupations in the separate sheet "App_occupations" for ISCO-08 occupations on 1-digit, 2-digit, and 3-digit level. In case you have used another classification of occupations (e.g. Wageindicator), please translate your data to ISCO-08 3-digit values. | N91: =IF(D91="",N90,IF(AND(D91<>"",ISERROR(MATCH(D91,Var_view!$A$1:$A$646,0))),"Aggregated or removed for anonymization","")) -> Aggregated or removed for anonymization
A92: B | B92: a3.7.1 = 1 OR a3.7.2 = 1 OR b1.0 = 2 | C92: Respondents who reported to be employed/self-employed | D92: b2_1b | F92: Supervisory tasks | G92: Do you directly or indirectly supervise other members of staff? | H92: Numeric | I92: 1 | J92: yes, I supervise […] staff members | K92: Single-choice question | L92: categorical (dichotomous) | N92: =IF(D92="",N91,IF(AND(D92<>"",ISERROR(MATCH(D92,Var_view!$A$1:$A$646,0))),"Aggregated or removed for anonymization",""))
I93: 0 | J93: no | N93: =IF(D93="",N92,IF(AND(D93<>"",ISERROR(MATCH(D93,Var_view!$A$1:$A$646,0))),"Aggregated or removed for anonymization",""))
A94: B | B94: b2.1b = 1 | C94: Respondents who reported to supervise staff members | D94: b2_1b_num | F94: Number of supervised staff members | G94: yes, I supervise […] staff members | H94: Numeric | K94: Open field (only numbers) | L94: metric | M94: Open numeric field specifying b2.1b if b2.1b = 1. | N94: =IF(D94="",N93,IF(AND(D94<>"",ISERROR(MATCH(D94,Var_view!$A$1:$A$646,0))),"Aggregated or removed for anonymization",""))
A95: A | B95: a3.7.1 = 1 OR a3.7.2 = 1 OR b1.0 = 2 | C95: Respondents who reported to be employed/self-employed | D95: b2_2 | F95: Business sector (NACE 1-digit) | G95: What is the main business activity of the organization where you work? If your organization engages in several business activities, please select the dominant one. | H95: Numeric | I95: [App_businesssectors] | J95: [App_businesssectors] | K95: Drop down menu or open field with autocomplete function | L95: categorical | M95: See the list of business sectors in the separate sheet "App_businesssectors" for NACE business sectors on 1-digit and 2-digit level. Note: Please use numerical values for the 1-digit business sector values. The alphabetical values (A, B, …) are provided in the value labels (if required for translation). | N95: =IF(D95="",N94,IF(AND(D95<>"",ISERROR(MATCH(D95,Var_view!$A$1:$A$646,0))),"Aggregated or removed for anonymization",""))
A96: A | B96: a3.7.1 = 1 OR a3.7.2 = 1 OR b1.0 = 2 | C96: Respondents who reported to be employed/self-employed | D96: b2_2_2dgt | F96: Business sector (NACE 2-digit) | G96: What is the main business activity of the organization where you work? If your organization engages in several business activities, please select the dominant one. | H96: Numeric | I96: [App_businesssectors] | J96: [App_businesssectors] | K96: Drop down menu or open field with autocomplete function | L96: categorical | M96: In case you have collected business sector data on the NACE 2-digit level, please create this additional variable for the 2-digit values. See the list of business sectors in the separate sheet "App_businesssectors" for NACE business sectors on 1-digit and 2-digit level. | N96: =IF(D96="",N95,IF(AND(D96<>"",ISERROR(MATCH(D96,Var_view!$A$1:$A$646,0))),"Aggregated or removed for anonymization","")) -> Aggregated or removed for anonymization
A97: A | B97: a3.7.1 = 1 OR a3.7.2 = 1 OR b1.0 = 2 | C97: Respondents who reported to be employed/self-employed | D97: b2_3 | F97: Self-employment | G97: Are you self-employed? | H97: Numeric | I97: 1 | J97: yes, self-employed with paid employees | K97: Single-choice question | L97: categorical | N97: =IF(D97="",N96,IF(AND(D97<>"",ISERROR(MATCH(D97,Var_view!$A$1:$A$646,0))),"Aggregated or removed for anonymization",""))
I98: 2 | J98: yes, self-employed without paid employees | N98: =IF(D98="",N97,IF(AND(D98<>"",ISERROR(MATCH(D98,Var_view!$A$1:$A$646,0))),"Aggregated or removed for anonymization",""))
I99: 0 | J99: no | N99: =IF(D99="",N98,IF(AND(D99<>"",ISERROR(MATCH(D99,Var_view!$A$1:$A$646,0))),"Aggregated or removed for anonymization",""))
A100: B | B100: b2.3 = 1 OR b2.3 = 0 OR b2.3 = -99 | C100: Respondents who did not report to be self-employed without paid employees | D100: b2_4 | F100: Number of employees | G100: How many people work in your organization in total (including all locations if applicable)? | H100: Numeric | I100: 1 | J100: 1-9 | K100: Single-choice question | L100: ordinal | N100: =IF(D100="",N99,IF(AND(D100<>"",ISERROR(MATCH(D100,Var_view!$A$1:$A$646,0))),"Aggregated or removed for anonymization",""))
I101: 2 | J101: 10-49 | N101: =IF(D101="",N100,IF(AND(D101<>"",ISERROR(MATCH(D101,Var_view!$A$1:$A$646,0))),"Aggregated or removed for anonymization",""))
I102: 3 | J102: 50-99 | N102: =IF(D102="",N101,IF(AND(D102<>"",ISERROR(MATCH(D102,Var_view!$A$1:$A$646,0))),"Aggregated or removed for anonymization",""))
I103: 4 | J103: 100-249 | N103: =IF(D103="",N102,IF(AND(D103<>"",ISERROR(MATCH(D103,Var_view!$A$1:$A$646,0))),"Aggregated or removed for anonymization",""))
I104: 5 | J104: 250-999 | N104: =IF(D104="",N103,IF(AND(D104<>"",ISERROR(MATCH(D104,Var_view!$A$1:$A$646,0))),"Aggregated or removed for anonymization",""))
I105: 6 | J105: 1000 or more | N105: =IF(D105="",N104,IF(AND(D105<>"",ISERROR(MATCH(D105,Var_view!$A$1:$A$646,0))),"Aggregated or removed for anonymization",""))
A106: A | B106: b2.3 = 0 | C106: Respondents who reported not to be self-employed | D106: b2_5 | F106: Type of contract | G106: What is your current type of contract? | H106: Numeric | I106: 1 | J106: unlimited term | K106: Single-choice question | L106: categorical | N106: =IF(D106="",N105,IF(AND(D106<>"",ISERROR(MATCH(D106,Var_view!$A$1:$A$646,0))),"Aggregated or removed for anonymization",""))
I107: 2 | J107: fixed-term, for a total duration of […] months | N107: =IF(D107="",N106,IF(AND(D107<>"",ISERROR(MATCH(D107,Var_view!$A$1:$A$646,0))),"Aggregated or removed for anonymization",""))
I108: 3 | J108: other (please specify): […] | N108: =IF(D108="",N107,IF(AND(D108<>"",ISERROR(MATCH(D108,Var_view!$A$1:$A$646,0))),"Aggregated or removed for anonymization",""))
A109: A | B109: b2.5 = 2 | C109: Respondents who reported to have a fixed-term contract | D109: b2_5num | F109: Duration of fixed-term contract (in months) | G109: fixed-term, for a total duration of […] months | H109: Numeric | K109: Open field (only numbers) | L109: metric | M109: Open numeric field specifying b2.5 if b2.5 = 2. | N109: =IF(D109="",N108,IF(AND(D109<>"",ISERROR(MATCH(D109,Var_view!$A$1:$A$646,0))),"Aggregated or removed for anonymization",""))
A110: A | B110: b2.5 = 3 | C110: Respondents who reported to neither have an unlimited nor a fixed-term contract | D110: b2_5open (not included in EG dataset) | F110: Other type of contract (open field description) | G110: other (please specify): […] | H110: Open text | K110: Open text field | L110: categorical | M110: Open text field specifying b2.5 if b2.5 = 3. This variable requires manual recoding into the target variable(s) and will not be included in the EG dataset. | N110: =IF(D110="",N109,IF(AND(D110<>"",ISERROR(MATCH(D110,Var_view!$A$1:$A$646,0))),"Aggregated or removed for anonymization","")) -> Aggregated or removed for anonymization
A111: A | B111: b2.3 = 0 | C111: Respondents who reported not to be self-employed | D111: b2_6 | F111: Public sector employment | G111: Are you employed in the public sector? | H111: Numeric | I111: 1 | J111: yes | K111: Single-choice question | L111: categorical (dichotomous) | N111: =IF(D111="",N110,IF(AND(D111<>"",ISERROR(MATCH(D111,Var_view!$A$1:$A$646,0))),"Aggregated or removed for anonymization",""))
I112: 0 | J112: no | N112: =IF(D112="",N111,IF(AND(D112<>"",ISERROR(MATCH(D112,Var_view!$A$1:$A$646,0))),"Aggregated or removed for anonymization",""))
A113: A | B113: a3.7.1 = 1 OR a3.7.2 = 1 OR b1.0 = 2 | C113: Respondents who reported to be employed/self-employed | D113: b2_7 | F113: Full-time employment | G113: Are you full-time employed? Include self-employment. | H113: Numeric | I113: 1 | J113: yes | K113: Single-choice question | L113: categorical (dichotomous) | N113: =IF(D113="",N112,IF(AND(D113<>"",ISERROR(MATCH(D113,Var_view!$A$1:$A$646,0))),"Aggregated or removed for anonymization",""))
I114: 0 | J114: no, I work part-time | N114: =IF(D114="",N113,IF(AND(D114<>"",ISERROR(MATCH(D114,Var_view!$A$1:$A$646,0))),"Aggregated or removed for anonymization",""))
A115: B | B115: a3.7.1 = 1 OR a3.7.2 = 1 OR b1.0 = 2 | C115: Respondents who reported to be employed/self-employed | D115: b2_8a | F115: Working hours contract | G115: What is the number of working hours per week as stipulated by your employment contract (excluding overtime)? Please round to full numbers. […] hours per week | H115: Numeric | K115: Open field (only numbers) | L115: metric | N115: =IF(D115="",N114,IF(AND(D115<>"",ISERROR(MATCH(D115,Var_view!$A$1:$A$646,0))),"Aggregated or removed for anonymization",""))
A116: B | B116: a3.7.1 = 1 OR a3.7.2 = 1 OR b1.0 = 2 | C116: Respondents who reported to be employed/self-employed | D116: b2_8b | F116: Actual working hours | G116: How many hours per week do you usually work (including overtime)? Please round to full numbers. usually […] hours per week | H116: Numeric | K116: Open field (only numbers) | L116: metric | N116: =IF(D116="",N115,IF(AND(D116<>"",ISERROR(MATCH(D116,Var_view!$A$1:$A$646,0))),"Aggregated or removed for anonymization",""))
A117: B | B117: a3.7.1 = 1 OR a3.7.2 = 1 OR b1.0 = 2 | C117: Respondents who reported to be employed/self-employed | D117: b2_9a | F117: Gross monthly earnings | G117: What are your gross monthly earnings (i.e. before taxes and levies/contributions) including regular extra payments (e.g. paid overtime, performance or shift bonuses)? For self-employed this is after deducting business expenses, but before deducting taxes. Please round to full numbers. about […] [CURRENCY] per month | H117: Numeric | K117: Open field (only numbers) | L117: metric | N117: =IF(D117="",N116,IF(AND(D117<>"",ISERROR(MATCH(D117,Var_view!$A$1:$A$646,0))),"Aggregated or removed for anonymization",""))
A118: B | B118: a3.7.1 = 1 OR a3.7.2 = 1 OR b1.0 = 2 | C118: Respondents who reported to be employed/self-employed | D118: b2_9a_curr | F118: Currency (Gross monthly earnings) | G118: about […] [CURRENCY] per month | H118: String | I118: [App_currencies] | J118: [App_currencies] | K118: Drop down menu or open field with autocomplete function | L118: categorical | M118: Drop down menu/autocomplete field specifying the currency reported in b2.9a. See the list of currencies in the separate sheet "App_currencies". If you only allowed responses in one (most likely your national) currency, set all values of this variable to that currency. | N118: =IF(D118="",N117,IF(AND(D118<>"",ISERROR(MATCH(D118,Var_view!$A$1:$A$646,0))),"Aggregated or removed for anonymization",""))
A119: B | B119: a3.7.1 = 1 OR a3.7.2 = 1 OR b1.0 = 2 | C119: Respondents who reported to be employed/self-employed | D119: b2_9b | F119: Supplementary payments | G119: Do you have supplementary payments such as 13th month, end of year bonuses, holiday pay …? If yes, please make an estimation of its annual amount. yes, about […] [CURRENCY] | H119: Numeric | I119: 1 | J119: yes | K119: Single-choice question | L119: categorical (dichotomous) | N119: =IF(D119="",N118,IF(AND(D119<>"",ISERROR(MATCH(D119,Var_view!$A$1:$A$646,0))),"Aggregated or removed for anonymization",""))
I120: 0 | J120: no | N120: =IF(D120="",N119,IF(AND(D120<>"",ISERROR(MATCH(D120,Var_view!$A$1:$A$646,0))),"Aggregated or removed for anonymization",""))
A121: B | B121: b2.9b = 1 | C121: Respondents who reported to have supplementary payments | D121: b2_9b_num | F121: Amount of supplementary payments | G121: yes, about […] [CURRENCY] | H121: Numeric | K121: Open field (only numbers) | L121: metric | M121: Open numeric field specifying b2.9b if b2.9b = 1. | N121: =IF(D121="",N120,IF(AND(D121<>"",ISERROR(MATCH(D121,Var_view!$A$1:$A$646,0))),"Aggregated or removed for anonymization",""))
A122: B | B122: b2.9b = 1 | C122: Respondents who reported to have supplementary payments | D122: b2_9b_curr | F122: Currency (Amount of supplementary payments) | G122: yes, about […] [CURRENCY] | H122: String | I122: [App_currencies] | J122: [App_currencies] | K122: Drop down menu or open field with autocomplete function | L122: categorical | M122: Drop down menu/autocomplete field specifying the currency reported in b2.9b_num. See the list of currencies in the separate sheet "App_currencies". If you only allowed responses in one (most likely your national) currency, set all values of this variable to that currency. | N122: =IF(D122="",N121,IF(AND(D122<>"",ISERROR(MATCH(D122,Var_view!$A$1:$A$646,0))),"Aggregated or removed for anonymization",""))
A123: B | B123: a3.7.1 = 1 OR a3.7.2 = 1 OR b1.0 = 2 | C123: Respondents who reported to be employed/self-employed | D123: b2_10 | F123: Earning losses during COVID-19 pandemic | G123: Did you face earning losses at some point during the COVID-19 pandemic (i.e. after March 2020)? | H123: Numeric | I123: 1 | J123: yes | K123: Single-choice question | L123: categorical (dichotomous) | N123: =IF(D123="",N122,IF(AND(D123<>"",ISERROR(MATCH(D123,Var_view!$A$1:$A$646,0))),"Aggregated or removed for anonymization",""))
I124: 0 | J124: no | N124: =IF(D124="",N123,IF(AND(D124<>"",ISERROR(MATCH(D124,Var_view!$A$1:$A$646,0))),"Aggregated or removed for anonymization",""))
A125: B | B125: b2.10 = 1 | C125: Respondents who reported earning losses during the COVID-19 pandemic | D125: b2_11 | F125: Earning losses caused by COVID-19 pandemic | G125: Would you say, these earning losses were due to the COVID-19 pandemic? | H125: Numeric | I125: 2 | J125: yes, clearly | K125: Single-choice question | L125: categorical | N125: =IF(D125="",N124,IF(AND(D125<>"",ISERROR(MATCH(D125,Var_view!$A$1:$A$646,0))),"Aggregated or removed for anonymization",""))
I126: 1 | J126: yes, partially | N126: =IF(D126="",N125,IF(AND(D126<>"",ISERROR(MATCH(D126,Var_view!$A$1:$A$646,0))),"Aggregated or removed for anonymization",""))
I127: 0 | J127: no, clearly not | N127: =IF(D127="",N126,IF(AND(D127<>"",ISERROR(MATCH(D127,Var_view!$A$1:$A$646,0))),"Aggregated or removed for anonymization",""))
I128: -78 | J128: don't know | N128: =IF(D128="",N127,IF(AND(D128<>"",ISERROR(MATCH(D128,Var_view!$A$1:$A$646,0))),"Aggregated or removed for anonymization",""))
D129: B3 | F129: Match of job and education | M129: Questionnaire heading | N129: =IF(D129="",N128,IF(AND(D129<>"",ISERROR(MATCH(D129,Var_view!$A$1:$A$646,0))),"Aggregated or removed for anonymization","")) -> Aggregated or removed for anonymization
A130: B | B130: a3.7.1 = 1 OR a3.7.2 = 1 OR b1.0 = 2 | C130: Respondents who reported to be employed/self-employed | D130: b3_1 | F130: Vertical match (education level) | G130: What level of education is usually required to perform this job? | H130: Numeric | I130: 1 | J130: lower than higher education | K130: Single-choice question | L130: ordinal | N130: =IF(D130="",N129,IF(AND(D130<>"",ISERROR(MATCH(D130,Var_view!$A$1:$A$646,0))),"Aggregated or removed for anonymization",""))
I131: 2 | J131: short-cycle higher education | N131: =IF(D131="",N130,IF(AND(D131<>"",ISERROR(MATCH(D131,Var_view!$A$1:$A$646,0))),"Aggregated or removed for anonymization",""))
I132: 3 | J132: Bachelor or equivalent degree | N132: =IF(D132="",N131,IF(AND(D132<>"",ISERROR(MATCH(D132,Var_view!$A$1:$A$646,0))),"Aggregated or removed for anonymization",""))
I133: 4 | J133: Master or equivalent degree | N133: =IF(D133="",N132,IF(AND(D133<>"",ISERROR(MATCH(D133,Var_view!$A$1:$A$646,0))),"Aggregated or removed for anonymization",""))
I134: 5 | J134: Doctorate/PhD | N134: =IF(D134="",N133,IF(AND(D134<>"",ISERROR(MATCH(D134,Var_view!$A$1:$A$646,0))),"Aggregated or removed for anonymization",""))
A135: B | B135: a3.7.1 = 1 OR a3.7.2 = 1 OR b1.0 = 2 | C135: Respondents who reported to be employed/self-employed | D135: b3_2 | E135: b3_2 | F135: Horizontal match (instruction) | G135: Would you say that your current employment is in line with your study programme? | M135: Instruction for b3.2 | N135: =IF(D135="",N134,IF(AND(D135<>"",ISERROR(MATCH(D135,Var_view!$A$1:$A$646,0))),"Aggregated or removed for anonymization","")) -> Aggregated or removed for anonymization
A136: B | B136: a3.7.1 = 1 OR a3.7.2 = 1 OR b1.0 = 2 | C136: Respondents who reported to be employed/self-employed | D136: b3_2a | E136: b3_2 | F136: Horizontal match: professional qualification/study field | G136: With regard to professional qualifications (field of study)? | H136: Numeric | I136: 1 | J136: yes, absolutely | K136: 5-point-Likert-Scale | L136: ordinal | N136: =IF(D136="",N135,IF(AND(D136<>"",ISERROR(MATCH(D136,Var_view!$A$1:$A$646,0))),"Aggregated or removed for anonymization",""))
I137: 2 | N137: =IF(D137="",N136,IF(AND(D137<>"",ISERROR(MATCH(D137,Var_view!$A$1:$A$646,0))),"Aggregated or removed for anonymization",""))
I138: 3 | N138: =IF(D138="",N137,IF(AND(D138<>"",ISERROR(MATCH(D138,Var_view!$A$1:$A$646,0))),"Aggregated or removed for anonymization",""))
I139: 4 | N139: =IF(D139="",N138,IF(AND(D139<>"",ISERROR(MATCH(D139,Var_view!$A$1:$A$646,0))),"Aggregated or removed for anonymization",""))
I140: 5 | J140: no, absolutely not | N140: =IF(D140="",N139,IF(AND(D140<>"",ISERROR(MATCH(D140,Var_view!$A$1:$A$646,0))),"Aggregated or removed for anonymization",""))
...

Sheet C_Competencies
A1: Module | B1: Filter conditions | C1: Target group (verbal) | D1: Variable name | E1: Item Block | F1: Variable Label | G1: Question text | H1: Values format | I1: Data set value | J1: Value labels (answer categories) | K1: Question type | L1: Variable scale | M1: Remarks | N1: Anonymization note
A2: B | B2: a3.7.1 = 1 OR a3.7.2 = 1 OR b1.0 = 2 | C2: Respondents who reported to be employed/self-employed | D2: c1emp | E2: c1 | F2: Instruction for respondents that are currently employed or self-employed | G2: In the following, we list 12 competencies. Please rate on each competence, firstly, the level of competence required in your current work and, secondly, your current own level. | M2: Instruction for c1 if currently employed
A3: B | B3: a3.7.1 ≠ 1 AND a3.7.2 ≠ 1 AND (a3.7.3 = 1 OR a3.7.4 = 1 OR a3.7.5 = 1 OR a3.7.6 = 1 OR a3.7.7 = 1 OR b1.0 ≠ 2) | C3: Respondents who reported to neither be employed nor self-employed | D3: c1nemp | E3: c1 | F3: Instruction for respondents that are currently neither employed nor self-employed | G3: In the following, we list 12 competencies. Please rate on each competence your current own level. | M3: Instruction for c1 if currently unemployed
A4: B | B4: a3.7.1 = 1 OR a3.7.2 = 1 OR b1.0 = 2 | C4: Respondents who reported to be employed/self-employed | D4: c1a_a | E4: c1 | F4: Required level in current work: Mastery of your own field or discipline | G4: Required level in current work: Mastery of your own field or discipline | H4: Numeric | I4: 1 | J4: very low | K4: 5-point-Likert-Scale | L4: ordinal | N4: =IF(D4="",N3,IF(AND(D4<>"",ISERROR(MATCH(D4,Var_view!$A$1:$A$646,0))),"Aggregated or removed for anonymization",""))
I5: 2 | N5: =IF(D5="",N4,IF(AND(D5<>"",ISERROR(MATCH(D5,Var_view!$A$1:$A$646,0))),"Aggregated or removed for anonymization",""))
I6: 3 | N6: =IF(D6="",N5,IF(AND(D6<>"",ISERROR(MATCH(D6,Var_view!$A$1:$A$646,0))),"Aggregated or removed for anonymization",""))
I7: 4 | N7: =IF(D7="",N6,IF(AND(D7<>"",ISERROR(MATCH(D7,Var_view!$A$1:$A$646,0))),"Aggregated or removed for anonymization",""))
I8: 5 | N8: =IF(D8="",N7,IF(AND(D8<>"",ISERROR(MATCH(D8,Var_view!$A$1:$A$646,0))),"Aggregated or removed for anonymization",""))
I9: 6 | N9: =IF(D9="",N8,IF(AND(D9<>"",ISERROR(MATCH(D9,Var_view!$A$1:$A$646,0))),"Aggregated or removed for anonymization",""))
I10: 7 | J10: very high | N10: =IF(D10="",N9,IF(AND(D10<>"",ISERROR(MATCH(D10,Var_view!$A$1:$A$646,0))),"Aggregated or removed for anonymization",""))
A11: B | D11: c1b_a | E11: c1 | F11: Current own level: Mastery of your own field or discipline | G11: Current own level: Mastery of your own field or discipline | H11: Numeric | I11: 1 | J11: very low | K11: 5-point-Likert-Scale | L11: ordinal | N11: =IF(D11="",N10,IF(AND(D11<>"",ISERROR(MATCH(D11,Var_view!$A$1:$A$646,0))),"Aggregated or removed for anonymization",""))
I12: 2 | N12: =IF(D12="",N11,IF(AND(D12<>"",ISERROR(MATCH(D12,Var_view!$A$1:$A$646,0))),"Aggregated or removed for anonymization",""))
I13: 3 | N13: =IF(D13="",N12,IF(AND(D13<>"",ISERROR(MATCH(D13,Var_view!$A$1:$A$646,0))),"Aggregated or removed for anonymization",""))
I14: 4 | N14: =IF(D14="",N13,IF(AND(D14<>"",ISERROR(MATCH(D14,Var_view!$A$1:$A$646,0))),"Aggregated or removed for anonymization",""))
I15: 5 | N15: =IF(D15="",N14,IF(AND(D15<>"",ISERROR(MATCH(D15,Var_view!$A$1:$A$646,0))),"Aggregated or removed for anonymization",""))
I16: 6 | N16: =IF(D16="",N15,IF(AND(D16<>"",ISERROR(MATCH(D16,Var_view!$A$1:$A$646,0))),"Aggregated or removed for anonymization",""))
I17: 7 | J17: very high | N17: =IF(D17="",N16,IF(AND(D17<>"",ISERROR(MATCH(D17,Var_view!$A$1:$A$646,0))),"Aggregated or removed for anonymization",""))
A18: B | B18: a3.7.1 = 1 OR a3.7.2 = 1 OR b1.0 = 2 | C18: Respondents who reported to be employed/self-employed | D18: c1a_b | E18: c1 | F18: Required level in current work: Analytical thinking | G18: Required level in current work: Analytical thinking | H18: Numeric | I18: 1 | J18: very low | K18: 5-point-Likert-Scale | L18: ordinal | N18: =IF(D18="",N17,IF(AND(D18<>"",ISERROR(MATCH(D18,Var_view!$A$1:$A$646,0))),"Aggregated or removed for anonymization",""))
I19: 2 | N19: =IF(D19="",N18,IF(AND(D19<>"",ISERROR(MATCH(D19,Var_view!$A$1:$A$646,0))),"Aggregated or removed for anonymization",""))
I20: 3 | N20: =IF(D20="",N19,IF(AND(D20<>"",ISERROR(MATCH(D20,Var_view!$A$1:$A$646,0))),"Aggregated or removed for anonymization",""))
I21: 4 | N21: =IF(D21="",N20,IF(AND(D21<>"",ISERROR(MATCH(D21,Var_view!$A$1:$A$646,0))),"Aggregated or removed for anonymization",""))
I22: 5 | N22: =IF(D22="",N21,IF(AND(D22<>"",ISERROR(MATCH(D22,Var_view!$A$1:$A$646,0))),"Aggregated or removed for anonymization",""))
I23: 6 | N23: =IF(D23="",N22,IF(AND(D23<>"",ISERROR(MATCH(D23,Var_view!$A$1:$A$646,0))),"Aggregated or removed for anonymization",""))
I24: 7 | J24: very high | N24: =IF(D24="",N23,IF(AND(D24<>"",ISERROR(MATCH(D24,Var_view!$A$1:$A$646,0))),"Aggregated or removed for anonymization",""))
A25: B | D25: c1b_b | E25: c1 | F25: Current own level: Analytical thinking | G25: Current own level: Analytical thinking | H25: Numeric | I25: 1 | J25: very low | K25: 5-point-Likert-Scale | L25: ordinal | N25: =IF(D25="",N24,IF(AND(D25<>"",ISERROR(MATCH(D25,Var_view!$A$1:$A$646,0))),"Aggregated or removed for anonymization",""))
I26: 2 | N26: =IF(D26="",N25,IF(AND(D26<>"",ISERROR(MATCH(D26,Var_view!$A$1:$A$646,0))),"Aggregated or removed for anonymization",""))
I27: 3 | N27: =IF(D27="",N26,IF(AND(D27<>"",ISERROR(MATCH(D27,Var_view!$A$1:$A$646,0))),"Aggregated or removed for anonymization",""))
I28: 4 | N28: =IF(D28="",N27,IF(AND(D28<>"",ISERROR(MATCH(D28,Var_view!$A$1:$A$646,0))),"Aggregated or removed for anonymization",""))
I29: 5 | N29: =IF(D29="",N28,IF(AND(D29<>"",ISERROR(MATCH(D29,Var_view!$A$1:$A$646,0))),"Aggregated or removed for anonymization",""))
I30: 6 | N30: =IF(D30="",N29,IF(AND(D30<>"",ISERROR(MATCH(D30,Var_view!$A$1:$A$646,0))),"Aggregated or removed for anonymization",""))
I31: 7 | J31: very high | N31: =IF(D31="",N30,IF(AND(D31<>"",ISERROR(MATCH(D31,Var_view!$A$1:$A$646,0))),"Aggregated or removed for anonymization",""))
A32: B | B32: a3.7.1 = 1 OR a3.7.2 = 1 OR b1.0 = 2 | C32: Respondents who reported to be employed/self-employed | D32: c1a_c | E32: c1 | F32: Required level in current work: Ability to rapidly acquire new knowledge | G32: Required level in current work: Ability to rapidly acquire new knowledge | H32: Numeric | I32: 1 | J32: very low | K32: 5-point-Likert-Scale | L32: ordinal | N32: =IF(D32="",N31,IF(AND(D32<>"",ISERROR(MATCH(D32,Var_view!$A$1:$A$646,0))),"Aggregated or removed for anonymization",""))
I33: 2 | N33: =IF(D33="",N32,IF(AND(D33<>"",ISERROR(MATCH(D33,Var_view!$A$1:$A$646,0))),"Aggregated or removed for anonymization",""))
I34: 3 | N34: =IF(D34="",N33,IF(AND(D34<>"",ISERROR(MATCH(D34,Var_view!$A$1:$A$646,0))),"Aggregated or removed for anonymization",""))
I35: 4 | N35: =IF(D35="",N34,IF(AND(D35<>"",ISERROR(MATCH(D35,Var_view!$A$1:$A$646,0))),"Aggregated or removed for anonymization",""))
I36: 5 | N36: =IF(D36="",N35,IF(AND(D36<>"",ISERROR(MATCH(D36,Var_view!$A$1:$A$646,0))),"Aggregated or removed for anonymization",""))
I37: 6 | N37: =IF(D37="",N36,IF(AND(D37<>"",ISERROR(MATCH(D37,Var_view!$A$1:$A$646,0))),"Aggregated or removed for anonymization",""))
I38: 7 | J38: very high | N38: =IF(D38="",N37,IF(AND(D38<>"",ISERROR(MATCH(D38,Var_view!$A$1:$A$646,0))),"Aggregated or removed for anonymization",""))
A39: B | D39: c1b_c | E39: c1 | F39: Current own level: Ability to rapidly acquire new knowledge | G39: Current own level: Ability to rapidly acquire new knowledge | H39: Numeric | I39: 1 | J39: very low | K39: 5-point-Likert-Scale | L39: ordinal | N39: =IF(D39="",N38,IF(AND(D39<>"",ISERROR(MATCH(D39,Var_view!$A$1:$A$646,0))),"Aggregated or removed for anonymization",""))
I40: 2 | N40: =IF(D40="",N39,IF(AND(D40<>"",ISERROR(MATCH(D40,Var_view!$A$1:$A$646,0))),"Aggregated or removed for anonymization",""))
I41: 3 | N41: =IF(D41="",N40,IF(AND(D41<>"",ISERROR(MATCH(D41,Var_view!$A$1:$A$646,0))),"Aggregated or removed for anonymization",""))
I42: 4 | N42: =IF(D42="",N41,IF(AND(D42<>"",ISERROR(MATCH(D42,Var_view!$A$1:$A$646,0))),"Aggregated or removed for anonymization",""))
I43: 5 | N43: =IF(D43="",N42,IF(AND(D43<>"",ISERROR(MATCH(D43,Var_view!$A$1:$A$646,0))),"Aggregated or removed for anonymization",""))
I44: 6 | N44: =IF(D44="",N43,IF(AND(D44<>"",ISERROR(MATCH(D44,Var_view!$A$1:$A$646,0))),"Aggregated or removed for anonymization",""))
I45: 7 | J45: very high | N45: =IF(D45="",N44,IF(AND(D45<>"",ISERROR(MATCH(D45,Var_view!$A$1:$A$646,0))),"Aggregated or removed for anonymization",""))
A46: B | B46: a3.7.1 = 1 OR a3.7.2 = 1 OR b1.0 = 2 | C46: Respondents who reported to be employed/self-employed | D46: c1a_d | E46: c1 | F46: Required level in current work: Ability to coordinate activities | G46: Required level in current work: Ability to coordinate activities | H46: Numeric | I46: 1 | J46: very low | K46: 5-point-Likert-Scale | L46: ordinal | N46: =IF(D46="",N45,IF(AND(D46<>"",ISERROR(MATCH(D46,Var_view!$A$1:$A$646,0))),"Aggregated or removed for anonymization",""))
I47: 2 | N47: =IF(D47="",N46,IF(AND(D47<>"",ISERROR(MATCH(D47,Var_view!$A$1:$A$646,0))),"Aggregated or removed for anonymization",""))
I48: 3 | N48: =IF(D48="",N47,IF(AND(D48<>"",ISERROR(MATCH(D48,Var_view!$A$1:$A$646,0))),"Aggregated or removed for anonymization",""))
I49: 4 | N49: =IF(D49="",N48,IF(AND(D49<>"",ISERROR(MATCH(D49,Var_view!$A$1:$A$646,0))),"Aggregated or removed for anonymization",""))
I50: 5 | N50: =IF(D50="",N49,IF(AND(D50<>"",ISERROR(MATCH(D50,Var_view!$A$1:$A$646,0))),"Aggregated or removed for anonymization",""))
I51: 6 | N51: =IF(D51="",N50,IF(AND(D51<>"",ISERROR(MATCH(D51,Var_view!$A$1:$A$646,0))),"Aggregated or removed for anonymization",""))
I52: 7 | J52: very high | N52: =IF(D52="",N51,IF(AND(D52<>"",ISERROR(MATCH(D52,Var_view!$A$1:$A$646,0))),"Aggregated or removed for anonymization",""))
A53: B | D53: c1b_d | E53: c1 | F53: Current own level: Ability to coordinate activities | G53: Current own level: Ability to coordinate activities | H53: Numeric | I53: 1 | J53: very low | K53: 5-point-Likert-Scale | L53: ordinal | N53: =IF(D53="",N52,IF(AND(D53<>"",ISERROR(MATCH(D53,Var_view!$A$1:$A$646,0))),"Aggregated or removed for anonymization",""))
I54: 2 | N54: =IF(D54="",N53,IF(AND(D54<>"",ISERROR(MATCH(D54,Var_view!$A$1:$A$646,0))),"Aggregated or removed for anonymization",""))
I55: 3 | N55: =IF(D55="",N54,IF(AND(D55<>"",ISERROR(MATCH(D55,Var_view!$A$1:$A$646,0))),"Aggregated or removed for anonymization",""))
I56: 4 | N56: =IF(D56="",N55,IF(AND(D56<>"",ISERROR(MATCH(D56,Var_view!$A$1:$A$646,0))),"Aggregated or removed for anonymization",""))
I57: 5 | N57: =IF(D57="",N56,IF(AND(D57<>"",ISERROR(MATCH(D57,Var_view!$A$1:$A$646,0))),"Aggregated or removed for anonymization",""))
I58: 6 | N58: =IF(D58="",N57,IF(AND(D58<>"",ISERROR(MATCH(D58,Var_view!$A$1:$A$646,0))),"Aggregated or removed for anonymization",""))
I59: 7 | J59: very high | N59: =IF(D59="",N58,IF(AND(D59<>"",ISERROR(MATCH(D59,Var_view!$A$1:$A$646,0))),"Aggregated or removed for anonymization",""))
A60: B | B60: a3.7.1 = 1 OR a3.7.2 = 1 OR b1.0 = 2 | C60: Respondents who reported to be employed/self-employed | D60: c1a_e | E60: c1 | F60: Required level in current work: Ability to work productively with others | G60: Required level in current work: Ability to work productively with others | H60: Numeric | I60: 1 | J60: very low | K60: 5-point-Likert-Scale | L60: ordinal | N60: =IF(D60="",N59,IF(AND(D60<>"",ISERROR(MATCH(D60,Var_view!$A$1:$A$646,0))),"Aggregated or removed for anonymization",""))
I61: 2 | N61: =IF(D61="",N60,IF(AND(D61<>"",ISERROR(MATCH(D61,Var_view!$A$1:$A$646,0))),"Aggregated or removed for anonymization",""))
I62: 3 | N62: =IF(D62="",N61,IF(AND(D62<>"",ISERROR(MATCH(D62,Var_view!$A$1:$A$646,0))),"Aggregated or removed for anonymization",""))
I63: 4 | N63: =IF(D63="",N62,IF(AND(D63<>"",ISERROR(MATCH(D63,Var_view!$A$1:$A$646,0))),"Aggregated or removed for anonymization",""))
I64: 5 | N64: =IF(D64="",N63,IF(AND(D64<>"",ISERROR(MATCH(D64,Var_view!$A$1:$A$646,0))),"Aggregated or removed for anonymization",""))
I65: 6 | N65: =IF(D65="",N64,IF(AND(D65<>"",ISERROR(MATCH(D65,Var_view!$A$1:$A$646,0))),"Aggregated or removed for anonymization",""))
I66: 7 | J66: very high | N66: =IF(D66="",N65,IF(AND(D66<>"",ISERROR(MATCH(D66,Var_view!$A$1:$A$646,0))),"Aggregated or removed for anonymization",""))
A67: B | D67: c1b_e | E67: c1 | F67: Current own level: Ability to work productively with others | G67: Current own level: Ability to work productively with others | H67: Numeric | I67: 1 | J67: very low | K67: 5-point-Likert-Scale | L67: ordinal | N67: =IF(D67="",N66,IF(AND(D67<>"",ISERROR(MATCH(D67,Var_view!$A$1:$A$646,0))),"Aggregated or removed for anonymization",""))
I68: 2 | N68: =IF(D68="",N67,IF(AND(D68<>"",ISERROR(MATCH(D68,Var_view!$A$1:$A$646,0))),"Aggregated or removed for anonymization",""))
I69: 3 | N69: =IF(D69="",N68,IF(AND(D69<>"",ISERROR(MATCH(D69,Var_view!$A$1:$A$646,0))),"Aggregated or removed for anonymization",""))
I70: 4 | N70: =IF(D70="",N69,IF(AND(D70<>"",ISERROR(MATCH(D70,Var_view!$A$1:$A$646,0))),"Aggregated or removed for anonymization",""))
I71: 5 | N71: =IF(D71="",N70,IF(AND(D71<>"",ISERROR(MATCH(D71,Var_view!$A$1:$A$646,0))),"Aggregated or removed for anonymization",""))
I72: 6 | N72: =IF(D72="",N71,IF(AND(D72<>"",ISERROR(MATCH(D72,Var_view!$A$1:$A$646,0))),"Aggregated or removed for anonymization",""))
I73: 7 | J73: very high | N73: =IF(D73="",N72,IF(AND(D73<>"",ISERROR(MATCH(D73,Var_view!$A$1:$A$646,0))),"Aggregated or removed for anonymization",""))
A74: B | B74: a3.7.1 = 1 OR a3.7.2 = 1 OR b1.0 = 2 | C74: Respondents who reported to be employed/self-employed | D74: c1a_f | E74: c1 | F74: Required level in current work: Ability to make your meaning clear to others | G74: Required level in current work: Ability to make your meaning clear to others | H74: Numeric | I74: 1 | J74: very low | K74: 5-point-Likert-Scale | L74: ordinal | N74: =IF(D74="",N73,IF(AND(D74<>"",ISERROR(MATCH(D74,Var_view!$A$1:$A$646,0))),"Aggregated or removed for anonymization",""))
I75: 2 | N75: =IF(D75="",N74,IF(AND(D75<>"",ISERROR(MATCH(D75,Var_view!$A$1:$A$646,0))),"Aggregated or removed for anonymization",""))
I76: 3 | N76: =IF(D76="",N75,IF(AND(D76<>"",ISERROR(MATCH(D76,Var_view!$A$1:$A$646,0))),"Aggregated or removed for anonymization",""))
I77: 4 | N77: =IF(D77="",N76,IF(AND(D77<>"",ISERROR(MATCH(D77,Var_view!$A$1:$A$646,0))),"Aggregated or removed for anonymization",""))
I78: 5 | N78: =IF(D78="",N77,IF(AND(D78<>"",ISERROR(MATCH(D78,Var_view!$A$1:$A$646,0))),"Aggregated or removed for anonymization",""))
I79: 6 | N79: =IF(D79="",N78,IF(AND(D79<>"",ISERROR(MATCH(D79,Var_view!$A$1:$A$646,0))),"Aggregated or removed for anonymization",""))
I80: 7 | J80: very high | N80: =IF(D80="",N79,IF(AND(D80<>"",ISERROR(MATCH(D80,Var_view!$A$1:$A$646,0))),"Aggregated or removed for anonymization",""))
A81: B | D81: c1b_f | E81: c1 | F81: Current own level: Ability to make your meaning clear to others | G81: Current own level: Ability to make your meaning clear to others | H81: Numeric | I81: 1 | J81: very low | K81: 5-point-Likert-Scale | L81: ordinal | N81: =IF(D81="",N80,IF(AND(D81<>"",ISERROR(MATCH(D81,Var_view!$A$1:$A$646,0))),"Aggregated or removed for anonymization",""))
I82: 2 | N82: =IF(D82="",N81,IF(AND(D82<>"",ISERROR(MATCH(D82,Var_view!$A$1:$A$646,0))),"Aggregated or removed for anonymization",""))
I83: 3 | N83: =IF(D83="",N82,IF(AND(D83<>"",ISERROR(MATCH(D83,Var_view!$A$1:$A$646,0))),"Aggregated or removed for anonymization",""))
I84: 4 | N84: =IF(D84="",N83,IF(AND(D84<>"",ISERROR(MATCH(D84,Var_view!$A$1:$A$646,0))),"Aggregated or removed for anonymization",""))
I85: 5 | N85: =IF(D85="",N84,IF(AND(D85<>"",ISERROR(MATCH(D85,Var_view!$A$1:$A$646,0))),"Aggregated or removed for anonymization",""))
I86: 6 | N86: =IF(D86="",N85,IF(AND(D86<>"",ISERROR(MATCH(D86,Var_view!$A$1:$A$646,0))),"Aggregated or removed for anonymization",""))
I87: 7 | J87: very high | N87: =IF(D87="",N86,IF(AND(D87<>"",ISERROR(MATCH(D87,Var_view!$A$1:$A$646,0))),"Aggregated or removed for anonymization",""))
A88: B | B88: a3.7.1 = 1 OR a3.7.2 = 1 OR b1.0 = 2 | C88: Respondents who reported to be employed/self-employed | D88: c1a_g | E88: c1 | F88: Required level in current work: Ability for applied use of information and communication technologies (ICT, e.g., text processing, working with tables, retrieve information from the internet, e-mail) | G88: Required level in current work: Ability for applied use of information and communication technologies (ICT, e.g., text processing, working with tables, retrieve information from the internet, e-mail) | H88: Numeric | I88: 1 | J88: very low | K88: 5-point-Likert-Scale | L88: ordinal | N88: =IF(D88="",N87,IF(AND(D88<>"",ISERROR(MATCH(D88,Var_view!$A$1:$A$646,0))),"Aggregated or removed for anonymization",""))
I89: 2 | N89: =IF(D89="",N88,IF(AND(D89<>"",ISERROR(MATCH(D89,Var_view!$A$1:$A$646,0))),"Aggregated or removed for anonymization",""))
I90: 3 | N90: =IF(D90="",N89,IF(AND(D90<>"",ISERROR(MATCH(D90,Var_view!$A$1:$A$646,0))),"Aggregated or removed for anonymization",""))
I91: 4 | N91: =IF(D91="",N90,IF(AND(D91<>"",ISERROR(MATCH(D91,Var_view!$A$1:$A$646,0))),"Aggregated or removed for anonymization",""))
I92: 5 | N92: =IF(D92="",N91,IF(AND(D92<>"",ISERROR(MATCH(D92,Var_view!$A$1:$A$646,0))),"Aggregated or removed for anonymization",""))
I93: 6 | N93: =IF(D93="",N92,IF(AND(D93<>"",ISERROR(MATCH(D93,Var_view!$A$1:$A$646,0))),"Aggregated or removed for anonymization",""))
I94: 7 | J94: very high | N94: =IF(D94="",N93,IF(AND(D94<>"",ISERROR(MATCH(D94,Var_view!$A$1:$A$646,0))),"Aggregated or removed for anonymization",""))
A95: B | D95: c1b_g | E95: c1 | F95: Current own level: Ability for applied use of information and communication technologies (ICT, e.g., text processing, working with tables, retrieve information from the internet, e-mail) | G95: Current own level: Ability for applied use of information and communication technologies (ICT, e.g., text processing, working with tables, retrieve information from the internet, e-mail) | H95: Numeric | I95: 1 | J95: very low | K95: 5-point-Likert-Scale | L95: ordinal | N95: =IF(D95="",N94,IF(AND(D95<>"",ISERROR(MATCH(D95,Var_view!$A$1:$A$646,0))),"Aggregated or removed for anonymization",""))
I96: 2 | N96: =IF(D96="",N95,IF(AND(D96<>"",ISERROR(MATCH(D96,Var_view!$A$1:$A$646,0))),"Aggregated or removed for anonymization",""))
I97: 3 | N97: =IF(D97="",N96,IF(AND(D97<>"",ISERROR(MATCH(D97,Var_view!$A$1:$A$646,0))),"Aggregated or removed for anonymization",""))
I98: 4 | N98: =IF(D98="",N97,IF(AND(D98<>"",ISERROR(MATCH(D98,Var_view!$A$1:$A$646,0))),"Aggregated or removed for anonymization",""))
I99: 5 | N99: =IF(D99="",N98,IF(AND(D99<>"",ISERROR(MATCH(D99,Var_view!$A$1:$A$646,0))),"Aggregated or removed for anonymization",""))
I100: 6 | N100: =IF(D100="",N99,IF(AND(D100<>"",ISERROR(MATCH(D100,Var_view!$A$1:$A$646,0))),"Aggregated or removed for anonymization",""))
...

Sheet D_Mobility
A1: Module | B1: Filter conditions | C1: Target group (verbal) | D1: Variable name | E1: Item Block | F1: Variable Label | G1: Question text | H1: Values format | I1: Data set value | J1: Value labels (answer categories) | K1: Question type | L1: Variable scale | M1: Remarks | N1: Anonymization note
D2: D1 | F2: Place of residence | M2: Questionnaire heading
A3: B | D3: d1_1 | F3: Place of residence during study programme | G3: Where did you mainly live during the study programme you graduated from in the academic year yyyy/yyyy? | H3: Numeric | I3: 1 | J3: same place as my higher education institution | K3: Single-choice question | L3: categorical | N3: =IF(D3="",N2,IF(AND(D3<>"",ISERROR(MATCH(D3,Var_view!$A$1:$A$646,0))),"Aggregated or removed for anonymization","")) -> Aggregated or removed for anonymization
I4: 2 | J4: other place in COUNTRY, more specifically in […] (please enter the postal code here). | N4: =IF(D4="",N3,IF(AND(D4<>"",ISERROR(MATCH(D4,Var_view!$A$1:$A$646,0))),"Aggregated or removed for anonymization","")) -> Aggregated or removed for anonymization
I5: 3 | J5: another place abroad, namely […] | N5: =IF(D5="",N4,IF(AND(D5<>"",ISERROR(MATCH(D5,Var_view!$A$1:$A$646,0))),"Aggregated or removed for anonymization","")) -> Aggregated or removed for anonymization
A6: B | B6: d1.1 = 2 | C6: Respondents who reported to have lived in another place than the higher education institution in COUNTRY during their study programme | D6: d1_1post | F6: Postal code of residence during study programme (if graduate lived in COUNTRY) | G6: in COUNTRY, more specifically in […] (please enter postal code here). | H6: String; Country code + NUTS level 3 | I6: [App_NUTS3] | J6: [App_NUTS3] | K6: Open text field | L6: categorical | M6: Open text field specifying d1.1 if d1.1 = 2. Please provide your data on NUTS level 3 (including country code). | N6: =IF(D6="",N5,IF(AND(D6<>"",ISERROR(MATCH(D6,Var_view!$A$1:$A$646,0))),"Aggregated or removed for anonymization","")) -> Aggregated or removed for anonymization
A7: B | B7: d1.1 = 3 | C7: Respondents who reported to have lived abroad during their study programme | D7: d1_1cntr | F7: Country ofresidence during study programme (if graduate lived abroad) | G7: abroad, namely in […] | H7: String, 3-character | I7: [App_countries] | J7: [App_countries] | K7: Drop down menu or open field with autocomplete function | L7: categorical | M7: Drop down menu/autocomplete field specifying d1.1 if d1.1 = 3. See the list of countries in the separate sheet "App_countries". | N7: =IF(D7="",N6,IF(AND(D7<>"",ISERROR(MATCH(D7,Var_view!$A$1:$A$646,0))),"Aggregated or removed for anonymization","")) -> Aggregated or removed for anonymization
A8: B | B8: cohort = "t+5" | C8: Respondents from cohort t + 5 | D8: d1_2 | F8: Place of residence in October 2018 | G8: Where did you mainly live in October 2018? | H8: Numeric | I8: 1 | J8: same place as during my study programme | K8: Single-choice question | L8: categorical | N8: =IF(D8="",N7,IF(AND(D8<>"",ISERROR(MATCH(D8,Var_view!$A$1:$A$646,0))),"Aggregated or removed for anonymization","")) -> Aggregated or removed for anonymization
I9: 2 | J9: other place in COUNTRY, more specifically in […] (please enter the postal code here). | N9: =IF(D9="",N8,IF(AND(D9<>"",ISERROR(MATCH(D9,Var_view!$A$1:$A$646,0))),"Aggregated or removed for anonymization","")) -> Aggregated or removed for anonymization
I10: 3 | J10: another place abroad, namely […] | N10: =IF(D10="",N9,IF(AND(D10<>"",ISERROR(MATCH(D10,Var_view!$A$1:$A$646,0))),"Aggregated or removed for anonymization","")) -> Aggregated or removed for anonymization
A11: B | B11: cohort = "t+5" AND d1.2 = 2 | C11: Respondents who reported to have lived in another place than the higher education institution in COUNTRY in October 2018 | D11: d1_2post | F11: Postal code of residence in October 2018 (if graduate lived in COUNTRY) | G11: in COUNTRY, more specifically in […] (please enter postal code here). | H11: String; Country code + NUTS level 3 | I11: [App_NUTS3] | J11: [App_NUTS3] | K11: Open text field | L11: categorical | M11: Open text field specifying d1.2 if d1.2 = 2. Please provide your data on NUTS level 3 (including country code). | N11: =IF(D11="",N10,IF(AND(D11<>"",ISERROR(MATCH(D11,Var_view!$A$1:$A$646,0))),"Aggregated or removed for anonymization","")) -> Aggregated or removed for anonymization
A12: B | B12: cohort = "t+5" AND d1.2 = 3 | C12: Respondents who reported to have lived abroad in October 2018 | D12: d1_2cntr | F12: Country of residence in October 2018 (if graduate lived abroad) | G12: abroad, namely in […] | H12: String, 3-character | I12: [App_countries] | J12: [App_countries] | K12: Drop down menu or open field with autocomplete function | L12: categorical | M12: Drop down menu/autocomplete field specifying d1.2 if d1.2 = 3. See the list of countries in the separate sheet "App_countries". | N12: =IF(D12="",N11,IF(AND(D12<>"",ISERROR(MATCH(D12,Var_view!$A$1:$A$646,0))),"Aggregated or removed for anonymization","")) -> Aggregated or removed for anonymization
A13: A | D13: d1_3 | F13: Present place of residence | G13: Where do you mainly live at present? | H13: Numeric | I13: 1 | J13: same place as during my study programme | K13: Single-choice question | L13: categorical | N13: =IF(D13="",N12,IF(AND(D13<>"",ISERROR(MATCH(D13,Var_view!$A$1:$A$646,0))),"Aggregated or removed for anonymization",""))
I14: 2 | J14: other place in COUNTRY, more specifically in […] (please enter the postal code here). | N14: =IF(D14="",N13,IF(AND(D14<>"",ISERROR(MATCH(D14,Var_view!$A$1:$A$646,0))),"Aggregated or removed for anonymization",""))
I15: 3 | J15: another place abroad, namely […] | N15: =IF(D15="",N14,IF(AND(D15<>"",ISERROR(MATCH(D15,Var_view!$A$1:$A$646,0))),"Aggregated or removed for anonymization",""))
A16: A | B16: d1.3 = 2 | C16: Respondents who reported to live in another place than the higher education institution in COUNTRY at present | D16: d1_3post | F16: Postal code of residence (if graduate lives in COUNTRY) | G16: in COUNTRY, more specifically in […] (please enter postal code here). | H16: String; Country code + NUTS level 3 | I16: [App_NUTS3] | J16: [App_NUTS3] | K16: Open text field | L16: categorical | M16: Open text field specifying d1.3 if d1.3 = 2. Please provide your data on NUTS level 3 (including country code). | N16: =IF(D16="",N15,IF(AND(D16<>"",ISERROR(MATCH(D16,Var_view!$A$1:$A$646,0))),"Aggregated or removed for anonymization","")) -> Aggregated or removed for anonymization
A17: A | B17: d1.3 = 3 | C17: Respondents who reported to live abroad at present | D17: d1_3cntr | F17: Country of residence (if graduate lives abroad) | G17: abroad, namely in […] | H17: String, 3-character | I17: [App_countries] | J17: [App_countries] | K17: Drop down menu or open field with autocomplete function | L17: categorical | M17: Drop down menu/autocomplete field specifying d1.3 if d1.3 = 3. See the list of countries in the separate sheet "App_countries". | N17: =IF(D17="",N16,IF(AND(D17<>"",ISERROR(MATCH(D17,Var_view!$A$1:$A$646,0))),"Aggregated or removed for anonymization","")) -> Aggregated or removed for anonymization
A18: B | B18: d1.3 = 2 OR d1.3 = 3 | C18: Respondents who reported to have moved after graduation | D18: D2 | F18: Reasons for moving to present place of residence (introduction) | G18: How important were the following reasons for you to move to your current place of residence? | M18: Introduction for D2 / questionnaire heading | N18: =IF(D18="",N17,IF(AND(D18<>"",ISERROR(MATCH(D18,Var_view!$A$1:$A$646,0))),"Aggregated or removed for anonymization","")) -> Aggregated or removed for anonymization
A19: B | B19: d1.3 = 2 OR d1.3 = 3 | C19: Respondents who reported to have moved after graduation | D19: d2a | E19: d2 | F19: Reasons for moving to present place of residence: partnership or family reasons | G19: partnership or family reasons | H19: Numeric | I19: 1 | J19: very important | K19: 5-point-Likert-Scale | L19: ordinal | N19: =IF(D19="",N18,IF(AND(D19<>"",ISERROR(MATCH(D19,Var_view!$A$1:$A$646,0))),"Aggregated or removed for anonymization",""))
I20: 2 | N20: =IF(D20="",N19,IF(AND(D20<>"",ISERROR(MATCH(D20,Var_view!$A$1:$A$646,0))),"Aggregated or removed for anonymization",""))
I21: 3 | N21: =IF(D21="",N20,IF(AND(D21<>"",ISERROR(MATCH(D21,Var_view!$A$1:$A$646,0))),"Aggregated or removed for anonymization",""))
I22: 4 | N22: =IF(D22="",N21,IF(AND(D22<>"",ISERROR(MATCH(D22,Var_view!$A$1:$A$646,0))),"Aggregated or removed for anonymization",""))
I23: 5 | J23: not at all important | N23: =IF(D23="",N22,IF(AND(D23<>"",ISERROR(MATCH(D23,Var_view!$A$1:$A$646,0))),"Aggregated or removed for anonymization",""))
A24: B | B24: d1.3 = 2 OR d1.3 = 3 | C24: Respondents who reported to have moved after graduation | D24: d2b | E24: d2 | F24: Reasons for moving to present place of residence: higher income prospects | G24: higher income prospects | H24: Numeric | I24: 1 | J24: very important | K24: 5-point-Likert-Scale | L24: ordinal | N24: =IF(D24="",N23,IF(AND(D24<>"",ISERROR(MATCH(D24,Var_view!$A$1:$A$646,0))),"Aggregated or removed for anonymization",""))
I25: 2 | N25: =IF(D25="",N24,IF(AND(D25<>"",ISERROR(MATCH(D25,Var_view!$A$1:$A$646,0))),"Aggregated or removed for anonymization",""))
I26: 3 | N26: =IF(D26="",N25,IF(AND(D26<>"",ISERROR(MATCH(D26,Var_view!$A$1:$A$646,0))),"Aggregated or removed for anonymization",""))
I27: 4 | N27: =IF(D27="",N26,IF(AND(D27<>"",ISERROR(MATCH(D27,Var_view!$A$1:$A$646,0))),"Aggregated or removed for anonymization",""))
I28: 5 | J28: not at all important | N28: =IF(D28="",N27,IF(AND(D28<>"",ISERROR(MATCH(D28,Var_view!$A$1:$A$646,0))),"Aggregated or removed for anonymization",""))
A29: B | B29: d1.3 = 2 OR d1.3 = 3 | C29: Respondents who reported to have moved after graduation | D29: d2c | E29: d2 | F29: Reasons for moving to present place of residence: better possibilities for higher or further qualification | G29: better possibilities for higher or further qualification | H29: Numeric | I29: 1 | J29: very important | K29: 5-point-Likert-Scale | L29: ordinal | N29: =IF(D29="",N28,IF(AND(D29<>"",ISERROR(MATCH(D29,Var_view!$A$1:$A$646,0))),"Aggregated or removed for anonymization",""))
I30: 2 | N30: =IF(D30="",N29,IF(AND(D30<>"",ISERROR(MATCH(D30,Var_view!$A$1:$A$646,0))),"Aggregated or removed for anonymization",""))
I31: 3 | N31: =IF(D31="",N30,IF(AND(D31<>"",ISERROR(MATCH(D31,Var_view!$A$1:$A$646,0))),"Aggregated or removed for anonymization",""))
I32: 4 | N32: =IF(D32="",N31,IF(AND(D32<>"",ISERROR(MATCH(D32,Var_view!$A$1:$A$646,0))),"Aggregated or removed for anonymization",""))
I33: 5 | J33: not at all important | N33: =IF(D33="",N32,IF(AND(D33<>"",ISERROR(MATCH(D33,Var_view!$A$1:$A$646,0))),"Aggregated or removed for anonymization",""))
A34: B | B34: d1.3 = 2 OR d1.3 = 3 | C34: Respondents who reported to have moved after graduation | D34: d2d | E34: d2 | F34: Reasons for moving to present place of residence: higher overall quality of life | G34: overall quality of life is higher in current place of residence | H34: Numeric | I34: 1 | J34: very important | K34: 5-point-Likert-Scale | L34: ordinal | N34: =IF(D34="",N33,IF(AND(D34<>"",ISERROR(MATCH(D34,Var_view!$A$1:$A$646,0))),"Aggregated or removed for anonymization",""))
I35: 2 | N35: =IF(D35="",N34,IF(AND(D35<>"",ISERROR(MATCH(D35,Var_view!$A$1:$A$646,0))),"Aggregated or removed for anonymization",""))
I36: 3 | N36: =IF(D36="",N35,IF(AND(D36<>"",ISERROR(MATCH(D36,Var_view!$A$1:$A$646,0))),"Aggregated or removed for anonymization",""))
I37: 4 | N37: =IF(D37="",N36,IF(AND(D37<>"",ISERROR(MATCH(D37,Var_view!$A$1:$A$646,0))),"Aggregated or removed for anonymization",""))
I38: 5 | J38: not at all important | N38: =IF(D38="",N37,IF(AND(D38<>"",ISERROR(MATCH(D38,Var_view!$A$1:$A$646,0))),"Aggregated or removed for anonymization",""))

Sheet E_Personal
A1: Module | B1: Filter conditions | C1: Target group (verbal) | D1: Variable name | E1: Item Block | F1: Variable Label | G1: Question text | H1: Values format | I1: Data set value | J1: Value labels (answer categories) | K1: Question type | L1: Variable scale | M1: Remarks | N1: Anonymization note
A2: A | D2: E | F2: Personal and social background | M2: Questionnaire heading
A3: A | D3: e1a | F3: Gender | G3: What is your gender? | H3: Numeric | I3: 1 | J3: male | K3: Single-choice question | L3: categorical | N3: =IF(D3="",N2,IF(AND(D3<>"",ISERROR(MATCH(D3,Var_view!$A$1:$A$646,0))),"Aggregated or removed for anonymization","")) -> Aggregated or removed for anonymization
I4: 2 | J4: female | N4: =IF(D4="",N3,IF(AND(D4<>"",ISERROR(MATCH(D4,Var_view!$A$1:$A$646,0))),"Aggregated or removed for anonymization","")) -> Aggregated or removed for anonymization
I5: 3 | J5: non-binary or other | N5: =IF(D5="",N4,IF(AND(D5<>"",ISERROR(MATCH(D5,Var_view!$A$1:$A$646,0))),"Aggregated or removed for anonymization","")) -> Aggregated or removed for anonymization
A6: A | D6: e2a_yr | F6: Year of birth | G6: When were you born? [YEAR] | H6: Numeric | I6: 1 | J6: before 1950 | K6: Drop down menu | L6: categorical | N6: =IF(D6="",N5,IF(AND(D6<>"",ISERROR(MATCH(D6,Var_view!$A$1:$A$646,0))),"Aggregated or removed for anonymization",""))
I7: 1950 | J7: 1950 | N7: =IF(D7="",N6,IF(AND(D7<>"",ISERROR(MATCH(D7,Var_view!$A$1:$A$646,0))),"Aggregated or removed for anonymization",""))
I8: 1951 | J8: 1951 | N8: =IF(D8="",N7,IF(AND(D8<>"",ISERROR(MATCH(D8,Var_view!$A$1:$A$646,0))),"Aggregated or removed for anonymization",""))
I9: 1952 | J9: 1952 | N9: =IF(D9="",N8,IF(AND(D9<>"",ISERROR(MATCH(D9,Var_view!$A$1:$A$646,0))),"Aggregated or removed for anonymization",""))
I10: 1953 | J10: 1953 | N10: =IF(D10="",N9,IF(AND(D10<>"",ISERROR(MATCH(D10,Var_view!$A$1:$A$646,0))),"Aggregated or removed for anonymization",""))
I11: 1954 | J11: 1954 | N11: =IF(D11="",N10,IF(AND(D11<>"",ISERROR(MATCH(D11,Var_view!$A$1:$A$646,0))),"Aggregated or removed for anonymization",""))
I12: 1955 | J12: 1955 | N12: =IF(D12="",N11,IF(AND(D12<>"",ISERROR(MATCH(D12,Var_view!$A$1:$A$646,0))),"Aggregated or removed for anonymization",""))
I13: 1956 | J13: 1956 | N13: =IF(D13="",N12,IF(AND(D13<>"",ISERROR(MATCH(D13,Var_view!$A$1:$A$646,0))),"Aggregated or removed for anonymization",""))
I14: 1957 | J14: 1957 | N14: =IF(D14="",N13,IF(AND(D14<>"",ISERROR(MATCH(D14,Var_view!$A$1:$A$646,0))),"Aggregated or removed for anonymization",""))
I15: 1958 | J15: 1958 | N15: =IF(D15="",N14,IF(AND(D15<>"",ISERROR(MATCH(D15,Var_view!$A$1:$A$646,0))),"Aggregated or removed for anonymization",""))
I16: 1959 | J16: 1959 | N16: =IF(D16="",N15,IF(AND(D16<>"",ISERROR(MATCH(D16,Var_view!$A$1:$A$646,0))),"Aggregated or removed for anonymization",""))
I17: 1960 | J17: 1960 | N17: =IF(D17="",N16,IF(AND(D17<>"",ISERROR(MATCH(D17,Var_view!$A$1:$A$646,0))),"Aggregated or removed for anonymization",""))
I18: 1961 | J18: 1961 | N18: =IF(D18="",N17,IF(AND(D18<>"",ISERROR(MATCH(D18,Var_view!$A$1:$A$646,0))),"Aggregated or removed for anonymization",""))
... I60: 2003 | J60: 2003 | N60: =IF(D60="",N59,IF(AND(D60<>"",ISERROR(MATCH(D60,Var_view!$A$1:$A$646,0))),"Aggregated or removed for anonymization",""))
A61: A | D61: e2a_mo | F61: Month of birth | G61: When were you born? [MONTH] | H61: Numeric | I61: 1 | J61: January | K61: Drop down menu | L61: categorical | N61: =IF(D61="",N60,IF(AND(D61<>"",ISERROR(MATCH(D61,Var_view!$A$1:$A$646,0))),"Aggregated or removed for anonymization",""))
I62: 2 | J62: Febuary | N62: =IF(D62="",N61,IF(AND(D62<>"",ISERROR(MATCH(D62,Var_view!$A$1:$A$646,0))),"Aggregated or removed for anonymization",""))
I63: 3 | J63: March | N63: =IF(D63="",N62,IF(AND(D63<>"",ISERROR(MATCH(D63,Var_view!$A$1:$A$646,0))),"Aggregated or removed for anonymization",""))
I64: 4 | J64: April | N64: =IF(D64="",N63,IF(AND(D64<>"",ISERROR(MATCH(D64,Var_view!$A$1:$A$646,0))),"Aggregated or removed for anonymization",""))
I65: 5 | J65: May | N65: =IF(D65="",N64,IF(AND(D65<>"",ISERROR(MATCH(D65,Var_view!$A$1:$A$646,0))),"Aggregated or removed for anonymization",""))
I66: 6 | J66: June | N66: =IF(D66="",N65,IF(AND(D66<>"",ISERROR(MATCH(D66,Var_view!$A$1:$A$646,0))),"Aggregated or removed for anonymization",""))
I67: 7 | J67: July | N67: =IF(D67="",N66,IF(AND(D67<>"",ISERROR(MATCH(D67,Var_view!$A$1:$A$646,0))),"Aggregated or removed for anonymization",""))
I68: 8 | J68: August | N68: =IF(D68="",N67,IF(AND(D68<>"",ISERROR(MATCH(D68,Var_view!$A$1:$A$646,0))),"Aggregated or removed for anonymization",""))
I69: 9 | J69: September | N69: =IF(D69="",N68,IF(AND(D69<>"",ISERROR(MATCH(D69,Var_view!$A$1:$A$646,0))),"Aggregated or removed for anonymization",""))
I70: 10 | J70: October | N70: =IF(D70="",N69,IF(AND(D70<>"",ISERROR(MATCH(D70,Var_view!$A$1:$A$646,0))),"Aggregated or removed for anonymization",""))
I71: 11 | J71: November | N71: =IF(D71="",N70,IF(AND(D71<>"",ISERROR(MATCH(D71,Var_view!$A$1:$A$646,0))),"Aggregated or removed for anonymization",""))
I72: 12 | J72: December | N72: =IF(D72="",N71,IF(AND(D72<>"",ISERROR(MATCH(D72,Var_view!$A$1:$A$646,0))),"Aggregated or removed for anonymization",""))
A73: A | D73: e3a1 | F73: Citizenship | G73: Of which country do you have a citizenship? If you have multiple citizenships, please select up to three that you feel are most relevant. | H73: String, 3-character | I73: App_countries | J73: App_countries | K73: Drop down menu or open field with autocomplete function | L73: categorical | M73: See the list of countries in the separate sheet "App_countries". | N73: =IF(D73="",N72,IF(AND(D73<>"",ISERROR(MATCH(D73,Var_view!$A$1:$A$646,0))),"Aggregated or removed for anonymization",""))
A74: A | D74: e3a2 | F74: 2nd citizenship | G74: Of which country do you have a citizenship? If you have multiple citizenships, please select up to three that you feel are most relevant. | H74: String, 3-character | I74: App_countries | J74: App_countries | K74: Drop down menu or open field with autocomplete function | L74: categorical | M74: Create an additional variable for multiple citzenships. | N74: =IF(D74="",N73,IF(AND(D74<>"",ISERROR(MATCH(D74,Var_view!$A$1:$A$646,0))),"Aggregated or removed for anonymization",""))
A75: A | D75: e3a3 | F75: 3rd citizenship | G75: Of which country do you have a citizenship? If you have multiple citizenships, please select up to three that you feel are most relevant. | H75: String, 3-character | I75: App_countries | J75: App_countries | K75: Drop down menu or open field with autocomplete function | L75: categorical | M75: Create an additional variable for multiple citzenships. | N75: =IF(D75="",N74,IF(AND(D75<>"",ISERROR(MATCH(D75,Var_view!$A$1:$A$646,0))),"Aggregated or removed for anonymization",""))
A76: A | D76: e4a | F76: Country of birth | G76: Where were you born? In your answer, please refer to today's borders. | H76: String, 3-character | I76: App_countries | J76: App_countries | K76: Drop down menu or open field with autocomplete function | L76: categorical | M76: See the list of countries in the separate sheet "App_countries". | N76: =IF(D76="",N75,IF(AND(D76<>"",ISERROR(MATCH(D76,Var_view!$A$1:$A$646,0))),"Aggregated or removed for anonymization",""))
A77: B | D77: e5 | F77: Country of birth parents (instruction) | G77: Where were your parents or guardians born? In your answer, please refer to today's borders. | N77: =IF(D77="",N76,IF(AND(D77<>"",ISERROR(MATCH(D77,Var_view!$A$1:$A$646,0))),"Aggregated or removed for anonymization","")) -> Aggregated or removed for anonymization
A78: B | D78: e5a | F78: Country of birth mother/female guardian | G78: Mother or female guardian | H78: String, 3-character | I78: App_countries | J78: App_countries | K78: Drop down menu or open field with autocomplete function | L78: categorical | M78: See the list of countries in the separate sheet "App_countries". | N78: =IF(D78="",N77,IF(AND(D78<>"",ISERROR(MATCH(D78,Var_view!$A$1:$A$646,0))),"Aggregated or removed for anonymization",""))
A79: B | D79: e5b | F79: Country of birth father/male guardian | G79: Father or male guardian | H79: String, 3-character | I79: App_countries | J79: App_countries | K79: Drop down menu or open field with autocomplete function | L79: categorical | M79: See the list of countries in the separate sheet "App_countries". | N79: =IF(D79="",N78,IF(AND(D79<>"",ISERROR(MATCH(D79,Var_view!$A$1:$A$646,0))),"Aggregated or removed for anonymization",""))
A80: B | D80: e6_1 | F80: Native language | G80: What is your native language? If you grew up with more than one language, please select up to three languages that you feel were most relevant. | H80: String, 3-character | I80: App_languages | J80: App_languages | K80: Drop down menu or open field with autocomplete function | L80: categorical | M80: Use this variable for the first native language reported. See the list of languages in the separate sheet "App_languages". | N80: =IF(D80="",N79,IF(AND(D80<>"",ISERROR(MATCH(D80,Var_view!$A$1:$A$646,0))),"Aggregated or removed for anonymization","")) -> Aggregated or removed for anonymization
A81: B | D81: e6_2 | F81: 2nd native language | G81: What is your native language? If you grew up with more than one language, please select up to three languages that you feel were most relevant. | H81: String, 3-character | I81: App_languages | J81: App_languages | K81: Drop down menu or open field with autocomplete function | L81: categorical | M81: Create an additional variable for multiple native languages. | N81: =IF(D81="",N80,IF(AND(D81<>"",ISERROR(MATCH(D81,Var_view!$A$1:$A$646,0))),"Aggregated or removed for anonymization","")) -> Aggregated or removed for anonymization
A82: B | D82: e6_3 | F82: 3rd native language | G82: What is your native language? If you grew up with more than one language, please select up to three languages that you feel were most relevant. | H82: String, 3-character | I82: App_languages | J82: App_languages | K82: Drop down menu or open field with autocomplete function | L82: categorical | M82: Create an additional variable for multiple native languages. | N82: =IF(D82="",N81,IF(AND(D82<>"",ISERROR(MATCH(D82,Var_view!$A$1:$A$646,0))),"Aggregated or removed for anonymization","")) -> Aggregated or removed for anonymization
A83: B | D83: e7a | F83: Partnership | G83: Are you currently in a committed partnership? | H83: Numeric | I83: 1 | J83: yes | K83: Single-choice question | L83: categorical (dichotomous) | N83: =IF(D83="",N82,IF(AND(D83<>"",ISERROR(MATCH(D83,Var_view!$A$1:$A$646,0))),"Aggregated or removed for anonymization",""))
I84: 0 | J84: no | N84: =IF(D84="",N83,IF(AND(D84<>"",ISERROR(MATCH(D84,Var_view!$A$1:$A$646,0))),"Aggregated or removed for anonymization",""))
A85: B | B85: e7a = 1 | C85: Repondents who reported to be in a committed partnership | D85: e7b | F85: Marriage/registered partnership | G85: Are you married to your partner or in a registered civil partnership? | H85: Numeric | I85: 1 | J85: yes | K85: Single-choice question | L85: categorical (dichotomous) | N85: =IF(D85="",N84,IF(AND(D85<>"",ISERROR(MATCH(D85,Var_view!$A$1:$A$646,0))),"Aggregated or removed for anonymization",""))
I86: 0 | J86: no | N86: =IF(D86="",N85,IF(AND(D86<>"",ISERROR(MATCH(D86,Var_view!$A$1:$A$646,0))),"Aggregated or removed for anonymization",""))
A87: B | B87: e7a = 1 | C87: Repondents who reported to be in a committed partnership | D87: e7c | F87: Shared household partner | G87: Do you share a household with your partner? | H87: Numeric | I87: 1 | J87: yes | K87: Single-choice question | L87: categorical (dichotomous) | N87: =IF(D87="",N86,IF(AND(D87<>"",ISERROR(MATCH(D87,Var_view!$A$1:$A$646,0))),"Aggregated or removed for anonymization",""))
I88: 0 | J88: no | N88: =IF(D88="",N87,IF(AND(D88<>"",ISERROR(MATCH(D88,Var_view!$A$1:$A$646,0))),"Aggregated or removed for anonymization",""))
A89: B | B89: e7a = 1 | C89: Repondents who reported to be in a committed partnership | D89: e7d | F89: Employment partner | G89: Is your partner currently in paid employment? Include self-employment | H89: Numeric | I89: 1 | J89: yes | K89: Single-choice question | L89: categorical (dichotomous) | N89: =IF(D89="",N88,IF(AND(D89<>"",ISERROR(MATCH(D89,Var_view!$A$1:$A$646,0))),"Aggregated or removed for anonymization",""))
I90: 0 | J90: no | N90: =IF(D90="",N89,IF(AND(D90<>"",ISERROR(MATCH(D90,Var_view!$A$1:$A$646,0))),"Aggregated or removed for anonymization",""))
A91: B | B91: e7a = 1 | C91: Repondents who reported to be in a committed partnership | D91: e7e | F91: Citizenship partner | G91: Does your partner have the same citizenship as yourself? | H91: Numeric | I91: 1 | J91: yes | K91: Single-choice question | L91: categorical (dichotomous) | N91: =IF(D91="",N90,IF(AND(D91<>"",ISERROR(MATCH(D91,Var_view!$A$1:$A$646,0))),"Aggregated or removed for anonymization",""))
I92: 0 | J92: no | N92: =IF(D92="",N91,IF(AND(D92<>"",ISERROR(MATCH(D92,Var_view!$A$1:$A$646,0))),"Aggregated or removed for anonymization",""))
A93: B | D93: e7f | F93: Shared household parents/guardians | G93: Do you live with one or both of your parents or guardians in the same household? | H93: Numeric | I93: 1 | J93: yes | K93: Single-choice question | L93: categorical (dichotomous) | N93: =IF(D93="",N92,IF(AND(D93<>"",ISERROR(MATCH(D93,Var_view!$A$1:$A$646,0))),"Aggregated or removed for anonymization",""))
I94: 0 | J94: no | N94: =IF(D94="",N93,IF(AND(D94<>"",ISERROR(MATCH(D94,Var_view!$A$1:$A$646,0))),"Aggregated or removed for anonymization",""))
A95: B | D95: e8a | F95: Children | G95: Do you have children? | H95: Numeric | I95: 1 | J95: yes, I have [NUMBER] children | K95: Single-choice question | L95: categorical (dichotomous) | N95: =IF(D95="",N94,IF(AND(D95<>"",ISERROR(MATCH(D95,Var_view!$A$1:$A$646,0))),"Aggregated or removed for anonymization",""))
I96: 0 | J96: no | N96: =IF(D96="",N95,IF(AND(D96<>"",ISERROR(MATCH(D96,Var_view!$A$1:$A$646,0))),"Aggregated or removed for anonymization",""))
A97: B | B97: e8a = 1 | C97: Respondents who reported to have children | D97: e8a_num | F97: Number of children | G97: yes, I have [NUMBER] children | H97: Numeric | I97: 1 | J97: 1 | K97: Drop down menu | L97: ordinal | M97: Drop down menu specifying e8a if e8a = 1. | N97: =IF(D97="",N96,IF(AND(D97<>"",ISERROR(MATCH(D97,Var_view!$A$1:$A$646,0))),"Aggregated or removed for anonymization",""))
I98: 2 | J98: 2 | N98: =IF(D98="",N97,IF(AND(D98<>"",ISERROR(MATCH(D98,Var_view!$A$1:$A$646,0))),"Aggregated or removed for anonymization",""))
I99: 3 | J99: 3 | N99: =IF(D99="",N98,IF(AND(D99<>"",ISERROR(MATCH(D99,Var_view!$A$1:$A$646,0))),"Aggregated or removed for anonymization",""))
I100: 4 | J100: 4 | N100: =IF(D100="",N99,IF(AND(D100<>"",ISERROR(MATCH(D100,Var_view!$A$1:$A$646,0))),"Aggregated or removed for anonymization",""))
I101: 5 | J101: 5 | N101: =IF(D101="",N100,IF(AND(D101<>"",ISERROR(MATCH(D101,Var_view!$A$1:$A$646,0))),"Aggregated or removed for anonymization",""))
I102: 6 | J102: more than 5 | N102: =IF(D102="",N101,IF(AND(D102<>"",ISERROR(MATCH(D102,Var_view!$A$1:$A$646,0))),"Aggregated or removed for anonymization",""))
A103: B | B103: e8a = 1 | C103: Respondents who reported to have children | D103: e8b | F103: Children age | G103: How old is your youngest child? My youngest child is [AGE] old. | H103: Numeric | I103: 0 | J103: less than one year | K103: Drop down menu | L103: ordinal | N103: =IF(D103="",N102,IF(AND(D103<>"",ISERROR(MATCH(D103,Var_view!$A$1:$A$646,0))),"Aggregated or removed for anonymization",""))
I104: 1 | J104: 1 year | N104: =IF(D104="",N103,IF(AND(D104<>"",ISERROR(MATCH(D104,Var_view!$A$1:$A$646,0))),"Aggregated or removed for anonymization",""))
I105: 2 | J105: 2 years | N105: =IF(D105="",N104,IF(AND(D105<>"",ISERROR(MATCH(D105,Var_view!$A$1:$A$646,0))),"Aggregated or removed for anonymization",""))
I106: 3 | J106: 3 years | N106: =IF(D106="",N105,IF(AND(D106<>"",ISERROR(MATCH(D106,Var_view!$A$1:$A$646,0))),"Aggregated or removed for anonymization",""))
I107: 4 | J107: 4 years | N107: =IF(D107="",N106,IF(AND(D107<>"",ISERROR(MATCH(D107,Var_view!$A$1:$A$646,0))),"Aggregated or removed for anonymization",""))
I108: 5 | J108: 5 years | N108: =IF(D108="",N107,IF(AND(D108<>"",ISERROR(MATCH(D108,Var_view!$A$1:$A$646,0))),"Aggregated or removed for anonymization",""))
I109: 6 | J109: 6 years | N109: =IF(D109="",N108,IF(AND(D109<>"",ISERROR(MATCH(D109,Var_view!$A$1:$A$646,0))),"Aggregated or removed for anonymization",""))
I110: 7 | J110: 7 years | N110: =IF(D110="",N109,IF(AND(D110<>"",ISERROR(MATCH(D110,Var_view!$A$1:$A$646,0))),"Aggregated or removed for anonymization",""))
I111: 8 | J111: 8 years | N111: =IF(D111="",N110,IF(AND(D111<>"",ISERROR(MATCH(D111,Var_view!$A$1:$A$646,0))),"Aggregated or removed for anonymization",""))
I112: 9 | J112: 9 years | N112: =IF(D112="",N111,IF(AND(D112<>"",ISERROR(MATCH(D112,Var_view!$A$1:$A$646,0))),"Aggregated or removed for anonymization",""))
I113: 10 | J113: 10 years | N113: =IF(D113="",N112,IF(AND(D113<>"",ISERROR(MATCH(D113,Var_view!$A$1:$A$646,0))),"Aggregated or removed for anonymization",""))
I114: 11 | J114: 11 years | N114: =IF(D114="",N113,IF(AND(D114<>"",ISERROR(MATCH(D114,Var_view!$A$1:$A$646,0))),"Aggregated or removed for anonymization",""))
I115: 12 | J115: 12 years | N115: =IF(D115="",N114,IF(AND(D115<>"",ISERROR(MATCH(D115,Var_view!$A$1:$A$646,0))),"Aggregated or removed for anonymization",""))
... I121: 18 | J121: 18 years or more | N121: =IF(D121="",N120,IF(AND(D121<>"",ISERROR(MATCH(D121,Var_view!$A$1:$A$646,0))),"Aggregated or removed for anonymization",""))
A122: B | B122: e8a = 1 | C122: Respondents who reported to have children | D122: e8c | F122: Parental leave | G122: Did you interrupt work or study for parental leave for one or more of your children? Please add up times of parental leave for all of your children. | H122: Numeric | I122: 1 | J122: yes, for a total of [NUMBER] month/months | K122: Single-choice question | L122: categorical | N122: =IF(D122="",N121,IF(AND(D122<>"",ISERROR(MATCH(D122,Var_view!$A$1:$A$646,0))),"Aggregated or removed for anonymization",""))
I123: 0 | J123: no | N123: =IF(D123="",N122,IF(AND(D123<>"",ISERROR(MATCH(D123,Var_view!$A$1:$A$646,0))),"Aggregated or removed for anonymization",""))
A124: B | B124: e8c = 1 | C124: Respondents who reported to have interrupted work or study for parental leave | D124: e8c_num | F124: Total months of parental leave | G124: yes, for a total of [NUMBER] month/months | H124: Numeric | I124: 0 | J124: less than one month | K124: Drop down menu | L124: ordinal | N124: =IF(D124="",N123,IF(AND(D124<>"",ISERROR(MATCH(D124,Var_view!$A$1:$A$646,0))),"Aggregated or removed for anonymization",""))
I125: 1 | J125: 1 month | N125: =IF(D125="",N124,IF(AND(D125<>"",ISERROR(MATCH(D125,Var_view!$A$1:$A$646,0))),"Aggregated or removed for anonymization",""))
I126: 2 | J126: 2 months | N126: =IF(D126="",N125,IF(AND(D126<>"",ISERROR(MATCH(D126,Var_view!$A$1:$A$646,0))),"Aggregated or removed for anonymization",""))
I127: 3 | J127: 3 months | N127: =IF(D127="",N126,IF(AND(D127<>"",ISERROR(MATCH(D127,Var_view!$A$1:$A$646,0))),"Aggregated or removed for anonymization",""))
I128: 4 | J128: 4 months | N128: =IF(D128="",N127,IF(AND(D128<>"",ISERROR(MATCH(D128,Var_view!$A$1:$A$646,0))),"Aggregated or removed for anonymization",""))
I129: 5 | J129: 5 months | N129: =IF(D129="",N128,IF(AND(D129<>"",ISERROR(MATCH(D129,Var_view!$A$1:$A$646,0))),"Aggregated or removed for anonymization",""))
I130: 6 | J130: 6 months | N130: =IF(D130="",N129,IF(AND(D130<>"",ISERROR(MATCH(D130,Var_view!$A$1:$A$646,0))),"Aggregated or removed for anonymization",""))
I131: 7 | J131: 7 months | N131: =IF(D131="",N130,IF(AND(D131<>"",ISERROR(MATCH(D131,Var_view!$A$1:$A$646,0))),"Aggregated or removed for anonymization",""))
I132: 8 | J132: 8 months | N132: =IF(D132="",N131,IF(AND(D132<>"",ISERROR(MATCH(D132,Var_view!$A$1:$A$646,0))),"Aggregated or removed for anonymization",""))
I133: 9 | J133: 9 months | N133: =IF(D133="",N132,IF(AND(D133<>"",ISERROR(MATCH(D133,Var_view!$A$1:$A$646,0))),"Aggregated or removed for anonymization",""))
I134: 10 | J134: 10 months | N134: =IF(D134="",N133,IF(AND(D134<>"",ISERROR(MATCH(D134,Var_view!$A$1:$A$646,0))),"Aggregated or removed for anonymization",""))
I135: 11 | J135: 11 months | N135: =IF(D135="",N134,IF(AND(D135<>"",ISERROR(MATCH(D135,Var_view!$A$1:$A$646,0))),"Aggregated or removed for anonymization",""))
I136: 12 | J136: 12 months | N136: =IF(D136="",N135,IF(AND(D136<>"",ISERROR(MATCH(D136,Var_view!$A$1:$A$646,0))),"Aggregated or removed for anonymization",""))
... I185: 61 | J185: more than 60 months | N185: =IF(D185="",N184,IF(AND(D185<>"",ISERROR(MATCH(D185,Var_view!$A$1:$A$646,0))),"Aggregated or removed for anonymization",""))
A186: A | D186: e9 | E186: e9 | F186: Highest level of education partens/guardians (instruction) | G186: What is or was your parents' or guardians' highest level of education? If your parents or guardians received their highest level of education abroad, please select the educational level of COUNTRY that comes closest to their degree. | M186: Instruction for e9 | N186: =IF(D186="",N185,IF(AND(D186<>"",ISERROR(MATCH(D186,Var_view!$A$1:$A$646,0))),"Aggregated or removed for anonymization","")) -> Aggregated or removed for anonymization
A187: A | D187: e9a | E187: e9 | F187: Highest level of education mother/femal guardian | G187: Mother or female guardian | H187: Numeric | I187: 1 | J187: ISCED 2 or below (lower secondary or below) | K187: Single-choice question | L187: ordinal | M187: Translate your country-specific educational degrees to ISCED levels of education. | N187: =IF(D187="",N186,IF(AND(D187<>"",ISERROR(MATCH(D187,Var_view!$A$1:$A$646,0))),"Aggregated or removed for anonymization",""))
I188: 2 | J188: ISCED 3 + 4 (upper secondary, post-secondary non-tertiary) | N188: =IF(D188="",N187,IF(AND(D188<>"",ISERROR(MATCH(D188,Var_view!$A$1:$A$646,0))),"Aggregated or removed for anonymization",""))
I189: 3 | J189: ISCED 5 + 6 + 7 (tertiary vocational) | N189: =IF(D189="",N188,IF(AND(D189<>"",ISERROR(MATCH(D189,Var_view!$A$1:$A$646,0))),"Aggregated or removed for anonymization",""))
I190: 4 | J190: ISCED 5 + 6 + 7 +8 (tertiary general, i.e. higher education) | N190: =IF(D190="",N189,IF(AND(D190<>"",ISERROR(MATCH(D190,Var_view!$A$1:$A$646,0))),"Aggregated or removed for anonymization",""))
I191: -78 | J191: Don’t know | N191: =IF(D191="",N190,IF(AND(D191<>"",ISERROR(MATCH(D191,Var_view!$A$1:$A$646,0))),"Aggregated or removed for anonymization",""))
A192: A | D192: e9b | E192: e9 | F192: Highest level of education father/male guardian | G192: Father or male guardian | H192: Numeric | I192: 1 | J192: ISCED 2 or below (lower secondary or below) | K192: Single-choice question | L192: ordinal | M192: Translate your country-specific educational degrees to ISCED levels of education. | N192: =IF(D192="",N191,IF(AND(D192<>"",ISERROR(MATCH(D192,Var_view!$A$1:$A$646,0))),"Aggregated or removed for anonymization",""))
I193: 2 | J193: ISCED 3 + 4 (upper secondary, post-secondary non-tertiary) | N193: =IF(D193="",N192,IF(AND(D193<>"",ISERROR(MATCH(D193,Var_view!$A$1:$A$646,0))),"Aggregated or removed for anonymization",""))
I194: 3 | J194: ISCED 5 + 6 + 7 (tertiary vocational) | N194: =IF(D194="",N193,IF(AND(D194<>"",ISERROR(MATCH(D194,Var_view!$A$1:$A$646,0))),"Aggregated or removed for anonymization",""))
...

Sheet F_EUModule
A1: Module | B1: Filter conditions | C1: Target group (verbal) | D1: Variable name | E1: Item Block | F1: Variable Label | G1: Question text | H1: Values format | I1: Data set value | J1: Value labels (answer categories) | K1: Question type | L1: Variable scale | M1: Remarks | N1: Anonymization note
A2: C | D2: F1 | F2: Personal life (instruction) | G2: Finally, we would like to ask you some questions on your personal life and the society at large
A3: C | D3: f1_1 | F3: Personal life: Satisfaction | G3: All things considered, how satisfied are you with your life as a whole nowadays? | H3: Numeric | I3: 0 | J3: extremely dissatisfied | K3: 11-point-Likert-Scale | L3: ordinal | N3: =IF(D3="",N2,IF(AND(D3<>"",ISERROR(MATCH(D3,Var_view!$A$1:$A$646,0))),"Aggregated or removed for anonymization",""))
I4: 1
I5: 2
I6: 3
I7: 4
I8: 5
I9: 6
I10: 7
I11: 8
I12: 9
I13: 10 | J13: extremely satisfied
A14: C | D14: f1_3 | F14: Personal life: Trust | G14: In your opinion, to what extent is it generally possible to trust people? | H14: Numeric | I14: 0 | J14: people cannot generally be trusted | K14: 11-point-Likert-Scale | L14: ordinal
I15: 1
I16: 2
I17: 3
I18: 4
I19: 5
I20: 6
I21: 7
I22: 8
I23: 9
I24: 10 | J24: people can generally be trusted
D25: F2 | F25: Political attitudes and political participation
A26: C | D26: f2_1 | F26: Politics: Interest | G26: How interested would you say you are in politics? | H26: Numeric | I26: 1 | J26: very interested | K26: 5-point-Likert-Scale | L26: ordinal
I27: 2
I28: 3
I29: 4
I30: 5 | J30: not at all interested
A31: C | D31: f2_2 | F31: Politics: People's influence | G31: How much would you say that the political system in COUNTRY allows people like you to have an influence on politics? | H31: Numeric | I31: 1 | J31: not al all | K31: 5-point-Likert-Scale | L31: ordinal
I32: 2 | J32: very little
I33: 3 | J33: some
I34: 4 | J34: a lot
I35: 5 | J35: a great deal
A36: C | D36: f2_3 | F36: Politics: Individual participation | G36: How confident are you in your own ability to participate in politics? | H36: Numeric | I36: 1 | J36: not al all confident | K36: 5-point-Likert-Scale | L36: ordinal
I37: 2 | J37: a little confident
I38: 3 | J38: quite confident
I39: 4 | J39: very confident
I40: 5 | J40: completely confident
A41: C | D41: f2_4 | E41: f2_4 | F41: Political participation (instruction) | G41: There are different ways of trying to improve things in COUNTRYor help prevent things from going wrong. During the last 12 months, have you done any of the following?
A42: C | D42: f2_4a | E42: f2_4 | F42: Political participation: Established contact | G42: Contacted a politician, government or local government official? | H42: Numeric | I42: 1 | J42: yes | K42: Single-choice question | L42: categorical (dichotomous)
I43: 0 | J43: no
A44: C | D44: f2_4b | E44: f2_4 | F44: Political participation: Donation | G44: Donated to or participated in a political party or pressure group? | H44: Numeric | I44: 1 | J44: yes | K44: Single-choice question | L44: categorical (dichotomous)
I45: 0 | J45: no
A46: C | D46: f2_4c | E46: f2_4 | F46: Political participation: Work politics-related organisation/association | G46: Worked in another politics-related organisation or association? | H46: Numeric | I46: 1 | J46: yes | K46: Single-choice question | L46: categorical (dichotomous)
I47: 0 | J47: no
A48: C | D48: f2_4d | E48: f2_4 | F48: Political participation: Campaign badge/sticker | G48: Worn or displayed a campaign badge/sticker? | H48: Numeric | I48: 1 | J48: yes | K48: Single-choice question | L48: categorical (dichotomous)
I49: 0 | J49: no
A50: C | D50: f2_4e | E50: f2_4 | F50: Political participation: Petition | G50: Signed a petition? | H50: Numeric | I50: 1 | J50: yes | K50: Single-choice question | L50: categorical (dichotomous)
I51: 0 | J51: no
A52: C | D52: f2_4f | E52: f2_4 | F52: Political participation: Demonstration | G52: Taken part in a public demonstration? | H52: Numeric | I52: 1 | J52: yes | K52: Single-choice question | L52: categorical (dichotomous)
I53: 0 | J53: no
A54: C | D54: f2_4g | E54: f2_4 | F54: Political participation: Boycott | G54: Boycotted certain products? | H54: Numeric | I54: 1 | J54: yes | K54: Single-choice question | L54: categorical (dichotomous)
I55: 0 | J55: no
A56: C | D56: f2_4h | E56: f2_4 | F56: Political participation: Social media | G56: Posted or shared anything about politics online, for example on blogs, via email or on social media such as Facebook or Twitter?* | H56: Numeric | I56: 1 | J56: yes | K56: Single-choice question | L56: categorical (dichotomous)
I57: 0 | J57: no
A58: C | D58: f2_4i | E58: f2_4 | F58: Political participation: Volunteering | G58: Volunteered for a not-for-profit or charitable organisation? | H58: Numeric | I58: 1 | J58: yes | K58: Single-choice question | L58: categorical (dichotomous)
I59: 0 | J59: no
A60: C | D60: f2_5 | F60: Importance democracy | G60: How important is it for you to live in a country that is governed democratically? | H60: Numeric | I60: 0 | J60: not at all important | K60: 11-point-Likert-Scale | L60: ordinal
I61: 1
I62: 2
I63: 3
I64: 4
I65: 5
I66: 6
I67: 7
I68: 8
I69: 9
I70: 10 | J70: extremely important
D71: F3 | F71: Attitudes towards climate change
A72: C | D72: f3_1 | F72: Climate change: cause | G72: You may have heard that the world’s climate is changing. Do you think that climate change is caused by natural processes, human activity, or both? | H72: Numeric | I72: 1 | J72: entirely by natural processes | K72: 5-point-Likert-Scale | L72: ordinal
I73: 2 | J73: mainly by natural processes
I74: 3 | J74: about equally by natural processes and human activity
I75: 4 | J75: mainly by human activity
I76: 5 | J76: entirely by human activity
A77: C | D77: f3_2 | F77: Climate change: concern | G77: How worried are you about climate change? | H77: Numeric | I77: 1 | J77: not at all worried | K77: 5-point-Likert-Scale | L77: ordinal
I78: 2 | J78: not very worried
I79: 3 | J79: somewhat worried
I80: 4 | J80: very worried
I81: 5 | J81: extremely worried
A82: C | D82: f3_3 | F82: Climate change: activity | G82: How much do you agree or disagree with this statement? There is no point in doing what I can for the environment unless others do the same. | H82: Numeric | I82: 1 | J82: agree strongly | K82: 5-point-Likert-Scale | L82: ordinal
I83: 2 | J83: agree strongly
I84: 3 | J84: neither agree nor disagree
I85: 4 | J85: disagree
I86: 5 | J86: disagree strongly

Sheet G_Finalquestions
A1: Module | B1: Filter conditions | C1: Target group (verbal) | D1: Variable name | E1: Item Block | F1: Variable Label | G1: Question text | H1: Values format | I1: Data set value | J1: Value labels (answer categories) | K1: Question type | L1: Variable scale | M1: Remarks | N1: Anonymization note
A2: A | D2: g1 | F2: Follow-up survey (instruction) | G2: A follow-up survey of EUROGRADUATE is envisaged to better understand how study experiences of graduates contribute to their long-term development. | M2: Instruction for g1
A3: A | D3: g1a | F3: Follow-up survey: Willingness to participate | G3: Would you be ready to participate in a future survey and thus help improving higher education in COUNTRY? | H3: Numeric | I3: 1 | J3: yes | K3: Single-choice question | L3: categorical (dichotomous) | N3: =IF(D3="",N2,IF(AND(D3<>"",ISERROR(MATCH(D3,Var_view!$A$1:$A$646,0))),"Aggregated or removed for anonymization",""))
I4: 0 | J4: no | N4: =IF(D4="",N3,IF(AND(D4<>"",ISERROR(MATCH(D4,Var_view!$A$1:$A$646,0))),"Aggregated or removed for anonymization",""))
A5: A | B5: g1a = 1 | C5: Respondents who stated to be ready to participate in a follow-up survey | D5: g1b | F5: Follow-up survey: E-Mail adress | G5: Please provide us with your e-mail address to ensure that you can be contacted for further EUROGRADUATE surveys. Your e-mail address will be kept separate from your survey responses and will be treated confidentially. | H5: String | K5: Open text field | L5: categorical | N5: =IF(D5="",N4,IF(AND(D5<>"",ISERROR(MATCH(D5,Var_view!$A$1:$A$646,0))),"Aggregated or removed for anonymization","")) -> Aggregated or removed for anonymization
A6: A | D6: g2 (not included in EG dataset) | F6: Acknowledgement/Remarks | G6: Thank you very much for filling in the questionnaire! If you have any remaining remarks, please state them here: | H6: Open text | K6: Open text field | L6: categorical | M6: This variable requires manual recoding into the target variable(s) and will not be included in the EG dataset. | N6: =IF(D6="",N5,IF(AND(D6<>"",ISERROR(MATCH(D6,Var_view!$A$1:$A$646,0))),"Aggregated or removed for anonymization","")) -> Aggregated or removed for anonymization
A7: A | D7: g2a | F7: Questionnaire too long / time-consuming (Acknowledgement/Remarks) | G7: Thank you very much for filling in the questionnaire! If you have any remaining remarks, please state them here: | H7: Numeric | I7: 1 | J7: Mentioned | K7: Derived from open text field | L7: categorical (dichotomous) | M7: Apply the open field coding instructions provided in the data cleaning guidelines for coding this variable. | N7: =IF(D7="",N6,IF(AND(D7<>"",ISERROR(MATCH(D7,Var_view!$A$1:$A$646,0))),"Aggregated or removed for anonymization","")) -> Aggregated or removed for anonymization
I8: 0 | J8: Not mentioned | N8: =IF(D8="",N7,IF(AND(D8<>"",ISERROR(MATCH(D8,Var_view!$A$1:$A$646,0))),"Aggregated or removed for anonymization","")) -> Aggregated or removed for anonymization
A9: A | D9: g2b | F9: Technical error(s) experienced (Acknowledgement/Remarks) | G9: Thank you very much for filling in the questionnaire! If you have any remaining remarks, please state them here: | H9: Numeric | I9: 1 | J9: Mentioned | K9: Derived from open text field | L9: categorical (dichotomous) | M9: Apply the open field coding instructions provided in the data cleaning guidelines for coding this variable. | N9: =IF(D9="",N8,IF(AND(D9<>"",ISERROR(MATCH(D9,Var_view!$A$1:$A$646,0))),"Aggregated or removed for anonymization","")) -> Aggregated or removed for anonymization
I10: 0 | J10: Not mentioned | N10: =IF(D10="",N9,IF(AND(D10<>"",ISERROR(MATCH(D10,Var_view!$A$1:$A$646,0))),"Aggregated or removed for anonymization","")) -> Aggregated or removed for anonymization
A11: A | D11: g2c | F11: Complaints about answers being challenging to remember (Acknowledgement/Remarks) | G11: Thank you very much for filling in the questionnaire! If you have any remaining remarks, please state them here: | H11: Numeric | I11: 1 | J11: Mentioned | K11: Derived from open text field | L11: categorical (dichotomous) | M11: Apply the open field coding instructions provided in the data cleaning guidelines for coding this variable. | N11: =IF(D11="",N10,IF(AND(D11<>"",ISERROR(MATCH(D11,Var_view!$A$1:$A$646,0))),"Aggregated or removed for anonymization","")) -> Aggregated or removed for anonymization
I12: 0 | J12: Not mentioned | N12: =IF(D12="",N11,IF(AND(D12<>"",ISERROR(MATCH(D12,Var_view!$A$1:$A$646,0))),"Aggregated or removed for anonymization","")) -> Aggregated or removed for anonymization
A13: A | D13: g2d | F13: Complaints about sensitive topics, “ideological research” or similar (Acknowledgement/Remarks) | G13: Thank you very much for filling in the questionnaire! If you have any remaining remarks, please state them here: | H13: Numeric | I13: 1 | J13: Mentioned | K13: Derived from open text field | L13: categorical (dichotomous) | M13: Apply the open field coding instructions provided in the data cleaning guidelines for coding this variable. | N13: =IF(D13="",N12,IF(AND(D13<>"",ISERROR(MATCH(D13,Var_view!$A$1:$A$646,0))),"Aggregated or removed for anonymization","")) -> Aggregated or removed for anonymization
I14: 0 | J14: Not mentioned | N14: =IF(D14="",N13,IF(AND(D14<>"",ISERROR(MATCH(D14,Var_view!$A$1:$A$646,0))),"Aggregated or removed for anonymization","")) -> Aggregated or removed for anonymization
A15: A | D15: g2e | F15: Remarks about missing categories and the way questions are asked (Acknowledgement/Remarks) | G15: Thank you very much for filling in the questionnaire! If you have any remaining remarks, please state them here: | H15: Numeric | I15: 1 | J15: Mentioned | K15: Derived from open text field | L15: categorical (dichotomous) | M15: Apply the open field coding instructions provided in the data cleaning guidelines for coding this variable. | N15: =IF(D15="",N14,IF(AND(D15<>"",ISERROR(MATCH(D15,Var_view!$A$1:$A$646,0))),"Aggregated or removed for anonymization","")) -> Aggregated or removed for anonymization
I16: 0 | J16: Not mentioned | N16: =IF(D16="",N15,IF(AND(D16<>"",ISERROR(MATCH(D16,Var_view!$A$1:$A$646,0))),"Aggregated or removed for anonymization","")) -> Aggregated or removed for anonymization
A17: A | D17: g2f | F17: Retraction / Correction of answers given (Acknowledgement/Remarks) | G17: Thank you very much for filling in the questionnaire! If you have any remaining remarks, please state them here: | H17: Numeric | I17: 1 | J17: Mentioned | K17: Derived from open text field | L17: categorical (dichotomous) | M17: Apply the open field coding instructions provided in the data cleaning guidelines for coding this variable. | N17: =IF(D17="",N16,IF(AND(D17<>"",ISERROR(MATCH(D17,Var_view!$A$1:$A$646,0))),"Aggregated or removed for anonymization","")) -> Aggregated or removed for anonymization
I18: 0 | J18: Not mentioned | N18: =IF(D18="",N17,IF(AND(D18<>"",ISERROR(MATCH(D18,Var_view!$A$1:$A$646,0))),"Aggregated or removed for anonymization","")) -> Aggregated or removed for anonymization
A19: A | D19: g2g | F19: Clarification on answers (without impact on the given answer(s)) (Acknowledgement/Remarks) | G19: Thank you very much for filling in the questionnaire! If you have any remaining remarks, please state them here: | H19: Numeric | I19: 1 | J19: Mentioned | K19: Derived from open text field | L19: categorical (dichotomous) | M19: Apply the open field coding instructions provided in the data cleaning guidelines for coding this variable. | N19: =IF(D19="",N18,IF(AND(D19<>"",ISERROR(MATCH(D19,Var_view!$A$1:$A$646,0))),"Aggregated or removed for anonymization","")) -> Aggregated or removed for anonymization
I20: 0 | J20: Not mentioned | N20: =IF(D20="",N19,IF(AND(D20<>"",ISERROR(MATCH(D20,Var_view!$A$1:$A$646,0))),"Aggregated or removed for anonymization","")) -> Aggregated or removed for anonymization
A21: A | D21: g2h | F21: Indication of imprecise or negligent own answer behaviour (Acknowledgement/Remarks) | G21: Thank you very much for filling in the questionnaire! If you have any remaining remarks, please state them here: | H21: Numeric | I21: 1 | J21: Mentioned | K21: Derived from open text field | L21: categorical (dichotomous) | M21: Apply the open field coding instructions provided in the data cleaning guidelines for coding this variable. | N21: =IF(D21="",N20,IF(AND(D21<>"",ISERROR(MATCH(D21,Var_view!$A$1:$A$646,0))),"Aggregated or removed for anonymization","")) -> Aggregated or removed for anonymization
I22: 0 | J22: Not mentioned | N22: =IF(D22="",N21,IF(AND(D22<>"",ISERROR(MATCH(D22,Var_view!$A$1:$A$646,0))),"Aggregated or removed for anonymization","")) -> Aggregated or removed for anonymization
A23: A | D23: g2i | F23: Complaints about project institutions (Acknowledgement/Remarks) | G23: Thank you very much for filling in the questionnaire! If you have any remaining remarks, please state them here: | H23: Numeric | I23: 1 | J23: Mentioned | K23: Derived from open text field | L23: categorical (dichotomous) | M23: Apply the open field coding instructions provided in the data cleaning guidelines for coding this variable. | N23: =IF(D23="",N22,IF(AND(D23<>"",ISERROR(MATCH(D23,Var_view!$A$1:$A$646,0))),"Aggregated or removed for anonymization","")) -> Aggregated or removed for anonymization
I24: 0 | J24: Not mentioned | N24: =IF(D24="",N23,IF(AND(D24<>"",ISERROR(MATCH(D24,Var_view!$A$1:$A$646,0))),"Aggregated or removed for anonymization","")) -> Aggregated or removed for anonymization
A25: A | D25: g2j | F25: Acknowledgement of project institutions (Acknowledgement/Remarks) | G25: Thank you very much for filling in the questionnaire! If you have any remaining remarks, please state them here: | H25: Numeric | I25: 1 | J25: Mentioned | K25: Derived from open text field | L25: categorical (dichotomous) | M25: Apply the open field coding instructions provided in the data cleaning guidelines for coding this variable. | N25: =IF(D25="",N24,IF(AND(D25<>"",ISERROR(MATCH(D25,Var_view!$A$1:$A$646,0))),"Aggregated or removed for anonymization","")) -> Aggregated or removed for anonymization
I26: 0 | J26: Not mentioned | N26: =IF(D26="",N25,IF(AND(D26<>"",ISERROR(MATCH(D26,Var_view!$A$1:$A$646,0))),"Aggregated or removed for anonymization","")) -> Aggregated or removed for anonymization
A27: A | D27: g2k | F27: Indication of similarity / repeating contents with other survey (Acknowledgement/Remarks) | G27: Thank you very much for filling in the questionnaire! If you have any remaining remarks, please state them here: | H27: Numeric | I27: 1 | J27: Mentioned | K27: Derived from open text field | L27: categorical (dichotomous) | M27: Apply the open field coding instructions provided in the data cleaning guidelines for coding this variable. | N27: =IF(D27="",N26,IF(AND(D27<>"",ISERROR(MATCH(D27,Var_view!$A$1:$A$646,0))),"Aggregated or removed for anonymization","")) -> Aggregated or removed for anonymization
I28: 0 | J28: Not mentioned | N28: =IF(D28="",N27,IF(AND(D28<>"",ISERROR(MATCH(D28,Var_view!$A$1:$A$646,0))),"Aggregated or removed for anonymization","")) -> Aggregated or removed for anonymization
A29: A | D29: g2l | F29: Acknowledgement for contents, aims, value of the EG survey (Acknowledgement/Remarks) | G29: Thank you very much for filling in the questionnaire! If you have any remaining remarks, please state them here: | H29: Numeric | I29: 1 | J29: Mentioned | K29: Derived from open text field | L29: categorical (dichotomous) | M29: Apply the open field coding instructions provided in the data cleaning guidelines for coding this variable. | N29: =IF(D29="",N28,IF(AND(D29<>"",ISERROR(MATCH(D29,Var_view!$A$1:$A$646,0))),"Aggregated or removed for anonymization","")) -> Aggregated or removed for anonymization
I30: 0 | J30: Not mentioned | N30: =IF(D30="",N29,IF(AND(D30<>"",ISERROR(MATCH(D30,Var_view!$A$1:$A$646,0))),"Aggregated or removed for anonymization","")) -> Aggregated or removed for anonymization

Sheet H_CalculatedVariables
A1: Module | B1: Filter conditions | C1: Target group (verbal) | D1: Variable name | E1: Item Block | F1: Variable Label | G1: Values format | H1: Data set value | I1: Value labels (answer categories) | J1: Variable scale | K1: Remarks
A2: A
A3: A
D4: d1_2_hu | F4: Place of residence in October 2018 | G4: Numeric | H4: 1 | I4: same place as my higher education institution | J4: Categorical | K4: Country variable for Hungary (deviating measure)
A5: A | B5: g1a = 1 | C5: Respondents who stated to be ready to participate in a follow-up survey | H5: 2 | I5: other place in Hungary, more specifically in […] (please enter the postal code here).
A6: A | H6: 3 | I6: another place abroad, namely […]
A7: A | D7: d1_3_hu | F7: Present place of residence | G7: Numeric | H7: 1 | I7: same place as my higher education institution | J7: Categorical | K7: Country variable for Hungary (deviating measure)
H8: 2 | I8: other place in Hungary, more specifically in […] (please enter the postal code here).
A9: A | H9: 3 | I9: another place abroad, namely […]
D10: vertical_match | F10: Vertical adequacy of job (respondents highes completed degree vs. respondents as | G10: Numeric | H10: 1 | I10: Job requires lower degree than respondent holds | J10: Ordinal | K10: Calculated by comparison of respondent's highest degree (highest_edu) and degree level assessed as appropriate by respondents for their current job (b3.1).
A11: A | H11: 2 | I11: Match
H12: 3 | I12: Job requires higher degree than repondent holds
A13: A | D13: b6_2b_it | F13: Occupation at t+1 | G13: Numeric | H13: 1 | I13: entrepreneur, legislator, director/executive | J13: Categorical | K13: Country variable for Italy (deviating measure)
H14: 2 | I14: engineer, architect
A15: A | H15: 3 | I15: lawyer, notary or legal issues expert (both for companies or public bodies)
H16: 4 | I16: doctor (family doctor or specialist, excluding psychologists)
A17: A | H17: 5 | I17: psychologist or psychotherapist or pedagogist
H18: 6 | I18: journalist, translator, archivist and other professions in linguistics, letters and the arts
A19: A | H19: 7 | I19: pharmacist or veterinarian (including biologists, pharmacologists, animal science experts, agronomists and forestry expe
H20: 8 | I20: chemist, physicist, mathematician, statistician
A21: A | H21: 9 | I21: project manager, business manager, market analyst, business communication and management expert, administrative official
H22: 10 | I22: teacher, professor
A23: A | H23: 11 | I23: surveyor, junior architect, computer programmer, statistical technician, chemical, mechanical, electronic expert, qualit
H24: 12 | I24: nurse, physical therapist, health care assistant, dental hygienist, obstetrician, prevention technician, health educator
A25: A | H25: 13 | I25: accounting, labour consultant, financial /insurance analyst, administrative, management, commercial or marketing technic
H26: 14 | I26: social technician, recreational, cultural, sport activities expert and of public services and security
A27: A | H27: 15 | I27: administrative, secretary clerk, human resources officer, video-terminal or data-entry operator
H28: 16 | I28: purchasing department employee, payroll employee, call center operator, counter clerk, warehouse worker other jobs
A29: A | H29: 17 | I29: shop keeper, salesperson, food server, hostess/steward and other skilled occupations in trades and cultural, security se
H30: 18 | I30: worker, plant and equipment operator, artisan or other unqualified jobs
H31: 19 | I31: other job
H32: 20 | I32: software analyst or engineer, network and database specialist
H33: 22 | I33: armed forces
H34: 23 | I34: researcher
D35: time_since_grad | F35: Months between graduation and survey (survey date imputed for NO, PT, RO, SI and | G35: Numeric | J35: metric | K35: Calculated from reported graduation date (a1.1a2) and response time stamp. For four survey countries that could no deliver a time stamp (NO, PT, RO, SI) and some cases in three other countries (EE, GR, HR), the date when 30% of the (country-specific) field phase had passed was used as survey date. This threshold was derived from the median of the response date from survey countries with detailed survey time stamps.
D36: sample_weight | F36: Weight rescaled to country sample size | G36: Numeric | J36: metric | K36: Rescaled eg_weight. Suitable for within-country analyses and analyses robust to disproportional sample sizes and coverage rates.
D37: weight_10k | F37: Weight rescaled to sum 10.000 (per country) | G37: Numeric | J37: metric | K37: Rescaled eg_weight. Suitable for analyses that shall attribute the same weight to each survey country (regardless of national graduate population or sample size)
D38: population_weight | F38: Weight rescaled to target population size (per country) | G38: Numeric | J38: metric | K38: Rescaled eg_weight. Suitable for cross-country aggregations accounting for the target population size per country.
D39: weight_10k16ba | F39: Weight rescaled to sum 10.000 (2016/17 ISCED 6 grads, per country) | G39: Numeric | J39: metric | K39: Rescaled eg_weight. Suitable for analyses of 2016/17 BA-level graduates that shall attribute the same weight to this group per survey country.
D40: weight_10k20ba | F40: Weight rescaled to sum 10.000 (2020/21 ISCED 6 grads, per country) | G40: Numeric | J40: metric | K40: Rescaled eg_weight. Suitable for analyses of 2020/21 BA-level graduates that shall attribute the same weight to this group per survey country.
D41: weight_10k16ma | F41: Weight rescaled to sum 10.000 (2016/17 ISCED 7 grads, per country) | G41: Numeric | J41: metric | K41: Rescaled eg_weight. Suitable for analyses of 2016/17 MA-level graduates that shall attribute the same weight to this group per survey country.
D42: weight_10k20ma | F42: Weight rescaled to sum 10.000 (2020/21 ISCED 7 grads, per country) | G42: Numeric | J42: metric | K42: Rescaled eg_weight. Suitable for analyses of 2020/21 MA-level graduates that shall attribute the same weight to this group per survey country.
D43: weight_10k16 | F43: Weight rescaled to sum 10.000 (2016/17 ISCED 6+7 grads, per country) | G43: Numeric | J43: metric | K43: Rescaled eg_weight. Suitable for analyses of 2016/17 core group graduates (BA+MA combined) that shall attribute the same weight to this group per survey country.
D44: weight_10k20 | F44: Weight rescaled to sum 10.000 (2020/21 ISCED 6+7 grads, per country) | G44: Numeric | J44: metric | K44: Rescaled eg_weight. Suitable for analyses of 2020/21 core group graduates (BA+MA combined) that shall attribute the same weight to this group per survey country.
D45: total_dummy | F45: Dummy variable for total number of valid cases | G45: Numeric | J45: Constant | K45: Constant (1 for all cases)
D46: a1_1a5public | F46: Public or private HEI | G46: Numeric | H46: 1 | I46: Public HEI | J46: Categorical | K46: Condensation of a1.1a5type
H47: 2 | I47: Private HEI
D48: a1_1a5uni | F48: University or Non-University | G48: Numeric | H48: 1 | I48: University | J48: Categorical | K48: Condensation of a1.1a5type
H49: 2 | I49: Non-University
D50: field_EG8cat | F50: Study fields, 8 categories | G50: Numeric | H50: 1 | I50: Education and Teachers Training | J50: Categorical | K50: 6-category condensation of a1.1a4; Categories compatible with ISCED-F-2013 broad fields: 01=1, 02=2, 03=3, 04=4, 05=5, 09=6, 06 and 07 combined into 7 (Technology & Engineering); 00, 08 and 10 combined into 8 (Other)
H51: 2 | I51: Language, Arts and Humanities
H52: 3 | I52: Social Sciences and Journalism
H53: 4 | I53: Business, Administration, Law
H54: 5 | I54: Natural Sciences (incl. Mathematics)
H55: 6 | I55: Health
H56: 7 | I56: Technology and Engineering
H57: 8 | I57: Other (Generic programmes, Agriculture/forestry/fisheries/veterinary, Services)
D58: age_cat4 | F58: Age in 4 categories | G58: Numeric | H58: 1 | I58: under 25 | J58: Ordinal | K58: Categorization of numeric age (age_exact) into categories under 25, 25 to 29, 30 to 34, 35 and older.
H59: 2 | I59: 25 to 29
H60: 3 | I60: 30 to 34
H61: 4 | I61: 35 and over
D62: age_zscore | F62: Z-scores of age | G62: Numeric | I62: under 25 | J62: Metric | K62: Z-scores of variable age_exact for modelling purposes
D63: migration | F63: Migration background of graduates | G63: Numeric | H63: 1 | I63: Native (born in survey country) | J63: Categorical | K63: Migration background with regards to the survey country, i.e. to the location of the Higher Education institution of the reference degree. Calculated based on country, e4a, e5a, e5b
H64: 2 | I64: Second generation (both parents born abroad)
H65: 3 | I65: Mixed background (one parent born abroad)
H66: 4 | I66: First generation (R. & parents born abroad)
H67: 5 | I67: Other (R. born abroad & both parents born in survey country)
D68: migration_2cat | F68: Migration background (respondent or both parents born outside survey country) di | G68: Numeric | H68: 0 | I68: No | J68: Dichotomous categorical | K68: Migration background dichotomous, condensation of migration;
H69: 1 | I69: Yes
D70: education_parents | F70: Highest level of education among parents/guardians | G70: Numeric | H70: 1 | I70: ISCED 2 or below (lower secondary or below) | J70: Ordinal | K70: Condensation (maximum) of e9a and e9b
H71: 2 | I71: ISCED 3 + 4 (upper secondary, post-secondary non-tertiary)
H72: 3 | I72: ISCED 5 + 6 + 7 (tertiary vocational)
H73: 4 | I73: ISCED 5 + 6 + 7 +8 (tertiary general, i.e. higher education)
D74: academic_background | F74: Academic Background | G74: Numeric | H74: 1 | I74: no parent holds a higher education degree | J74: Dichotomous categorical | K74: Condensation of education_parents ("2" if at least one parents holds an academic background).
H75: 2 | I75: at least one parent holds a higher education degree
D76: learning_type_lecture | F76: typology of learning environments: lecture style | G76: Numeric | H76: 0 | I76: No | J76: Dichotomous categorical | K76: Condensation of modes of teaching and learning: if high extent of a1.3a Lectures (<=2) and no high extent of project and/or problem based learning a1.3e (>2) was reported for reference programme.
H77: 1 | I77: Yes
D78: learning_type_PBL | F78: typology of learning environments: PBLstyle | G78: Numeric | H78: 0 | I78: No | J78: Dichotomous categorical | K78: Condensation of modes of teaching and learning: if no high extent of a1.3a Lectures (>2) and high extent of project and/or problem based learning a1.3e (<=2) was reported for reference programme.
H79: 1 | I79: Yes
D80: learning_type_mixed | F80: typology of learning environments: Lecture and PBL | G80: Numeric | H80: 0 | I80: No | J80: Dichotomous categorical | K80: Condensation of modes of teaching and learning: if high extent of Lectures (a1.3a <=2) and high extent of project and/or problem based learning (a1.3e <=2) was reported for reference programme.
H81: 1 | I81: Yes
D82: learning_type_different | F82: typology of learning environments: other modes | G82: Numeric | H82: 0 | I82: No | J82: Dichotomous categorical | K82: Condensation of modes of teaching and learning: if no high extent of Lectures (a1.3a >2) and no high extent of project and/or problem based learning (a1.3e >2) was reported for reference programme.
H83: 1 | I83: Yes
D84: learning_type | F84: Typology of learning environments | G84: Numeric | H84: 1 | I84: lecture style | J84: Categorical | K84: Condensation of modes of teaching and learning, mutli-categorial (categories anaologous to dichotomous variables above)
H85: 2 | I85: PBL style
H86: 3 | I86: Lecture and PBL style
H87: 4 | I87: other modes
D88: abroad_study_all | F88: Mobility during programme: study abroad | G88: Numeric | H88: 0 | I88: No | J88: Dichotomous categorical | K88: Condensation "kind of experience" of the up to 5 reportable stays abroad during reference programe (a2.1a/b/c/d/e2) - 1 if any reported stay was "study abroad"
H89: 1 | I89: Yes
D90: abroad_intern_all | F90: Mobility during programme: internship or work placement | G90: Numeric | H90: 0 | I90: No | J90: Dichotomous categorical | K90: Condensation "kind of experience" of the up to 5 reportable stays abroad during reference programe (a2.1a/b/c/d/e2) - 1 if any reported stay was "internship or work placement"
H91: 1 | I91: Yes
D92: abroad_language_all | F92: Mobility during programme: language course | G92: Numeric | H92: 0 | I92: No | J92: Dichotomous categorical | K92: Condensation "kind of experience" of the up to 5 reportable stays abroad during reference programe (a2.1a/b/c/d/e2) - 1 if any reported stay was "language course"
H93: 1 | I93: Yes
D94: abroad_summer_all | F94: Mobility during programme: summer school, workshop, etc. | G94: Numeric | H94: 0 | I94: No | J94: Dichotomous categorical | K94: Condensation "kind of experience" of the up to 5 reportable stays abroad during reference programe (a2.1a/b/c/d/e2) - 1 if any reported stay was "summer school, workhsop, etc"
H95: 1 | I95: Yes
D96: abroad_other_all | F96: Mobility during programme: other stay abroad | G96: Numeric | H96: 0 | I96: No | J96: Dichotomous categorical | K96: Condensation "kind of experience" of the up to 5 reportable stays abroad during reference programe (a2.1a/b/c/d/e2) - 1 if any reported stay was "other"
H97: 1 | I97: Yes
D98: working_exp | F98: Working experience during study programme | G98: Numeric | H98: 0 | I98: No | J98: Dichotomous categorical | K98: Condensation of whether respondents reported a work placements/internship (a2.2a=1) and/or paid labour (a2.2b=1) during reference programme.
H99: 1 | I99: Yes
D100: working_exp_rel | F100: Study related working experience | G100: Numeric | H100: 0 | I100: No | J100: Dichotomous categorical | K100: Condensation of whether respondents reported a work placements/internship (a2.2a1) and/or paid labour (a2.2b1) related to the reference programme's contents during reference programme.
...

Sheet Var_view
A1: valid | B1: Numeric | C1: 8 | D1: 0 | F1: {0, Invalid case}... | G1: None | H1: 8 | I1: Right | J1: Nominal | K1: Input
A2: eg_ID | B2: String | C2: 8 | D2: 0 | F2: None | G2: None | H2: 8 | I2: Left | J2: Nominal | K2: Input
A3: eg_weight | B3: Numeric | C3: 12 | D3: 2 | E3: ‘National Eurograduate weight (only for analyses on national level)’ | F3: None | G3: None | H3: 8 | I3: Right | J3: Scale | K3: Input
A4: weight_calib | B4: Numeric | C4: 12 | D4: 2 | E4: Raked Weight | F4: None | G4: None | H4: 8 | I4: Right | J4: Scale | K4: Input
A5: weight_design | B5: Numeric | C5: 12 | D5: 2 | F5: None | G5: None | H5: 8 | I5: Right | J5: Scale | K5: Input
A6: country | B6: String | C6: 2 | D6: 0 | E6: Survey country | F6: None | G6: None | H6: 7 | I6: Left | J6: Nominal | K6: Input
A7: cohort | B7: Numeric | C7: 8 | D7: 0 | E7: Graduate cohort | F7: {2016, 2016/17}... | G7: None | H7: 8 | I7: Right | J7: Scale | K7: Input
A8: a1_1a2yr | B8: Numeric | C8: 8 | D8: 0 | E8: Year of graduation (reference programme) | F8: {-99, Nonresponse}... | G8: LO - -1 | H8: 8 | I8: Right | J8: Scale | K8: Input
A9: a1_1a2mo | B9: Numeric | C9: 8 | D9: 0 | E9: Month of graduation (reference programme) | F9: {-99, Nonresponse}... | G9: LO - -1 | H9: 8 | I9: Right | J9: Scale | K9: Input
A10: study_dur | B10: Numeric | C10: 22 | D10: 0 | E10: Duration of reference programme | F10: {1, up to 1 year}... | G10: LO - -1 | H10: 8 | I10: Right | J10: Scale | K10: Input
A11: a1_1a3 | B11: Numeric | C11: 8 | D11: 0 | E11: Degree level (reference degree) | F11: {-99, Nonresponse}... | G11: LO - -1 | H11: 8 | I11: Right | J11: Nominal | K11: Input
A12: a1_1a5type | B12: Numeric | C12: 8 | D12: 0 | E12: HEI type | F12: {-99, Nonresponse}... | G12: LO - -1 | H12: 8 | I12: Right | J12: Scale | K12: Input
A13: a1_1a7 | B13: Numeric | C13: 8 | D13: 0 | E13: Formal enrolment status (fulltime/parttime) | F13: {-99, Nonresponse}... | G13: LO - -1 | H13: 8 | I13: Right | J13: Scale | K13: Input
A14: a1_2 | B14: Numeric | C14: 12 | D14: 2 | E14: Final grade (average) | F14: {-99,00, Nonresponse}... | G14: LO - -1,00 | H14: 8 | I14: Right | J14: Scale | K14: Input
A15: a1_2_1b | B15: Numeric | C15: 8 | D15: 0 | E15: Other instruction languages (reference programme) | F15: {-99, Nonresponse}... | G15: LO - -1 | H15: 8 | I15: Right | J15: Scale | K15: Input
A16: a2_1a | B16: Numeric | C16: 8 | D16: 0 | E16: International experience gained as part of reference programme | F16: {-99, Nonresponse}... | G16: LO - -1 | H16: 8 | I16: Right | J16: Scale | K16: Input
A17: a2_1a1 | B17: Numeric | C17: 8 | D17: 0 | E17: Type 1st international experience | F17: {-99, Nonresponse}... | G17: LO - -1 | H17: 8 | I17: Right | J17: Scale | K17: Input
... A107: e2a_mo | B107: Numeric | C107: 8 | D107: 0 | E107: Month of birth | F107: {-99, Nonresponse}... | G107: LO - -1 | H107: 8 | I107: Right | J107: Scale | K107: Input
A108: e3a1 | B108: String | C108: 3 | D108: 0 | E108: Citizenship | F108: {-66, Ex-post invalidation of answer}... | G108: =-99 -88 -66 -> -253 | H108: 4 | I108: Left | J108: Nominal | K108: Input
A109: e3a2 | B109: String | C109: 3 | D109: 0 | E109: 2nd citizenship | F109: {-66, Ex-post invalidation of answer}... | G109: =-99 -88 -66 -> -253 | H109: 4 | I109: Left | J109: Nominal | K109: Input
A110: e3a3 | B110: String | C110: 3 | D110: 0 | E110: 3rd citizenship | F110: {-66, Ex-post invalidation of answer}... | G110: =-99 -88 -66 -> -253 | H110: 4 | I110: Left | J110: Nominal | K110: Input
A111: e4a | B111: String | C111: 3 | D111: 0 | E111: Country of birth | F111: {-66, Ex-post invalidation of answer}... | G111: =-99 -88 -66 -> -253 | H111: 3 | I111: Left | J111: Nominal | K111: Input
A112: e9a | B112: Numeric | C112: 8 | D112: 0 | E112: Highest level of education mother/femal guardian | F112: {-99, Nonresponse}... | G112: LO - -1 | H112: 8 | I112: Right | J112: Scale | K112: Input
A113: e9b | B113: Numeric | C113: 8 | D113: 0 | E113: Highest level of education father/male guardian | F113: {-99, Nonresponse}... | G113: LO - -1 | H113: 8 | I113: Right | J113: Scale | K113: Input
A114: g1a | B114: Numeric | C114: 8 | D114: 0 | E114: Follow-up survey: Willingness to participate | F114: {-99, Nonresponse}... | G114: LO - -1 | H114: 8 | I114: Right | J114: Scale | K114: Input
A115: a1_3a | B115: Numeric | C115: 8 | D115: 0 | E115: Teaching and learning modes: Lectures (part of reference study programme) | F115: {-99, Nonresponse}... | G115: LO - -1 | H115: 8 | I115: Right | J115: Scale | K115: Input
A116: a1_3b | B116: Numeric | C116: 8 | D116: 0 | E116: Teaching and learning modes: Group assignments (part of reference study programm | F116: {-99, Nonresponse}... | G116: LO - -1 | H116: 8 | I116: Right | J116: Scale | K116: Input
A117: a1_3c | B117: Numeric | C117: 8 | D117: 0 | E117: Teaching and learning modes: Participation in research projects (part of referen | F117: {-99, Nonresponse}... | G117: LO - -1 | H117: 8 | I117: Right | J117: Scale | K117: Input
A118: a1_3d | B118: Numeric | C118: 8 | D118: 0 | E118: Teaching and learning modes: Internships, work placements (as formal part of you | F118: {-99, Nonresponse}... | G118: LO - -1 | H118: 8 | I118: Right | J118: Scale | K118: Input
A119: a1_3e | B119: Numeric | C119: 8 | D119: 0 | E119: Teaching and learning modes: Project and/or problem-based learning (part of refe | F119: {-99, Nonresponse}... | G119: LO - -1 | H119: 8 | I119: Right | J119: Scale | K119: Input
A120: a1_3f | B120: Numeric | C120: 8 | D120: 0 | E120: Teaching and learning modes: Written assignments (part of reference study progra | F120: {-99, Nonresponse}... | G120: LO - -1 | H120: 8 | I120: Right | J120: Scale | K120: Input
A121: a1_3g | B121: Numeric | C121: 8 | D121: 0 | E121: Teaching and learning modes: Oral presentations by students (part of reference s | F121: {-99, Nonresponse}... | G121: LO - -1 | H121: 8 | I121: Right | J121: Scale | K121: Input
A122: a1_3h | B122: Numeric | C122: 8 | D122: 0 | E122: Teaching and learning modes: Self-study (part of reference study programme) | F122: {-99, Nonresponse}... | G122: LO - -1 | H122: 8 | I122: Right | J122: Scale | K122: Input
A123: a1_3i | B123: Numeric | C123: 8 | D123: 0 | E123: Teaching and learning modes: Interdisciplinary learning activities (part of refe | F123: {-99, Nonresponse}... | G123: LO - -1 | H123: 8 | I123: Right | J123: Scale | K123: Input
... A159: b2_9a | B159: Numeric | C159: 12 | D159: 2 | E159: Gross monthly earnings | F159: {-99,00, Nonresponse}... | G159: LO - -1,00 | H159: 8 | I159: Right | J159: Scale | K159: Input
A160: b2_9a_curr | B160: String | C160: 4 | D160: 0 | E160: Currency (Gross monthly earnings) | F160: {-66, Ex-post invalidation of answer}... | G160: =-99 -88 -66 -> -253 | H160: 8 | I160: Left | J160: Nominal | K160: Input
A161: b2_9b | B161: Numeric | C161: 8 | D161: 0 | E161: Supplementary payments | F161: {-99, Nonresponse}... | G161: LO - -1 | H161: 8 | I161: Right | J161: Scale | K161: Input
A162: b2_9b_num | B162: Numeric | C162: 12 | D162: 2 | E162: Amount of supplementary payments | F162: {-99,00, Nonresponse}... | G162: LO - -1,00 | H162: 8 | I162: Right | J162: Scale | K162: Input
A163: b2_9b_curr | B163: String | C163: 4 | D163: 0 | E163: Currency (Amount of supplementary payments) | F163: {-66, Ex-post invalidation of answer}... | G163: =-99 -88 -66 -> -253 | H163: 8 | I163: Left | J163: Nominal | K163: Input
A164: b2_10 | B164: Numeric | C164: 8 | D164: 0 | E164: Earning losses during COVID-19 pandemic | F164: {-99, Nonresponse}... | G164: LO - -1 | H164: 8 | I164: Right | J164: Scale | K164: Input
A165: b2_11 | B165: Numeric | C165: 8 | D165: 0 | E165: Earning losses caused by COVID-19 pandemic | F165: {-99, Nonresponse}... | G165: LO - -1 | H165: 8 | I165: Right | J165: Scale | K165: Input
A166: b3_1 | B166: Numeric | C166: 8 | D166: 0 | E166: Vertical match (education level) | F166: {-99, Nonresponse}... | G166: LO - -1 | H166: 8 | I166: Right | J166: Scale | K166: Input
A167: b3_2a | B167: Numeric | C167: 8 | D167: 0 | E167: Horizontal match: professional qualification/study field | F167: {-99, Nonresponse}... | G167: LO - -1 | H167: 8 | I167: Right | J167: Scale | K167: Input
A168: b3_2b | B168: Numeric | C168: 8 | D168: 0 | E168: Horizontal match: position | F168: {-99, Nonresponse}... | G168: LO - -1 | H168: 8 | I168: Right | J168: Scale | K168: Input
A169: b3_2c | B169: Numeric | C169: 8 | D169: 0 | E169: Horizontal match: work tasks | F169: {-99, Nonresponse}... | G169: LO - -1 | H169: 8 | I169: Right | J169: Scale | K169: Input
A170: b4_1a | B170: Numeric | C170: 8 | D170: 0 | E170: Job satisfaction: Job contents | F170: {-99, Nonresponse}... | G170: LO - -1 | H170: 8 | I170: Right | J170: Scale | K170: Input
A171: b4_1b | B171: Numeric | C171: 8 | D171: 0 | E171: Job satisfaction: Possibility to contribute own ideas | F171: {-99, Nonresponse}... | G171: LO - -1 | H171: 8 | I171: Right | J171: Scale | K171: Input
A172: b4_1c | B172: Numeric | C172: 8 | D172: 0 | E172: Job satisfaction: Work climate | F172: {-99, Nonresponse}... | G172: LO - -1 | H172: 8 | I172: Right | J172: Scale | K172: Input
A173: b4_1d | B173: Numeric | C173: 8 | D173: 0 | E173: Job satisfaction: Professional position | F173: {-99, Nonresponse}... | G173: LO - -1 | H173: 8 | I173: Right | J173: Scale | K173: Input
A174: b4_1e | B174: Numeric | C174: 8 | D174: 0 | E174: Job satisfaction: Salary/revenues | F174: {-99, Nonresponse}... | G174: LO - -1 | H174: 8 | I174: Right | J174: Scale | K174: Input
A175: b4_1f | B175: Numeric | C175: 8 | D175: 0 | E175: Job satisfaction: Advancement opportunities | F175: {-99, Nonresponse}... | G175: LO - -1 | H175: 8 | I175: Right | J175: Scale | K175: Input
... A181: b5c | B181: Numeric | C181: 12 | D181: 2 | E181: Additional jobs: Gross monthly earnings | F181: {-99,00, Nonresponse}... | G181: LO - -1,00 | H181: 8 | I181: Right | J181: Scale | K181: Input
A182: b5c_curr | B182: String | C182: 4 | D182: 0 | E182: Currency (Additional jobs: Gross monthly earnings) | F182: {-66, Ex-post invalidation of answer}... | G182: =-99 -88 -66 -> -253 | H182: 8 | I182: Left | J182: Nominal | K182: Input
A183: b5d | B183: Numeric | C183: 8 | D183: 0 | E183: Additional jobs: Supplementary payments | F183: {-99, Nonresponse}... | G183: LO - -1 | H183: 8 | I183: Right | J183: Scale | K183: Input
A184: b5d_num | B184: Numeric | C184: 12 | D184: 0 | E184: Additional jobs: Amount of supplementary payments | F184: {-99, Nonresponse}... | G184: LO - -1 | H184: 8 | I184: Right | J184: Scale | K184: Input
A185: b5d_curr | B185: String | C185: 4 | D185: 0 | E185: Currency (Additional jobs: Amount of supplementary payments) | F185: {-66, Ex-post invalidation of answer}... | G185: =-99 -88 -66 -> -253 | H185: 8 | I185: Left | J185: Nominal | K185: Input
A186: b5_1 | B186: Numeric | C186: 8 | D186: 0 | E186: Entrepreneurship | F186: {-99, Nonresponse}... | G186: LO - -1 | H186: 8 | I186: Right | J186: Scale | K186: Input
A187: b6_2c | B187: Numeric | C187: 8 | D187: 0 | E187: Fall 2018: Supervisory tasks | F187: {-99, Nonresponse}... | G187: LO - -1 | H187: 8 | I187: Right | J187: Scale | K187: Input
A188: b6_2c_num | B188: Numeric | C188: 8 | D188: 0 | E188: Fall 2018: Number of supervised staff members | F188: {-99, Nonresponse}... | G188: LO - -1 | H188: 8 | I188: Right | J188: Scale | K188: Input
A189: b6_6 | B189: Numeric | C189: 8 | D189: 0 | E189: Fall 2018: Number of employees | F189: {-99, Nonresponse}... | G189: LO - -1 | H189: 8 | I189: Right | J189: Scale | K189: Input
A190: b6_10a | B190: Numeric | C190: 12 | D190: 2 | E190: Fall 2018: Working hours contract | F190: {-99,00, Nonresponse}... | G190: LO - -1,00 | H190: 8 | I190: Right | J190: Scale | K190: Input
A191: b6_10b | B191: Numeric | C191: 12 | D191: 2 | E191: Fall 2018: Actual working hours | F191: {-99,00, Nonresponse}... | G191: LO - -1,00 | H191: 8 | I191: Right | J191: Scale | K191: Input
A192: b6_11a | B192: Numeric | C192: 12 | D192: 2 | E192: Fall 2018: Gross monthly earnings | F192: {-99,00, Nonresponse}... | G192: LO - -1,00 | H192: 8 | I192: Right | J192: Scale | K192: Input
A193: b6_11a_curr | B193: String | C193: 4 | D193: 0 | E193: Currency (Fall 2018: Gross monthly earnings) | F193: {-66, Ex-post invalidation of answer}... | G193: =-99 -88 -66 -> -253 | H193: 8 | I193: Left | J193: Nominal | K193: Input
A194: b6_11b | B194: Numeric | C194: 8 | D194: 0 | E194: Fall 2018: Supplementary payments | F194: {-99, Nonresponse}... | G194: LO - -1 | H194: 8 | I194: Right | J194: Scale | K194: Input
A195: b6_11b_num | B195: Numeric | C195: 12 | D195: 2 | E195: Fall 2018: Amount of supplementary payments | F195: {-99,00, Nonresponse}... | G195: LO - -1,00 | H195: 8 | I195: Right | J195: Scale | K195: Input
A196: b6_11b_curr | B196: String | C196: 4 | D196: 0 | E196: Currency (Fall 2018: Amount of supplementary payments) | F196: {-66, Ex-post invalidation of answer}... | G196: =-99 -88 -66 -> -253 | H196: 8 | I196: Left | J196: Nominal | K196: Input
A197: b6_13b | B197: Numeric | C197: 9 | D197: 2 | E197: Fall 2018: Additional jobs: Hours per week | F197: {-99,00, Nonresponse}... | G197: LO - -1,00 | H197: 8 | I197: Right | J197: Scale | K197: Input
A198: b6_13c | B198: Numeric | C198: 12 | D198: 0 | E198: Fall 2018: Additional jobs: Gross monthly earnings | F198: {-99, Nonresponse}... | G198: LO - -1 | H198: 8 | I198: Right | J198: Scale | K198: Input
A199: b6_13c_curr | B199: String | C199: 3 | D199: 0 | E199: Currency (Fall 2018: Additional jobs: Gross monthly earnings) | F199: {-66, Ex-post invalidation of answer}... | G199: =-99 -88 -66 -> -253 | H199: 8 | I199: Left | J199: Nominal | K199: Input
A200: b6_13d | B200: Numeric | C200: 8 | D200: 0 | E200: Fall 2018: Additional jobs: Supplementary payments | F200: {-99, Nonresponse}... | G200: LO - -1 | H200: 8 | I200: Right | J200: Scale | K200: Input
A201: b6_13d_num | B201: Numeric | C201: 12 | D201: 0 | E201: Fall 2018: Additional jobs: Amount of supplementary payments | F201: {-99, Nonresponse}... | G201: LO - -1 | H201: 8 | I201: Right | J201: Scale | K201: Input
A202: b6_13d_curr | B202: String | C202: 3 | D202: 0 | E202: Currency (Fall 2018: Additional jobs: Amount of supplementary payments) | F202: {-66, Ex-post invalidation of answer}... | G202: =-99 -88 -66 -> -253 | H202: 8 | I202: Left | J202: Nominal | K202: Input
A203: b7_0 | B203: Numeric | C203: 8 | D203: 0 | E203: First job after graduation (refering to current job) | F203: {-99, Nonresponse}... | G203: LO - -1 | H203: 8 | I203: Right | J203: Scale | K203: Input
A204: b7_0_2018 | B204: Numeric | C204: 8 | D204: 0 | E204: First job after graduation (refering to job in fall 2018) | F204: {-99, Nonresponse}... | G204: LO - -1 | H204: 8 | I204: Right | J204: Scale | K204: Input
A205: b7_1 | B205: Numeric | C205: 8 | D205: 0 | E205: Paid work ever after graduation | F205: {-99, Nonresponse}... | G205: LO - -1 | H205: 8 | I205: Right | J205: Scale | K205: Input
A206: b7_3 | B206: Numeric | C206: 8 | D206: 0 | E206: Start of job search | F206: {-99, Nonresponse}... | G206: LO - -1 | H206: 8 | I206: Right | J206: Scale | K206: Input
A207: b8_1a | B207: Numeric | C207: 12 | D207: 0 | E207: Total number of employers since graduation | F207: {-99, Nonresponse}... | G207: LO - -1 | H207: 8 | I207: Right | J207: Scale | K207: Input
A208: b8_1b | B208: Numeric | C208: 12 | D208: 2 | E208: Total months in employment since graduation | F208: {-99,00, Nonresponse}... | G208: LO - -1,00 | H208: 8 | I208: Right | J208: Scale | K208: Input
A209: b8_2 | B209: Numeric | C209: 8 | D209: 0 | E209: Paid work during COVID-19 pandemic | F209: {-99, Nonresponse}... | G209: LO - -1 | H209: 8 | I209: Right | J209: Scale | K209: Input
A210: b8_3 | B210: Numeric | C210: 8 | D210: 0 | E210: Job loss during COVID-19 pandemic | F210: {-99, Nonresponse}... | G210: LO - -1 | H210: 8 | I210: Right | J210: Scale | K210: Input
A211: b8_4 | B211: Numeric | C211: 8 | D211: 0 | E211: Job loss due to COVID-19 pandemic | F211: {-99, Nonresponse}... | G211: LO - -1 | H211: 8 | I211: Right | J211: Scale | K211: Input
A212: b9 | B212: Numeric | C212: 8 | D212: 0 | E212: Unemployment since graduation | F212: {-99, Nonresponse}... | G212: LO - -1 | H212: 8 | I212: Right | J212: Nominal | K212: Input
A213: b9num | B213: Numeric | C213: 8 | D213: 0 | E213: Unemployment since graduation: number of times | F213: {-99, Nonresponse}... | G213: LO - -1 | H213: 8 | I213: Right | J213: Scale | K213: Input
A214: b9mo | B214: Numeric | C214: 12 | D214: 2 | E214: Unemployment since graduation: total months | F214: {-99,00, Nonresponse}... | G214: LO - -1,00 | H214: 8 | I214: Right | J214: Scale | K214: Input
... A244: d2d | B244: Numeric | C244: 8 | D244: 0 | E244: Reasons for moving to present place of residence: higher overall quality of life | F244: {-99, Nonresponse}... | G244: LO - -1 | H244: 8 | I244: Right | J244: Scale | K244: Input
A245: e5a | B245: String | C245: 3 | D245: 0 | E245: Country of birth mother/female guardian | F245: {-66, Ex-post invalidation of answer}... | G245: =-99 -88 -66 -> -253 | H245: 3 | I245: Left | J245: Nominal | K245: Input
A246: e5b | B246: String | C246: 3 | D246: 0 | E246: Country of birth father/male guardian | F246: {-66, Ex-post invalidation of answer}... | G246: =-99 -88 -66 -> -253 | H246: 3 | I246: Left | J246: Nominal | K246: Input
A247: e7a | B247: Numeric | C247: 8 | D247: 0 | E247: Partnership | F247: {-99, Nonresponse}... | G247: LO - -1 | H247: 8 | I247: Right | J247: Scale | K247: Input
A248: e7b | B248: Numeric | C248: 8 | D248: 0 | E248: Marriage/registered partnership | F248: {-99, Nonresponse}... | G248: LO - -1 | H248: 8 | I248: Right | J248: Scale | K248: Input
A249: e7c | B249: Numeric | C249: 8 | D249: 0 | E249: Shared household partner | F249: {-99, Nonresponse}... | G249: LO - -1 | H249: 8 | I249: Right | J249: Scale | K249: Input
A250: e7d | B250: Numeric | C250: 8 | D250: 0 | E250: Employment partner | F250: {-99, Nonresponse}... | G250: LO - -1 | H250: 8 | I250: Right | J250: Scale | K250: Input
A251: e7e | B251: Numeric | C251: 8 | D251: 0 | E251: Citizenship partner | F251: {-99, Nonresponse}... | G251: LO - -1 | H251: 8 | I251: Right | J251: Scale | K251: Input
A252: e7f | B252: Numeric | C252: 8 | D252: 0 | E252: Shared household parents/guardians | F252: {-99, Nonresponse}... | G252: LO - -1 | H252: 8 | I252: Right | J252: Scale | K252: Input
A253: e8a | B253: Numeric | C253: 8 | D253: 0 | E253: Children | F253: {-99, Nonresponse}... | G253: LO - -1 | H253: 8 | I253: Right | J253: Scale | K253: Input
A254: e8a_num | B254: Numeric | C254: 8 | D254: 0 | E254: Number of children | F254: {-99, Nonresponse}... | G254: LO - -1 | H254: 8 | I254: Right | J254: Scale | K254: Input
A255: e8b | B255: Numeric | C255: 8 | D255: 0 | E255: Children age | F255: {-99, Nonresponse}... | G255: LO - -1 | H255: 8 | I255: Right | J255: Scale | K255: Input
A256: e8c | B256: Numeric | C256: 8 | D256: 0 | E256: Parental leave | F256: {-99, Nonresponse}... | G256: LO - -1 | H256: 8 | I256: Right | J256: Scale | K256: Input
A257: e8c_num | B257: Numeric | C257: 8 | D257: 0 | E257: Total months of parental leave | F257: {-99, Nonresponse}... | G257: LO - -1 | H257: 8 | I257: Right | J257: Scale | K257: Input
A258: e11 | B258: Numeric | C258: 8 | D258: 0 | E258: Physical/mental health conditions/illnesses | F258: {-99, Nonresponse}... | G258: LO - -1 | H258: 8 | I258: Right | J258: Scale | K258: Input
...

Sheet App_EGfields
A1: EG study fields
A2: Value | B2: Value label
A3: 0 | B3: Generic programmes and qualifications PLUS unknown
A4: 1 | B4: Education Science
A5: 2 | B5: Teacher Training
A6: 3 | B6: Arts
A7: 4 | B7: Humanities
A8: 5 | B8: Languages
A9: 6 | B9: Social sciences, journalism and information
A10: 7 | B10: Psychology
A11: 8 | B11: Business and administration
A12: 9 | B12: Law
A13: 10 | B13: Natural sciences, mathematics and statistics
A14: 11 | B14: ICT
... A22: 19 | B22: Services

Sheet App_ISCED-F-2013
A1: ISCED-F-2013 broad field (2-digits)
A2: Value | B2: Value label
A3: 00 | B3: Generic programmes and qualifications
A4: 01 | B4: Education
A5: 02 | B5: Arts and humanities
A6: 03 | B6: Social sciences, journalism and information
A7: 04 | B7: Business, administration and law
A8: 05 | B8: Natural sciences, mathematics and statistics
A9: 06 | B9: Information and Communication Technologies
A10: 07 | B10: Engineering, manufacturing and construction
A11: 08 | B11: Agriculture, forestry, fisheries and veterinary
A12: 09 | B12: Health and welfare
A13: 10 | B13: Services
A16: ISCED-F-2013 broad field (2-digits) --> ISCED-F-2013 narrow field (3-digits)
A17: ISCED-F-2013 broad field (2-digits) | C17: ISCED-F-2013 narrow field (3-digits)
A18: Value | B18: Value label | C18: Value | D18: Value label
A19: 00 | B19: Generic programmes and qualifications | C19: 000 | D19: Generic programmes and qualifications not further defined
A20: 00 | B20: Generic programmes and qualifications | C20: 001 | D20: Basic programmes and qualifications
A21: 00 | B21: Generic programmes and qualifications | C21: 002 | D21: Literacy and numeracy
A22: 00 | B22: Generic programmes and qualifications | C22: 003 | D22: Personal skills and development
A23: 00 | B23: Generic programmes and qualifications | C23: 009 | D23: Generic programmes and qualifications not elsewhere classified
A24: 01 | B24: Education | C24: 011 | D24: Education
A25: 01 | B25: Education | C25: 018 | D25: Inter-disciplinary programmes and qualifications involving education
A26: 02 | B26: Arts and humanities | C26: 020 | D26: Arts and humanities not further defined
A27: 02 | B27: Arts and humanities | C27: 021 | D27: Arts
A28: 02 | B28: Arts and humanities | C28: 022 | D28: Humanities (except languages)
A29: 02 | B29: Arts and humanities | C29: 023 | D29: Languages
... A75: 10 | B75: Services | C75: 109 | D75: Services not elsewhere classified
A78: ISCED-F-2013 broad field (2-digits) --> ISCED-F-2013 narrow field (3-digits) --> ISCED-F-2013 detailed field (4-digits)
A79: ISCED-F-2013 broad field (2-digits) | C79: ISCED-F-2013 narrow field (3-digits) | E79: ISCED-F-2013 detailed field (4-digits)
A80: Value | B80: Value label | C80: Value | D80: Value label | E80: Value | F80: Value label
A81: 00 | B81: Generic programmes and qualifications | C81: 000 | D81: Generic programmes and qualifications not further defined | E81: 0000 | F81: Generic programmes and qualifications not further defined
A82: 00 | B82: Generic programmes and qualifications | C82: 001 | D82: Basic programmes and qualifications | E82: 0011 | F82: Basic programmes and qualifications
A83: 00 | B83: Generic programmes and qualifications | C83: 002 | D83: Literacy and numeracy | E83: 0021 | F83: Literacy and numeracy
A84: 00 | B84: Generic programmes and qualifications | C84: 003 | D84: Personal skills and development | E84: 0031 | F84: Personal skills and development
A85: 00 | B85: Generic programmes and qualifications | C85: 009 | D85: Generic programmes and qualifications not elsewhere classified | E85: 0099 | F85: Generic programmes and qualifications not elsewhere classified
A86: 01 | B86: Education | C86: 011 | D86: Education | E86: 0110 | F86: Education not further defined
A87: 01 | B87: Education | C87: 011 | D87: Education | E87: 0111 | F87: Education science
A88: 01 | B88: Education | C88: 011 | D88: Education | E88: 0112 | F88: Training for pre-school teachers
A89: 01 | B89: Education | C89: 011 | D89: Education | E89: 0113 | F89: Teacher training without subject specialisation
A90: 01 | B90: Education | C90: 011 | D90: Education | E90: 0114 | F90: Teacher training with subject specialisation
A91: 01 | B91: Education | C91: 011 | D91: Education | E91: 0119 | F91: Education not elsewhere classified
... A228: 10 | B228: Services | C228: 109 | D228: Services not elsewhere classified | E228: 1099 | F228: Services not elsewhere classified

Sheet App_NUTS3
A1: NUTS-3-Codes (2021) | D1: You can search for your country's NUTS 3 regions in this table
A2: Value | B2: Value label | D2: Insert country code here: | E2: Value | F2: Value label | G2: Auxiliary column searching for NUTS 3 regions of specific country
A3: BG311 | B3: Видин | D3: BG | E3: {=IF((MATCH($D$3,$G$3:$G$806,0)+ROW(E3)-1)<=MAX(IF(ISNUMBER(SEARCH($D$3,$G$3:$G$900)),ROW($G$3:$G$900))),INDIRECT("R"&(MATCH($D$3,$G$3:$G$806,0)+ROW(E3)-1)&"C1",FALSE),"")} -> #REF! | F3: {=IF((MATCH($D$3,$G$3:$G$806,0)+ROW(E3)-1)<=MAX(IF(ISNUMBER(SEARCH($D$3,$G$3:$G$900)),ROW($G$3:$G$900))),INDIRECT("R"&(MATCH($D$3,$G$3:$G$806,0)+ROW(E3)-1)&"C2",FALSE),"")} -> #REF! | G3: BG
A4: BG312 | B4: Монтана | E4: {=IF((MATCH($D$3,$G$3:$G$806,0)+ROW(E4)-1)<=MAX(IF(ISNUMBER(SEARCH($D$3,$G$3:$G$900)),ROW($G$3:$G$900))),INDIRECT("R"&(MATCH($D$3,$G$3:$G$806,0)+ROW(E4)-1)&"C1",FALSE),"")} -> #REF! | F4: {=IF((MATCH($D$3,$G$3:$G$806,0)+ROW(E4)-1)<=MAX(IF(ISNUMBER(SEARCH($D$3,$G$3:$G$900)),ROW($G$3:$G$900))),INDIRECT("R"&(MATCH($D$3,$G$3:$G$806,0)+ROW(E4)-1)&"C2",FALSE),"")} -> #REF! | G4: BG
A5: BG313 | B5: Враца | E5: {=IF((MATCH($D$3,$G$3:$G$806,0)+ROW(E5)-1)<=MAX(IF(ISNUMBER(SEARCH($D$3,$G$3:$G$900)),ROW($G$3:$G$900))),INDIRECT("R"&(MATCH($D$3,$G$3:$G$806,0)+ROW(E5)-1)&"C1",FALSE),"")} -> #REF! | F5: {=IF((MATCH($D$3,$G$3:$G$806,0)+ROW(E5)-1)<=MAX(IF(ISNUMBER(SEARCH($D$3,$G$3:$G$900)),ROW($G$3:$G$900))),INDIRECT("R"&(MATCH($D$3,$G$3:$G$806,0)+ROW(E5)-1)&"C2",FALSE),"")} -> #REF! | G5: BG
A6: BG314 | B6: Плевен | E6: {=IF((MATCH($D$3,$G$3:$G$806,0)+ROW(E6)-1)<=MAX(IF(ISNUMBER(SEARCH($D$3,$G$3:$G$900)),ROW($G$3:$G$900))),INDIRECT("R"&(MATCH($D$3,$G$3:$G$806,0)+ROW(E6)-1)&"C1",FALSE),"")} -> #REF! | F6: {=IF((MATCH($D$3,$G$3:$G$806,0)+ROW(E6)-1)<=MAX(IF(ISNUMBER(SEARCH($D$3,$G$3:$G$900)),ROW($G$3:$G$900))),INDIRECT("R"&(MATCH($D$3,$G$3:$G$806,0)+ROW(E6)-1)&"C2",FALSE),"")} -> #REF! | G6: BG
A7: BG315 | B7: Ловеч | E7: {=IF((MATCH($D$3,$G$3:$G$806,0)+ROW(E7)-1)<=MAX(IF(ISNUMBER(SEARCH($D$3,$G$3:$G$900)),ROW($G$3:$G$900))),INDIRECT("R"&(MATCH($D$3,$G$3:$G$806,0)+ROW(E7)-1)&"C1",FALSE),"")} -> #REF! | F7: {=IF((MATCH($D$3,$G$3:$G$806,0)+ROW(E7)-1)<=MAX(IF(ISNUMBER(SEARCH($D$3,$G$3:$G$900)),ROW($G$3:$G$900))),INDIRECT("R"&(MATCH($D$3,$G$3:$G$806,0)+ROW(E7)-1)&"C2",FALSE),"")} -> #REF! | G7: BG
A8: BG321 | B8: Велико Търново | E8: {=IF((MATCH($D$3,$G$3:$G$806,0)+ROW(E8)-1)<=MAX(IF(ISNUMBER(SEARCH($D$3,$G$3:$G$900)),ROW($G$3:$G$900))),INDIRECT("R"&(MATCH($D$3,$G$3:$G$806,0)+ROW(E8)-1)&"C1",FALSE),"")} -> #REF! | F8: {=IF((MATCH($D$3,$G$3:$G$806,0)+ROW(E8)-1)<=MAX(IF(ISNUMBER(SEARCH($D$3,$G$3:$G$900)),ROW($G$3:$G$900))),INDIRECT("R"&(MATCH($D$3,$G$3:$G$806,0)+ROW(E8)-1)&"C2",FALSE),"")} -> #REF! | G8: BG
A9: BG322 | B9: Габрово | E9: {=IF((MATCH($D$3,$G$3:$G$806,0)+ROW(E9)-1)<=MAX(IF(ISNUMBER(SEARCH($D$3,$G$3:$G$900)),ROW($G$3:$G$900))),INDIRECT("R"&(MATCH($D$3,$G$3:$G$806,0)+ROW(E9)-1)&"C1",FALSE),"")} -> #REF! | F9: {=IF((MATCH($D$3,$G$3:$G$806,0)+ROW(E9)-1)<=MAX(IF(ISNUMBER(SEARCH($D$3,$G$3:$G$900)),ROW($G$3:$G$900))),INDIRECT("R"&(MATCH($D$3,$G$3:$G$806,0)+ROW(E9)-1)&"C2",FALSE),"")} -> #REF! | G9: BG
A10: BG323 | B10: Русе | E10: {=IF((MATCH($D$3,$G$3:$G$806,0)+ROW(E10)-1)<=MAX(IF(ISNUMBER(SEARCH($D$3,$G$3:$G$900)),ROW($G$3:$G$900))),INDIRECT("R"&(MATCH($D$3,$G$3:$G$806,0)+ROW(E10)-1)&"C1",FALSE),"")} -> #REF! | F10: {=IF((MATCH($D$3,$G$3:$G$806,0)+ROW(E10)-1)<=MAX(IF(ISNUMBER(SEARCH($D$3,$G$3:$G$900)),ROW($G$3:$G$900))),INDIRECT("R"&(MATCH($D$3,$G$3:$G$806,0)+ROW(E10)-1)&"C2",FALSE),"")} -> #REF! | G10: BG
A11: BG324 | B11: Разград | E11: {=IF((MATCH($D$3,$G$3:$G$806,0)+ROW(E11)-1)<=MAX(IF(ISNUMBER(SEARCH($D$3,$G$3:$G$900)),ROW($G$3:$G$900))),INDIRECT("R"&(MATCH($D$3,$G$3:$G$806,0)+ROW(E11)-1)&"C1",FALSE),"")} -> #REF! | F11: {=IF((MATCH($D$3,$G$3:$G$806,0)+ROW(E11)-1)<=MAX(IF(ISNUMBER(SEARCH($D$3,$G$3:$G$900)),ROW($G$3:$G$900))),INDIRECT("R"&(MATCH($D$3,$G$3:$G$806,0)+ROW(E11)-1)&"C2",FALSE),"")} -> #REF! | G11: BG
A12: BG325 | B12: Силистра | E12: {=IF((MATCH($D$3,$G$3:$G$806,0)+ROW(E12)-1)<=MAX(IF(ISNUMBER(SEARCH($D$3,$G$3:$G$900)),ROW($G$3:$G$900))),INDIRECT("R"&(MATCH($D$3,$G$3:$G$806,0)+ROW(E12)-1)&"C1",FALSE),"")} -> #REF! | F12: {=IF((MATCH($D$3,$G$3:$G$806,0)+ROW(E12)-1)<=MAX(IF(ISNUMBER(SEARCH($D$3,$G$3:$G$900)),ROW($G$3:$G$900))),INDIRECT("R"&(MATCH($D$3,$G$3:$G$806,0)+ROW(E12)-1)&"C2",FALSE),"")} -> #REF! | G12: BG
A13: BG331 | B13: Варна | E13: {=IF((MATCH($D$3,$G$3:$G$806,0)+ROW(E13)-1)<=MAX(IF(ISNUMBER(SEARCH($D$3,$G$3:$G$900)),ROW($G$3:$G$900))),INDIRECT("R"&(MATCH($D$3,$G$3:$G$806,0)+ROW(E13)-1)&"C1",FALSE),"")} -> #REF! | F13: {=IF((MATCH($D$3,$G$3:$G$806,0)+ROW(E13)-1)<=MAX(IF(ISNUMBER(SEARCH($D$3,$G$3:$G$900)),ROW($G$3:$G$900))),INDIRECT("R"&(MATCH($D$3,$G$3:$G$806,0)+ROW(E13)-1)&"C2",FALSE),"")} -> #REF! | G13: BG
A14: BG332 | B14: Добрич | E14: {=IF((MATCH($D$3,$G$3:$G$806,0)+ROW(E14)-1)<=MAX(IF(ISNUMBER(SEARCH($D$3,$G$3:$G$900)),ROW($G$3:$G$900))),INDIRECT("R"&(MATCH($D$3,$G$3:$G$806,0)+ROW(E14)-1)&"C1",FALSE),"")} -> #REF! | F14: {=IF((MATCH($D$3,$G$3:$G$806,0)+ROW(E14)-1)<=MAX(IF(ISNUMBER(SEARCH($D$3,$G$3:$G$900)),ROW($G$3:$G$900))),INDIRECT("R"&(MATCH($D$3,$G$3:$G$806,0)+ROW(E14)-1)&"C2",FALSE),"")} -> #REF! | G14: BG
A15: BG333 | B15: Шумен | E15: {=IF((MATCH($D$3,$G$3:$G$806,0)+ROW(E15)-1)<=MAX(IF(ISNUMBER(SEARCH($D$3,$G$3:$G$900)),ROW($G$3:$G$900))),INDIRECT("R"&(MATCH($D$3,$G$3:$G$806,0)+ROW(E15)-1)&"C1",FALSE),"")} -> #REF! | F15: {=IF((MATCH($D$3,$G$3:$G$806,0)+ROW(E15)-1)<=MAX(IF(ISNUMBER(SEARCH($D$3,$G$3:$G$900)),ROW($G$3:$G$900))),INDIRECT("R"&(MATCH($D$3,$G$3:$G$806,0)+ROW(E15)-1)&"C2",FALSE),"")} -> #REF! | G15: BG
... A806: SKZZZ | B806: Extra-Regio NUTS 3 | E806: {=IF((MATCH($D$3,$G$3:$G$806,0)+ROW(E806)-1)<=MAX(IF(ISNUMBER(SEARCH($D$3,$G$3:$G$900)),ROW($G$3:$G$900))),INDIRECT("R"&(MATCH($D$3,$G$3:$G$806,0)+ROW(E806)-1)&"C1",FALSE),"")} | F806: {=IF((MATCH($D$3,$G$3:$G$806,0)+ROW(E806)-1)<=MAX(IF(ISNUMBER(SEARCH($D$3,$G$3:$G$900)),ROW($G$3:$G$900))),INDIRECT("R"&(MATCH($D$3,$G$3:$G$806,0)+ROW(E806)-1)&"C2",FALSE),"")} | G806: SK

Sheet App_languages
A1: Languages
A2: Value | B2: Value Label
A3: af | B3: Afrikaans
A4: sq | B4: Albanian
A5: am | B5: Amharic
A6: ar | B6: Arabic
A7: be | B7: Belarusian
A8: bn | B8: Bengali
A9: bs | B9: Bosnian
A10: bg | B10: Bulgarian
A11: ca | B11: Catalan
A12: zh | B12: Chinese
A13: hr | B13: Croatian
... A65: owd | B65: Other Language in Other Worldregion

Sheet App_countries
A1: Countries
A2: Value | B2: Value label
A3: AF | B3: Afghanistan
A4: AL | B4: Albania
A5: DZ | B5: Algeria
A6: AS | B6: American Samoa
A7: AD | B7: Andorra
A8: AO | B8: Angola
A9: AI | B9: Anguilla
A10: AQ | B10: Antarctica
A11: AG | B11: Antigua and Barbuda
A12: AR | B12: Argentina
A13: AM | B13: Armenia
... A257: owd | B257: Other Country in North/Central/South America/The Caribbean/Antarctica

Sheet App_currencies
A1: Currencies
A2: Value | B2: Value label
A3: AFN | B3: Afghani
A4: DZD | B4: Algerian Dinar
A5: ARS | B5: Argentine Peso
A6: AMD | B6: Armenian Dram
A7: AWG | B7: Aruban Florin
A8: AUD | B8: Australian Dollar
A9: AZN | B9: Azerbaijanian Manat
A10: BSD | B10: Bahamian Dollar
A11: BHD | B11: Bahraini Dinar
A12: THB | B12: Baht
A13: PAB | B13: Balboa
... A167: PLN | B167: Zloty

Sheet App_occupations
A1: ISCO-08 occupations level 1
A2: Value | B2: Value label
A3: 1 | B3: Managers
A4: 2 | B4: Professionals
A5: 3 | B5: Technicians and Associate Professionals
A6: 4 | B6: Clerical Support Workers
A7: 5 | B7: Service and Sales Workers
A8: 6 | B8: Skilled Agricultural, Forestry and Fishery Workers
A9: 7 | B9: Craft and Related Trades Workers
A10: 8 | B10: Plant and Machine Operators, and Assemblers
A11: 9 | B11: Elementary Occupations
A12: 0 | B12: Armed Forces Occupations
A15: ISCO-08 occupations level 1 --> ISCO-08 occupations level 2
A16: ISCO-08 occupations level 1 | C16: ISCO-08 occupations level 2
A17: Value | B17: Value label | C17: Value | D17: Value label
A18: 1 | B18: Managers | C18: 11 | D18: Chief Executives, Senior Officials and Legislators
A19: 1 | B19: Managers | C19: 12 | D19: Administrative and Commercial Managers
A20: 1 | B20: Managers | C20: 13 | D20: Production and Specialized Services Managers
A21: 1 | B21: Managers | C21: 14 | D21: Hospitality, Retail and Other Services Managers
A22: 2 | B22: Professionals | C22: 21 | D22: Science and Engineering Professionals
A23: 2 | B23: Professionals | C23: 22 | D23: Health Professionals
A24: 2 | B24: Professionals | C24: 23 | D24: Teaching Professionals
A25: 2 | B25: Professionals | C25: 24 | D25: Business and Administration Professionals
A26: 2 | B26: Professionals | C26: 25 | D26: Information and Communications Technology Professionals
A27: 2 | B27: Professionals | C27: 26 | D27: Legal, Social and Cultural Professionals
A28: 3 | B28: Technicians and Associate Professionals | C28: 31 | D28: Science and Engineering Associate Professionals
A29: 3 | B29: Technicians and Associate Professionals | C29: 32 | D29: Health Associate Professionals
... A60: 0 | B60: Armed Forces Occupations | C60: 03 | D60: Armed Forces Occupations, Other Ranks
A63: ISCO-08 occupations level 1 --> ISCO-08 occupations level 2 --> ISCO-08 occupations level 3
A64: ISCO-08 occupations level 1 | C64: ISCO-08 occupations level 2 | E64: ISCO-08 occupations level 3
A65: Value | B65: Value label | C65: Value | D65: Value label | E65: Value | F65: Value label
A66: 1 | B66: Managers | C66: 11 | D66: Chief Executives, Senior Officials and Legislators | E66: 111 | F66: Legislators and Senior Officials
A67: 1 | B67: Managers | C67: 11 | D67: Chief Executives, Senior Officials and Legislators | E67: 112 | F67: Managing Directors and Chief Executives
A68: 1 | B68: Managers | C68: 12 | D68: Administrative and Commercial Managers | E68: 121 | F68: Business Services and Administration Managers
A69: 1 | B69: Managers | C69: 12 | D69: Administrative and Commercial Managers | E69: 122 | F69: Sales, Marketing and Development Managers
A70: 1 | B70: Managers | C70: 13 | D70: Production and Specialized Services Managers | E70: 131 | F70: Production Managers in Agriculture, Forestry and Fisheries
A71: 1 | B71: Managers | C71: 13 | D71: Production and Specialized Services Managers | E71: 132 | F71: Manufacturing, Mining, Construction and Distribution Managers
A72: 1 | B72: Managers | C72: 13 | D72: Production and Specialized Services Managers | E72: 133 | F72: Information and Communications Technology Service managers
A73: 1 | B73: Managers | C73: 13 | D73: Production and Specialized Services Managers | E73: 134 | F73: Professional Services Managers
A74: 1 | B74: Managers | C74: 14 | D74: Hospitality, Retail and Other Services Managers | E74: 141 | F74: Hotel and Restaurant Managers
A75: 1 | B75: Managers | C75: 14 | D75: Hospitality, Retail and Other Services Managers | E75: 142 | F75: Retail and Wholesale Trade Managers
A76: 1 | B76: Managers | C76: 14 | D76: Hospitality, Retail and Other Services Managers | E76: 143 | F76: Other Services Managers
A77: 2 | B77: Professionals | C77: 21 | D77: Science and Engineering Professionals | E77: 211 | F77: Physical and Earth Science Professionals
A78: 2 | B78: Professionals | C78: 21 | D78: Science and Engineering Professionals | E78: 212 | F78: Mathematicians, Actuaries and Statisticians
A79: 2 | B79: Professionals | C79: 21 | D79: Science and Engineering Professionals | E79: 213 | F79: Life Science Professionals
A80: 2 | B80: Professionals | C80: 21 | D80: Science and Engineering Professionals | E80: 214 | F80: Engineering Professionals (excluding Electrotechnology)
A81: 2 | B81: Professionals | C81: 21 | D81: Science and Engineering Professionals | E81: 215 | F81: Electrotechnology Engineers
A82: 2 | B82: Professionals | C82: 21 | D82: Science and Engineering Professionals | E82: 216 | F82: Architects, Planners, Surveyors and Designers
A83: 2 | B83: Professionals | C83: 22 | D83: Health Professionals | E83: 221 | F83: Medical Doctors
A84: 2 | B84: Professionals | C84: 22 | D84: Health Professionals | E84: 222 | F84: Nursing and Midwifery Professionals
A85: 2 | B85: Professionals | C85: 22 | D85: Health Professionals | E85: 223 | F85: Traditional and Complementary Medicine Professionals
A86: 2 | B86: Professionals | C86: 22 | D86: Health Professionals | E86: 224 | F86: Paramedical Practitioners
A87: 2 | B87: Professionals | C87: 22 | D87: Health Professionals | E87: 225 | F87: Veterinarians
A88: 2 | B88: Professionals | C88: 22 | D88: Health Professionals | E88: 226 | F88: Other Health Professionals
A89: 2 | B89: Professionals | C89: 23 | D89: Teaching Professionals | E89: 231 | F89: University and Higher Education Teachers
... A126: 4 | B126: Clerical Support Workers | C126: 41 | D126: General and Keyboard Clerks | E126: 413 | F126: Keyboard Operators
A127: 4 | B127: Clerical Support Workers | C127: 42 | D127: Customer Services Clerks | E127: 421 | F127: Tellers, Money Collectors and Related Clerks
A128: 4 | B128: Clerical Support Workers | C128: 42 | D128: Customer Services Clerks | E128: 422 | F128: Client Information Workers
A129: 4 | B129: Clerical Support Workers | C129: 43 | D129: Numerical and Material Recording Clerks | E129: 431 | F129: Numerical Clerks
A130: 4 | B130: Clerical Support Workers | C130: 43 | D130: Numerical and Material Recording Clerks | E130: 432 | F130: Material Recording and Transport Clerks
A131: 4 | B131: Clerical Support Workers | C131: 44 | D131: Other Clerical Support Workers | E131: 441 | F131: Other Clerical Support Workers
A132: 5 | B132: Service and Sales Workers | C132: 51 | D132: Personal Service Workers | E132: 511 | F132: Travel Attendants, Conductors and Guides
A133: 5 | B133: Service and Sales Workers | C133: 51 | D133: Personal Service Workers | E133: 512 | F133: Cooks
A134: 5 | B134: Service and Sales Workers | C134: 51 | D134: Personal Service Workers | E134: 513 | F134: Waiters and Bartenders
A135: 5 | B135: Service and Sales Workers | C135: 51 | D135: Personal Service Workers | E135: 514 | F135: Hairdressers, Beauticians and Related Workers
A136: 5 | B136: Service and Sales Workers | C136: 51 | D136: Personal Service Workers | E136: 515 | F136: Building and Housekeeping Supervisors
A137: 5 | B137: Service and Sales Workers | C137: 51 | D137: Personal Service Workers | E137: 516 | F137: Other Personal Services Workers
A138: 5 | B138: Service and Sales Workers | C138: 52 | D138: Sales Workers | E138: 521 | F138: Street and Market Salespersons
A139: 5 | B139: Service and Sales Workers | C139: 52 | D139: Sales Workers | E139: 522 | F139: Shop Aalespersons
A140: 5 | B140: Service and Sales Workers | C140: 52 | D140: Sales Workers | E140: 523 | F140: Cashiers and Ticket Clerks
A141: 5 | B141: Service and Sales Workers | C141: 52 | D141: Sales Workers | E141: 524 | F141: Other Sales Workers
A142: 5 | B142: Service and Sales Workers | C142: 53 | D142: Personal Care Workers | E142: 531 | F142: Child Care Workers and Teachers' Aides
A143: 5 | B143: Service and Sales Workers | C143: 53 | D143: Personal Care Workers | E143: 532 | F143: Personal Care Workers in Health Services
A144: 5 | B144: Service and Sales Workers | C144: 54 | D144: Protective Services Workers | E144: 541 | F144: Protective Services Workers
A145: 6 | B145: Skilled Agricultural, Forestry and Fishery Workers | C145: 61 | D145: Market-oriented Skilled Agricultural Workers | E145: 611 | F145: Market Gardeners and Crop Growers
A146: 6 | B146: Skilled Agricultural, Forestry and Fishery Workers | C146: 61 | D146: Market-oriented Skilled Agricultural Workers | E146: 612 | F146: Animal Producers
A147: 6 | B147: Skilled Agricultural, Forestry and Fishery Workers | C147: 61 | D147: Market-oriented Skilled Agricultural Workers | E147: 613 | F147: Mixed Crop and Animal Producers
A148: 6 | B148: Skilled Agricultural, Forestry and Fishery Workers | C148: 62 | D148: Market-Oriented Skilled Forestry, Fishery and Hunting Workers | E148: 621 | F148: Forestry and Related Workers
A149: 6 | B149: Skilled Agricultural, Forestry and Fishery Workers | C149: 62 | D149: Market-Oriented Skilled Forestry, Fishery and Hunting Workers | E149: 622 | F149: Fishery Workers, Hunters and Trappers
A150: 6 | B150: Skilled Agricultural, Forestry and Fishery Workers | C150: 63 | D150: Subsistence Farmers, Fishers, Hunters and Gatherers | E150: 631 | F150: Subsistence Crop Farmers
A151: 6 | B151: Skilled Agricultural, Forestry and Fishery Workers | C151: 63 | D151: Subsistence Farmers, Fishers, Hunters and Gatherers | E151: 632 | F151: Subsistence Livestock Farmers
A152: 6 | B152: Skilled Agricultural, Forestry and Fishery Workers | C152: 63 | D152: Subsistence Farmers, Fishers, Hunters and Gatherers | E152: 633 | F152: Subsistence Mixed Crop and Livestock Farmers
A153: 6 | B153: Skilled Agricultural, Forestry and Fishery Workers | C153: 63 | D153: Subsistence Farmers, Fishers, Hunters and Gatherers | E153: 634 | F153: Subsistence Fishers, Hunters, Trappers and Gatherers
A154: 7 | B154: Craft and Related Trades Workers | C154: 71 | D154: Building and Related Trades Workers (excluding Electricians) | E154: 711 | F154: Building Frame and Related Trades Workers
A155: 7 | B155: Craft and Related Trades Workers | C155: 71 | D155: Building and Related Trades Workers (excluding Electricians) | E155: 712 | F155: Building Finishers and Related Trades Workers
A156: 7 | B156: Craft and Related Trades Workers | C156: 71 | D156: Building and Related Trades Workers (excluding Electricians) | E156: 713 | F156: Painters, Building Structure Cleaners and Related Trades Workers
A157: 7 | B157: Craft and Related Trades Workers | C157: 72 | D157: Metal, Machinery and Related Trades Workers | E157: 721 | F157: Sheet and Structural Metal Workers, Moulders and Welders, and Related Workers
A158: 7 | B158: Craft and Related Trades Workers | C158: 72 | D158: Metal, Machinery and Related Trades Workers | E158: 722 | F158: Blacksmiths, Toolmakers and Related Trades Workers
A159: 7 | B159: Craft and Related Trades Workers | C159: 72 | D159: Metal, Machinery and Related Trades Workers | E159: 723 | F159: Machinery Mechanics and Repairers
A160: 7 | B160: Craft and Related Trades Workers | C160: 73 | D160: Handicraft and Printing Workers | E160: 731 | F160: Handicraft Workers
A161: 7 | B161: Craft and Related Trades Workers | C161: 73 | D161: Handicraft and Printing Workers | E161: 732 | F161: Printing Trades Workers
A162: 7 | B162: Craft and Related Trades Workers | C162: 74 | D162: Electrical and Electronics Trades Workers | E162: 741 | F162: Electrical Equipment Installers and Repairers
A163: 7 | B163: Craft and Related Trades Workers | C163: 74 | D163: Electrical and Electronics Trades Workers | E163: 742 | F163: Electronics and Telecommunications Installers and Repairers
A164: 7 | B164: Craft and Related Trades Workers | C164: 75 | D164: Food Processing, Woodworking, Garment and Other Craft and Related Trades Workers | E164: 751 | F164: Food Processing and Related Trades Workers
A165: 7 | B165: Craft and Related Trades Workers | C165: 75 | D165: Food Processing, Woodworking, Garment and Other Craft and Related Trades Workers | E165: 752 | F165: Wood Treaters, Cabinet-makers and Related Trades Workers
A166: 7 | B166: Craft and Related Trades Workers | C166: 75 | D166: Food Processing, Woodworking, Garment and Other Craft and Related Trades Workers | E166: 753 | F166: Garment and Related Trades Workers
A167: 7 | B167: Craft and Related Trades Workers | C167: 75 | D167: Food Processing, Woodworking, Garment and Other Craft and Related Trades Workers | E167: 754 | F167: Other Craft and Related Workers
A168: 8 | B168: Plant and Machine Operators, and Assemblers | C168: 81 | D168: Stationary Plant and Machine Operators | E168: 811 | F168: Mining and Mineral Processing Plant Operators
A169: 8 | B169: Plant and Machine Operators, and Assemblers | C169: 81 | D169: Stationary Plant and Machine Operators | E169: 812 | F169: Metal Processing and Finishing Plant Operators
A170: 8 | B170: Plant and Machine Operators, and Assemblers | C170: 81 | D170: Stationary Plant and Machine Operators | E170: 813 | F170: Chemical and Photographic Products Plant and Machine Operators
...

Sheet App_businesssectors
A1: NACE-rev2.0 industries 1 digit (NACE2001)
A2: Value | B2: Value label | D2: Syntax NACE-rev2.0 industries 1 digit
A3: 1 | B3: Agriculture, forestry and fishing (A) | D3: =IF(A2="Value","VALUE LABELS [variable_name] "&A3&" '"&B3&"'",IF(A4="",A3&" '"&B3&"'.",A3&" '"&B3&"'")) -> VALUE LABELS [variable_name] 1 'Agriculture, forestry and fishing (A)'
A4: 2 | B4: Mining and quarrying (B) | D4: =IF(A3="Value","VALUE LABELS [variable_name] "&A4&" '"&B4&"'",IF(A5="",A4&" '"&B4&"'.",A4&" '"&B4&"'")) -> 2 'Mining and quarrying (B)'
A5: 3 | B5: Manufacturing (C) | D5: =IF(A4="Value","VALUE LABELS [variable_name] "&A5&" '"&B5&"'",IF(A6="",A5&" '"&B5&"'.",A5&" '"&B5&"'")) -> 3 'Manufacturing (C)'
A6: 4 | B6: Electricity, gas, steam and air conditioning supply (D) | D6: =IF(A5="Value","VALUE LABELS [variable_name] "&A6&" '"&B6&"'",IF(A7="",A6&" '"&B6&"'.",A6&" '"&B6&"'")) -> 4 'Electricity, gas, steam and air conditioning supply (D)'
A7: 5 | B7: Water supply; sewerage, waste management and remediation activities (E) | D7: =IF(A6="Value","VALUE LABELS [variable_name] "&A7&" '"&B7&"'",IF(A8="",A7&" '"&B7&"'.",A7&" '"&B7&"'")) -> 5 'Water supply; sewerage, waste management and remediation activities (E)'
A8: 6 | B8: Construction (F) | D8: =IF(A7="Value","VALUE LABELS [variable_name] "&A8&" '"&B8&"'",IF(A9="",A8&" '"&B8&"'.",A8&" '"&B8&"'")) -> 6 'Construction (F)'
A9: 7 | B9: Wholesale and retail trade; repair of motor vehicles and motorcycles (G) | D9: =IF(A8="Value","VALUE LABELS [variable_name] "&A9&" '"&B9&"'",IF(A10="",A9&" '"&B9&"'.",A9&" '"&B9&"'")) -> 7 'Wholesale and retail trade; repair of motor vehicles and motorcycles (G)'
A10: 8 | B10: Transportation and storage (H) | D10: =IF(A9="Value","VALUE LABELS [variable_name] "&A10&" '"&B10&"'",IF(A11="",A10&" '"&B10&"'.",A10&" '"&B10&"'")) -> 8 'Transportation and storage (H)'
A11: 9 | B11: Accommodation and food service activities (I) | D11: =IF(A10="Value","VALUE LABELS [variable_name] "&A11&" '"&B11&"'",IF(A12="",A11&" '"&B11&"'.",A11&" '"&B11&"'")) -> 9 'Accommodation and food service activities (I)'
A12: 10 | B12: Information and communication (J) | D12: =IF(A11="Value","VALUE LABELS [variable_name] "&A12&" '"&B12&"'",IF(A13="",A12&" '"&B12&"'.",A12&" '"&B12&"'")) -> 10 'Information and communication (J)'
A13: 11 | B13: Financial and insurance activities (K) | D13: =IF(A12="Value","VALUE LABELS [variable_name] "&A13&" '"&B13&"'",IF(A14="",A13&" '"&B13&"'.",A13&" '"&B13&"'")) -> 11 'Financial and insurance activities (K)'
A14: 12 | B14: Real estate activities (L) | D14: =IF(A13="Value","VALUE LABELS [variable_name] "&A14&" '"&B14&"'",IF(A15="",A14&" '"&B14&"'.",A14&" '"&B14&"'")) -> 12 'Real estate activities (L)'
... A23: 21 | B23: Activities of extraterritorial organisations and bodies (U) | D23: =IF(A22="Value","VALUE LABELS [variable_name] "&A23&" '"&B23&"'",IF(A24="",A23&" '"&B23&"'.",A23&" '"&B23&"'")) -> 21 'Activities of extraterritorial organisations and bodies (U)'.
A26: NACE-rev2.0 industries 1 digit (NACE2001) --> NACE-rev2.0 industries 2 digit (NACE2002)
A27: NACE-rev2.0 industries 1 digit | C27: NACE-rev2.0 industries 2 digit
A28: Value | B28: Value label | C28: Value | D28: Value label
A29: 1 | B29: Agriculture, forestry and fishing (A) | C29: 1 | D29: Crop and animal production, hunting and related service activities
A30: 1 | B30: Agriculture, forestry and fishing (A) | C30: 2 | D30: Forestry and logging
A31: 1 | B31: Agriculture, forestry and fishing (A) | C31: 3 | D31: Fishing and aquaculture
A32: 2 | B32: Mining and quarrying (B) | C32: 5 | D32: Mining of coal and lignite
A33: 2 | B33: Mining and quarrying (B) | C33: 6 | D33: Extraction of crude petroleum and natural gas
A34: 2 | B34: Mining and quarrying (B) | C34: 7 | D34: Mining of metal ores
A35: 2 | B35: Mining and quarrying (B) | C35: 8 | D35: Other mining and quarrying
A36: 2 | B36: Mining and quarrying (B) | C36: 9 | D36: Mining support service activities
A37: 3 | B37: Manufacturing (C) | C37: 10 | D37: Manufacture of food products
A38: 3 | B38: Manufacturing (C) | C38: 11 | D38: Manufacture of beverages
A39: 3 | B39: Manufacturing (C) | C39: 12 | D39: Manufacture of tobacco products
A40: 3 | B40: Manufacturing (C) | C40: 13 | D40: Manufacture of textiles
... A116: 21 | B116: Activities of extraterritorial organisations and bodies (U) | C116: 99 | D116: Activities of extraterritorial organisations and bodies

Sheet Missing_codings
A1: Missing values
A2: Missing values in 8 categories (for numeric variables) | F2: Missing values in 3 categories (for string variables)
A3: Value | C3: Value label | D3: Application | E3: Examples | F3: Value | G3: Value label | H3: Application
A4: -99 | B4: ="'"&C4&"'" -> 'Nonresponse' | C4: Nonresponse | D4: Survey variables: Question was seen by respondent, no answer was selected or indicated. Calculated variables: Variable(s) needed for construction is/are missing for the case. | E4: Respondent does not respond to a single-choice question Respondent does not select any option of a multiple-choice question Respondent does not report on a specific competence, but has reported on all other compentences | F4: -99 | G4: No interpretable answer provided | H4: Respondent did not provide an answer or selected an evasive category.
A5: -78 | B5: ="'"&C5&"'" -> '"Don't know" selected' | C5: "Don't know" selected | D5: Question was seen by respondent, a "don't know" option was selected or indicated. | E5: Respondent chooses response option "Don't know" (if available)
A6: -77 | B6: ="'"&C6&"'" -> '"Inapplicable" selected' | C6: "Inapplicable" selected | D6: Question was seen by respondent, an option implying inapplicability was selected/indicated. | E6: Respondent asked for the starting date of their first employment after graduation chooses response option "I continued the job I already had during my studies (for more than 3 months)"
A7: -89 | B7: ="'"&C7&"'" -> 'Target group filter' | C7: Target group filter | D7: Question was not seen by respondent due to target group (e.g. question not asked to cohort). | E7: Any questions only asked to one of the two target cohorts | F7: -88 | G7: Question not displayed | H7: Respondent was not target group for this question.
A8: -88 | B8: ="'"&C8&"'" -> 'Question filter' | C8: Question filter | D8: Question was not seen by respondent due to filtering based on previous answer(s). Calculated variables: Variable(s) needed for construction not surveyed in country/cohort/due to filters | E8: Graduate reporting no employment will not see questions on employment details - assign -88 to those
A9: -87 | B9: ="'"&C9&"'" -> 'Country missing' | C9: Country missing | D9: Question was not seen by respondent because the question was not surveyed in the survey country. | E9: National survey did not include question
